Workbook
Name _40MM_HBG: #REF!
Name _40MM_HBG: #REF!
Name _40MM_HBG: #REF!
Name _40MM_HBG: #REF!
Name _40MM_HBG: #REF!
Name _65MM_HBG: #REF!
Name _65MM_HBG: #REF!
Name _65MM_HBG: #REF!
Name _65MM_HBT: #REF!
Name _65MM_HBT: #REF!
Name _65MM_HBT: #REF!
Name _65MM_HBT: #REF!
Name _65MM_HBT: #REF!
Name _65MM_OG: #REF!
Name _65MM_OG: #REF!
Name _65MM_OG: #REF!
Name _65MM_OG: #REF!
Name _65MM_OG: #REF!
Name _bla1: [1]leads!$H$7
Name _cbr1: #REF!
Name _cbr1: #REF!
Name _cbr1: #REF!
Name _cbr2: #REF!
Name _cbr2: #REF!
Name _cbr2: #REF!
Name _cbr3: #REF!
Name _cbr3: #REF!
Name _cbr3: #REF!
Name _cbr4: #REF!
Name _cbr4: #REF!
Name _cbr4: #REF!
Name _ewe1: #REF!
Name _ewe1: #REF!
Name _ewe1: #REF!
Name _l1: [3]leads!$A$3:$E$108
Name _l12: #REF!
Name _l3: #REF!
Name _l4: [4]Sheet1!$W$2:$Y$103
Name _l5: #REF!
Name _LJ6: [5]DATA!$H$245
Name _mm1: [6]r!$F$4
Name _mm20: #REF!
Name _mm20: #REF!
Name _mm20: #REF!
Name _mm40: #REF!
Name _mm40: #REF!
Name _mm40: #REF!
Name _pc2: #REF!
Name _pc2: #REF!
Name _pc2: #REF!
Name _pv2: #REF!
Name _pv2: #REF!
Name _pv2: #REF!
Name _rr3: [7]v!$A$2:$E$51
Name _rrr1: [7]r!$B$1:$I$145
Name _ss12: [8]rdamdata!$J$8
Name _ss20: [8]rdamdata!$J$7
Name _ss40: [8]rdamdata!$J$6
Name _var1: #REF!
Name _var4: #REF!

Sheet Inspection chambers
A1: 1 | B1: Estimation for the construction of Rectangular Sewer Inspection Chamber (900 x 900 mm)
B2: Inner dimensions of Chamber | H2: 0.9 | I2: 0.9
B3: Wall thickness of the Chamber with Class 75 kg/sqcm Fly ash Bricks | H3: 0.225 | I3: 0.225 | K3: 0.75 | L3: H
B4: outer dimensions of Chamber | H4: =H2+H3+I3 -> 1.35 | I4: =I2+H3+I3 -> 1.35
B5: off set for CC (1:5:10) bed | H5: 0.1 | I5: 0.1 | K5: 0.1
B6: Earth work | H6: =H4+H5+0.2 -> 1.65 | I6: =I4+I5+0.2 -> 1.65 | K6: =K3+K5 -> 0.85
A8: S.N | B8: Description of Item | F8: Measurements | I8: Qty | K8: Rate | L8: Per | N8: Amount
A9: 1 | B9: RBR-FNDN-1 -manual means : Earthwork excavation for structures in all types of soil as per drawing and technical specifications including setting out, construction of shoring and bracing, removal of stumps and other deleterious material and disposal upto a lead of 50 m, dressing of sides and bottom and backfilling in trenches with excavated suitable material as per Technical Specification 305 MORD / 304 MORTH. for Sumps,Thrust blocks, Chambers and Man Holes etc. by manual means,
C10: 1 | D10: x | E10: 1 | F10: =H6 -> 1.65 | G10: =I6 -> 1.65 | H10: =K3+K5 -> 0.85 | I10: =ROUND(PRODUCT(C10:H10),2) -> 2.31 | J10: Cum | K10: ='Datas P7'!#REF! -> #REF! | L10: 1 | M10: Cum | N10: =ROUND(I10*K10/L10,0) -> #REF!
A11: 2 | B11: BLD-CSTN-3-5 (22) -Using Concrete mixture all works up to Plinth Level: Plain Cement concrete nominal mix (1:4:8) prop (Cement : fine aggregate: coarse aggregate ) using 40mm size Hard Granite Machine Crushed Metal including cost and conveyance of all materials like cement, sand, coarse aggregate water etc., to site , seigniorage charges on all materials, labour charges , for mixing , laying, concrete , ramming in 15 cm layers, finishing top surface to the required level curing etc., complete for finished item of work.for foundation and under flooring bed.
B12: levelling course in PCC ( 1:4:8) | C12: 1 | D12: x | E12: 1 | F12: =H4+H5+H5 -> 1.55 | G12: =I4+I5+I5 -> 1.55 | H12: 0.1 | I12: =ROUND(PRODUCT(C12:H12),2) -> 0.24 | J12: Cum | K12: ='Datas P7'!G226 -> 5383.29 | L12: 1 | M12: Cum | N12: =ROUND(I12*K12/L12,0) -> 1292 | P12: Metal | Q12: =I12*0.9 -> 0.216 | S12: =Q12*70 -> 15.12
A13: 3 | B13: BLD-CSTN-5-17-(55): Brick Masonry work in CM (1:4) prop with Flyash Cement solid blocks of size 290 x 110x 60mm for manufacturing of flyash solid blocks using flyash of 80 kgs, cement of 15 kgs. Gypsum of 5 kgs. and stone dust including cost and conveyance of all materials, labour charges, scaffolding and curing etc., complete with a compresive strength not lessthan 75 kg/sqm for Manhole Walls. | P13: sand | Q13: =I12*0.45 -> 0.108 | S13: =Q13*40 -> 4.32
B14: for Chamber long walls | C14: 1 | D14: x | E14: 2 | F14: =I2+H3+I3 -> 1.35 | G14: =H3 -> 0.225 | H14: =K6-H12-H25-H26 -> 0.58 | I14: =ROUND(PRODUCT(C14:H14),2) -> 0.35 | P14: sand | Q14: =0.1*I16 -> 0.058 | S14: =Q14*40 -> 2.32
B15: for Chamber Short walls | C15: 1 | D15: x | E15: 2 | F15: =H2 -> 0.9 | G15: =G14 -> 0.225 | H15: =H14 -> 0.58 | I15: =ROUND(PRODUCT(C15:H15),2) -> 0.23
I16: =SUM(I14:I15) -> 0.58 | J16: Cum | K16: ='Datas P7'!G273 -> 9540.84 | L16: 1 | M16: Cum | N16: =ROUND(I16*K16/L16,0) -> 5534
A17: =A13+1 -> 4 | B17: BLD-CSTN-6-4: Plastering with 12mm thick in single coat in CM (1:3) finished smooth including cost and conveyance of all materials to site, finishing, curing, scaffolding and all operational, incidental, labour charges etc., including cutting grooves where ever necessary etc., complete for finished item of work. (As per SS 903). per 1 Sqm. for inside and out side walls of the IC. | Q17: =0.85+0.65 -> 1.5
B18: for external plastering of Long walls | C18: 1 | D18: x | E18: 2 | F18: =I4 -> 1.35 | H18: =H14 -> 0.58 | I18: =ROUND(PRODUCT(C18:H18),2) -> 1.57
B19: for external plastering of Short walls | C19: 1 | D19: x | E19: 2 | F19: =H4 -> 1.35 | H19: =H15 -> 0.58 | I19: =ROUND(PRODUCT(C19:H19),2) -> 1.57
B20: for internal plastering of Long walls | C20: 1 | D20: x | E20: 2 | F20: =I2 -> 0.9 | H20: =H15 -> 0.58 | I20: =ROUND(PRODUCT(C20:H20),2) -> 1.04 | Q20: =Q17*2 -> 3
B21: for internal plastering of Short walls | C21: 1 | D21: x | E21: 2 | F21: =H2 -> 0.9 | H21: =H18 -> 0.58 | I21: =ROUND(PRODUCT(C21:H21),2) -> 1.04
B22: Flooring | C22: 1 | D22: x | E22: 1 | F22: =H2 -> 0.9 | G22: =I2 -> 0.9 | I22: =ROUND(PRODUCT(C22:H22),2) -> 0.81
I23: =SUM(I18:I22) -> 6.03 | J23: Sqm | K23: ='Datas P7'!G298 -> 170.455 | L23: 1 | M23: =J23 -> Sqm | N23: =ROUND(I23*K23/L23,0) -> 1028 | P23: sand | Q23: =0.15*I23/10 -> 0.09045 | S23: =Q23*40 -> 3.618
A24: =A17+1 -> 5 | B24: BLD-CSTN-3-11-Using Concrete mixture up to Plinth Level Plain Cement concrete nominal mix M-20 prop (Cement : fine aggregate: coarse aggregate ) using 20mm size Hard Granite Machine Crushed Graded Metal including cost and conveyance of all materials like cement, sand, coarse aggregate water etc., to site , labour charges , for mixing , laying, concrete , ramming in 15 cm layers, finishing top surface to the required level curing etc., complete for finished item of work .
B25: over brick wall for fixing the chamber frame | C25: 1 | D25: x | E25: 1 | F25: =ROUND(2*((H2+H3)+(I2+I3)),2) -> 4.5 | G25: =I3 -> 0.225 | H25: 0.05 | I25: =ROUND(PRODUCT(C25:H25),3) -> 0.051 | P25: Metal | Q25: =I29*0.9 -> 0.1989 | S25: =Q25*70 -> 13.923
B26: around the manhole frame for fixing | C26: 1 | D26: x | E26: 1 | F26: =H4 -> 1.35 | G26: =I4 -> 1.35 | H26: 0.12 | I26: =ROUND(PRODUCT(C26:H26),3) -> 0.219
B27: Benching inside the IC (62.5mm Avg.thick) | C27: 1 | D27: x | E27: 1 | F27: 0.6 | G27: 0.45 | H27: =(50+75)/(2*1000) -> 0.0625 | I27: =ROUND(PRODUCT(C27:H27),3) -> 0.017
B28: Deduct for Manhole frame( as per Drawing IS code-12592) | C28: -1 | D28: x | E28: 1 | F28: 0.67 | G28: 0.82 | H28: =H26 -> 0.12 | I28: =ROUND(PRODUCT(C28:H28),3) -> -0.066 | P28: sand | Q28: =I29*0.4 -> 0.0884 | S28: =Q28*40 -> 3.536
I29: =SUM(I25:I28) -> 0.221 | J29: Cum | K29: ='Datas P7'!#REF! -> #REF! | L29: 1 | M29: =J29 -> Cum | N29: =ROUND(I29*K29/L29,0) -> #REF!
A30: =A24+1 -> 6 | B30: Manufacture Supply & Delivery of manhole covers and frames anywhere in A.P., F.O.R. destination including, loading, un-loading & stacking at site , including all taxes as applicable. | S30: =SUM(S12:S29) -> 42.837 | U30: =S30*100/N34 -> #REF!
B31: 450mm x 600mm - MD-10 Manhole frame and cover | C31: 1 | D31: x | E31: 1 | I31: =ROUND(PRODUCT(C31:H31),2) -> 1 | J31: No | K31: 1989 | L31: 1 | M31: =J31 -> No | N31: =ROUND(I31*K31/L31,0) -> 1989
A32: =A30+1 -> 7 | B32: Manufacture, Supply & fixing cp spl. Grating with frame and cover of 1st quality including cost and conveyance of all material etc,. Complete.
C33: 1 | D33: x | E33: 1 | I33: =ROUND(PRODUCT(C33:H33),2) -> 1 | J33: No | K33: ='[14]data-MH'!H271 -> 71.6 | L33: 1 | M33: =J33 -> No | N33: =ROUND(I33*K33/L33,0) -> 72
K34: Total Rs | N34: =ROUND(SUM(N10:N33),0) -> #REF!
A36: 1 | B36: Estimation for the construction of Rectangular Sewer Inspection Chamber (450 x 600 mm)
B37: Inner dimensions of Chamber | H37: 0.45 | I37: 0.6
B38: Wall thickness of the Chamber | H38: 0.15 | I38: 0.15 | K38: 0.75 | L38: H
B39: outer dimensions of Chamber | H39: =H37+H38+I38 -> 0.75 | I39: =I37+H38+I38 -> 0.9
B40: off set for CC (1:5:10) bed | H40: 0.05 | I40: 0.05 | K40: 0.1
B41: Earth work | H41: =H39+H40+0.2 -> 1 | I41: =I39+I40+0.2 -> 1.15 | K41: =K38+K40 -> 0.85
A43: S.N | B43: Description of Item | F43: Measurements | I43: Qty | K43: Rate | L43: Per | N43: Amount | P43: =12.36+4 -> 16.36
A44: 1 | B44: RBR-FNDN-1 -manual means : Earthwork excavation for structures in all types of soil as per drawing and technical specifications including setting out, construction of shoring and bracing, removal of stumps and other deleterious material and disposal upto a lead of 50 m, dressing of sides and bottom and backfilling in trenches with excavated suitable material as per Technical Specification 305 MORD / 304 MORTH. for Sumps,Thrust blocks, Chambers and Man Holes etc. by manual means,
C45: 1 | D45: x | E45: 1 | F45: =H41 -> 1 | G45: =I41 -> 1.15 | H45: =K38+K40 -> 0.85 | I45: =ROUND(PRODUCT(C45:H45),2) -> 0.98 | J45: Cum | K45: =K10 -> #REF! | L45: 1 | M45: Cum | N45: =ROUND(I45*K45/L45,0) -> #REF!
A46: 2 | B46: BLD-CSTN-3-6 ( 23 ) -Hand mixing up to Plinth Level Plain Cement concrete nominal mix (1:5:10) prop (Cement : fine aggregate: coarse aggregate ) using 40mm size Hard Granite Machine Crushed Metal including cost and conveyance of all materials like cement, sand, coarse aggregate water etc., to site , seigniorage charges on all materials, labour charges , for mixing , laying, concrete , ramming in 15 cm layers, finishing top surface to the required level curing etc., complete for finished item of work.for foundation and under flooring bed.
B47: levelling course | C47: 1 | D47: x | E47: 1 | F47: =H39+H40 -> 0.8 | G47: =F47 -> 0.8 | H47: 0.1 | I47: =ROUND(PRODUCT(C47:H47),2) -> 0.06 | J47: Cum | K47: =K12 -> 5383.29 | L47: 1 | M47: Cum | N47: =ROUND(I47*K47/L47,0) -> 323 | P47: Metal | Q47: =I47*0.9 -> 0.054 | S47: =Q47*70 -> 3.78
A48: 3 | B48: BLD-CSTN-5-17-(55) : Brick Masonry work in CM (1:6) prop with Flyash Cement solid blocks of size 290 x 150 x 140 mm for manufacturing of flyash solid blocks using flyash of 80 kgs, cement of 15 kgs. Gypsum of 5 kgs. and stone dust including cost and conveyance of all materials, labour charges, seiniorage charges, scaffolding and curing etc., cpomplete with a compresive strength not lessthan 50 kg/sqm for walls for Superstructure Walls. | P48: sand | Q48: =I47*0.45 -> 0.027 | S48: =Q48*40 -> 1.08
B49: for Chamber long walls | C49: 1 | D49: x | E49: 2 | F49: =I37+H38+I38 -> 0.9 | G49: =H38 -> 0.15 | H49: =K38 -> 0.75 | I49: =ROUND(PRODUCT(C49:H49),2) -> 0.2 | P49: sand | Q49: =0.1*I51 -> 0.03 | S49: =Q49*40 -> 1.2
B50: for Chamber Short walls | C50: 1 | D50: x | E50: 2 | F50: =H37 -> 0.45 | G50: =G49 -> 0.15 | H50: =H49 -> 0.75 | I50: =ROUND(PRODUCT(C50:H50),2) -> 0.1
I51: =SUM(I49:I50) -> 0.3 | J51: Cum | K51: =#REF! -> #REF! | L51: 1 | M51: Cum | N51: =ROUND(I51*K51/L51,0) -> #REF!
A52: =A48+1 -> 4 | B52: BLD-CSTN-8-4-(79): Plastering with 12mm thick in single coat in CM (1:6) finished smooth including cost and conveyance of all materials to site, seigniorage charges on all materials, finishing, curing, scaffolding and all operational, incidental, labour charges etc., including cutting grooves where ever necessary etc., complete for finished item of work. (As per SS 903). per 10 Sqm.
B53: for external plastering of Long walls | C53: 1 | D53: x | E53: 2 | F53: =I39 -> 0.9 | H53: =H49 -> 0.75 | I53: =ROUND(PRODUCT(C53:H53),2) -> 1.35
B54: for external plastering of Short walls | C54: 1 | D54: x | E54: 2 | F54: =H39 -> 0.75 | H54: =H50 -> 0.75 | I54: =ROUND(PRODUCT(C54:H54),2) -> 1.13
I55: =SUM(I53:I54) -> 2.48 | J55: Sqm | K55: ='[14]data-Bld-15-16'!H1667 -> 122.05 | L55: 1 | M55: =J55 -> Sqm | N55: =ROUND(I55*K55/L55,0) -> 303
A56: =A52+1 -> 5 | B56: BLD-CSTN-6-4: Plastering with 12mm thick in single coat in CM (1:3) finished smooth including cost and conveyance of all materials to site, finishing, curing, scaffolding and all operational, incidental, labour charges etc., including cutting grooves where ever necessary etc., complete for finished item of work. (As per SS 903). per 1 Sqm. with Sulphate resistance cement.
B57: for internal plastering of Long walls | C57: 1 | D57: x | E57: 2 | F57: =I37 -> 0.6 | H57: =K49-H55-H70-H71 -> 0 | I57: =ROUND(PRODUCT(C57:H57),2) -> 0
B58: for internal plastering of Short walls | C58: 1 | D58: x | E58: 2 | F58: =H37 -> 0.45 | H58: =H57 -> 0 | I58: =ROUND(PRODUCT(C58:H58),2) -> 0
B59: Flooring | C59: 1 | D59: x | E59: 1 | F59: =H37 -> 0.45 | G59: =I37 -> 0.6 | I59: =ROUND(PRODUCT(C59:H59),2) -> 0.27
I60: =SUM(I57:I59) -> 0.27 | J60: Sqm | K60: =K23 -> 170.455 | L60: 1 | M60: =J60 -> Sqm | N60: =ROUND(I60*K60/L60,0) -> 46 | P60: sand | Q60: =0.15*I60/10 -> 0.00405 | S60: =Q60*40 -> 0.162
A61: =A56+1 -> 6 | B61: BLD-CSTN-3-11-Using Concrete mixture up to Plinth Level Plain Cement concrete nominal mix M-20 prop (Cement : fine aggregate: coarse aggregate ) using 20mm size Hard Granite Machine Crushed Graded Metal including cost and conveyance of all materials like cement, sand, coarse aggregate water etc., to site , seigniorage charges on all materials, labour charges , for mixing , laying, concrete , ramming in 15 cm layers, finishing top surface to the required level curing etc., complete for finished item of work .
B62: over brick wall for fixing the chamber frame | C62: 1 | D62: x | E62: 1 | F62: =ROUND(2*(H39+I39)+I38,2) -> 3.45 | G62: =I39 -> 0.9 | H62: 0.125 | I62: =ROUND(PRODUCT(C62:H62),3) -> 0.388 | P62: Metal | Q62: =I64*0.9 -> 0.2871 | S62: =Q62*70 -> 20.097
B63: Deduct for Manhole frame( as per Drawing IS code-12592) | C63: -1 | D63: x | E63: 1 | F63: 0.67 | G63: 0.82 | H63: =H62 -> 0.125 | I63: =ROUND(PRODUCT(C63:H63),3) -> -0.069 | P63: sand | Q63: =I64*0.4 -> 0.1276 | S63: =Q63*40 -> 5.104
I64: =SUM(I62:I63) -> 0.319 | J64: Cum | K64: =K29 -> #REF! | L64: 1 | M64: =J64 -> Cum | N64: =ROUND(I64*K64/L64,0) -> #REF!
A65: =A61+1 -> 7 | B65: Manufacture Supply & Delivery of manhole covers and frames anywhere in A.P., F.O.R. destination including, loading, un-loading & stacking at site ,central excise duty but excluding VAT and other taxes as applicable. | K65: Market rate | S65: =SUM(S47:S64) -> 31.423 | U65: =S65*100/N67 -> #REF!
B66: 450mm x 600mm - MD-20 Manhole frame and cover | C66: 1 | D66: x | E66: 1 | I66: =ROUND(PRODUCT(C66:H66),2) -> 1 | J66: No | K66: =K31 -> 1989 | L66: 1 | M66: =J66 -> No | N66: =ROUND(I66*K66/L66,0) -> 1989
K67: Total Rs | N67: =ROUND(SUM(N45:N66),0) -> #REF!
B71: Providing Geo tagging of the House Service connections and details of the property to the Municipal records.

Sheet NP 3 450 mm dia (2)
A1: DATA FOR 450mm DIA NP 3 CLASS PIPES
B3: Inputs
B4: Dia of Pipe = | D4: 450 | E4: mm
B5: Thickness of Pipe = | D5: 75 | E5: mm
A7: I) | B7: Ex-factory rate of | D7: =D4 -> 450 | E7: mm dia RCC NP3 class pipes | L7: Rs. | M7: 2044
B8: (Rate of S/s as per CSSR 2017-18)
A11: ii) | B11: Add for MS Rods difference in cost of Steel
B12: Sp Rfn | C12: 3.79 | D12: Kg/m | F12: Total Steel per Rmt = | H12: =SUM(C12:C13) -> 4.57 | I12: Kg/Rmt | J12: Steel IS 458-2003 Table -3 .
B13: Ln Rfn | C13: 0.78 | D13: Kg/m
B15: Present Steel Rate = | E15: 37000 | G15: S2
B16: Rate of steel as per SSR = | E16: 47000 | G16: S1
C17: i.e., | D17: Rs. | F17: =E15-E16 -> -10000 | G17: =-H12 -> -4.57 | L17: Rs. | M17: =(E15-E16)/1000*H12 -> -45.7
F18: 1000
L20: Rs. | M20: =M7+M17 -> 1998.3
A22: iii) | B22: Add difference in cost of Cement on CC volume of pipe
B23: Volume of CC = | D23: 22/7x | E23: =(D4+D5/2)/1000 -> 0.4875 | F23: x | G23: =D5/1000 -> 0.075 | H23: x2.65 | K23: =(22/7)*((D4+(D5/2))*D5*2.65)/1000000 -> 0.30451339 | L23: Cum
B24: Calculation of Volume of Cement required
B25: =K23 -> 0.30451339 | C25: x7.2 bags/Cum = | D25: =B25*7.2 -> 2.1924964 | E25: bags/2.5Rmt = | G25: =D25/2.5 -> 0.87699857 | H25: bags/Rmt
B26: ** 7.2 bags of Cement req for 1 Cum of Conc | F26: = | G26: =G25*50 -> 43.849929 | H26: Kg/Rmt
B28: Difference in cost of Cement and OPC
B29: Present Cement Rate = | E29: 4300 | F29: MT
B30: Rate of Cement as per SSR = | E30: 5300 | F30: MT
G31: =E29-E30 -> -1000 | H31: =G26 -> 43.849929 | L31: Rs. | M31: =G31/1000*H31 -> -43.849929
G32: 1000
A35: a) | B35: Basic Rate of | D35: =D4 -> 450 | E35: mm dia RCC NP3 pipes | M35: =M31+M20 -> 1954.4501
A36: c) | B36: Transportation for 20 Km (84.9+3.94x15) ) | M36: =84.9+15*3.94 -> 144 | O36: Details to be changed for every dia
K37: sub total | M37: =SUM(M35:M36) -> 2098.4501
A38: f) | B38: 0.13615 | C38: Add over head charges and contractors profit on subtotal | M38: =M37*13.615% -> 285.70398
A39: d) | B39: Cost of laying and jointing | M39: =H65 -> 271.6
L40: Rs. | M40: =SUM(M37:M39) -> 2655.754
K41: Or say | L41: Rs. | M41: =CEILING(M40,0.05) -> 2655.8
M42: Per Rmt
B47: PHE-LRCS-6
C48: Lowering the RCC S/S pipes carefully into the trenches laying them true to alignment and gradient, jointing with rubber ring sand testing including filling with water with a water lead upto 500 meters including cost of rubber rings as per BIS No. 783/1985
C49: Unit= 1 rmt
C50: Taking out put 100 rmt
C51: 450mm dia
C52: A)Labour | E52: Qnty | F52: Unit | G52: Rate | H52: Amount
C53: Mason 1st class | E53: 2.25 | F53: day | G53: 470 | H53: =E53*G53 -> 1057.5
C54: Mason II class | E54: 5.25 | F54: day | G54: 425 | H54: =E54*G54 -> 2231.25
C55: Man Mazdooor | E55: 15 | F55: day | G55: 400 | H55: =E55*G55 -> 6000
C56: Women Mazdoor | E56: 3.3 | F56: day | G56: 400 | H56: =E56*G56 -> 1320
C58: B)Material
C59: Rubber Rings for Jointing conforming BIS 5382/1985 | E59: 40 | F59: each | G59: 234 | H59: =E59*G59 -> 9360
C61: Add 1% for water Charges | H61: =1%*SUM(H53:H59) -> 199.6875
C62: Over heads and Contractors Profit | H62: =13.615%*SUM(H53:H61) -> 2745.9328
C63: MA @ 40% for Labour | H63: =40%*SUM(H53:H56) -> 4243.5
C64: Rate per 100 Rmt = | H64: =SUM(H53:H63) -> 27157.87
C65: Rate per Rmt = | H65: =CEILING(H64/100,0.05) -> 271.6

Sheet Man Hole data 0.75m-0.90m1.20m
A1: D E T A I L E D D A T A S
A2: =Lead!A1 -> Providing UGD system in Kokapet
A3: SSR 2019-20
A4: Index-code | B4: S No | C4: Description | D4: Unit | E4: Quantity | F4: Rate Rs. | G4: Amount Rs.
B5: 1 | C5: 2 | D5: 3 | E5: 4 | F5: 5 | G5: 6
A6: BLD-CSTN-2-1 | B6: 1 | C6: Earthwork in excavation for structures as per drawing and technical specifications Clause 305.1 including setting out, construction of shoring and bracing, removal of stumps and other deleterious material and disposal upto a lead of 50 m, dressing of sides and bottom and backfilling in trenches with excavated suitable material as per Technical Specification 305 MORD / 304 MORTH
C7: Unit : 1 cum
C8: Taking output : 10 cum
C9: a) Labour
C10: Mazdoor ( Unskilled) | D10: No | E10: 3.64 | F10: =Lead!R24 -> 445 | G10: =ROUND(F10*E10,2) -> 1619.8
C11: Add 75% for foundations | D11: Cum | E11: 0.75 | F11: =G10 -> 1619.8 | G11: =ROUND(F11*E11,2) -> 1214.85
C12: Add Mucipal Limits | E12: =Lead!Q26 -> 0.4 | F12: =SUM(G10:G11) -> 2834.65 | G12: =ROUND(F12*E12,2) -> 1133.86
C13: Cost for 10 cum | G13: =SUM(G10:G12) -> 3968.51
C14: Add 13.615% Over heads Charges , Contractor profit | E14: =G13 -> 3968.51 | F14: =Lead!Q27 -> 0.13615 | G14: =ROUND(F14*E14,2) -> 540.31
C15: Rate per 10 cum | G15: =SUM(G13:G14) -> 4508.82
C16: Rate per 1cum | F16: Rs | G16: =G15/10 -> 450.882
A17: BLD-CSTN-2-4 | B17: 1 | C17: Ordinory Rock not requireing blasting ManualMeans Upto 3.00 mdept
C18: Unit : 1 cum
C19: Taking output : 10 cum
C20: a) Labour
C21: Mazdoor ( Unskilled) | D21: No | E21: 5.2 | F21: =Lead!R24 -> 445 | G21: =ROUND(F21*E21,2) -> 2314
C22: Add 75% for foundations | D22: Cum | E22: 0.75 | F22: =G21 -> 2314 | G22: =ROUND(F22*E22,2) -> 1735.5
C23: Add Mucipal Limits | E23: =Lead!Q26 -> 0.4 | F23: =SUM(G21:G22) -> 4049.5 | G23: =ROUND(F23*E23,2) -> 1619.8
C24: Cost for 10 cum | G24: =SUM(G21:G23) -> 5669.3
C25: Add 13.615% Over heads Charges , Contractor profit | E25: =G24 -> 5669.3 | F25: =Lead!Q27 -> 0.13615 | G25: =ROUND(F25*E25,2) -> 771.88
C26: Rate Per 10Cum | G26: =SUM(G24:G25) -> 6441.18
C27: Rate per 1cum | F27: Rs | G27: =G26/10 -> 644.118
A28: PHE EXRW -33 | B28: 1 | C28: Earthwork in excavation in Hard rock (blasting prohibited) with rock breakersin hard rock including breaking rock, loading , in tippers and disposal with all lifts and lead up to 1000m as per technical specifications 302.3.5
C29: Unit : 1 cum
C30: Unit : 1 cum
C31: Taking output : 1 cum
C32: a) Labour
C33: Mazdoor ( Unskilled) | D33: day | E33: 1.1 | F33: =Lead!R24 -> 445 | G33: =ROUND(F33*E33,2) -> 489.5
C34: chisellers | D34: day | E34: 1.5 | F34: =Lead!R26 -> 0 | G34: =ROUND(F34*E34,2) -> 0
C35: black smith | D35: day | E35: 0.06 | F35: =Lead!R26 -> 0 | G35: =ROUND(F35*E35,2) -> 0
C36: Add Mucipal Limits | E36: =Lead!Q26 -> 0.4 | F36: =SUM(G33:G35) -> 489.5 | G36: =ROUND(F36*E36,2) -> 195.8
C37: a)Mechinory
C38: Tipper 5.50 Cum capacity 1 trips per Hour | D38: day | E38: 0.18 | F38: 924.1 | G38: =ROUND(F38*E38,2) -> 166.34
A39: M-089 | C39: credit for excavated rock found unsuitable for use @ 50%of excavated quantity | D39: day | E39: 0.5 | F39: 194 | G39: =-ROUND(F39*E39,2) -> -97
C40: Add Mucipal Limits | E40: =Lead!$Q$27 -> 0.13615 | F40: =SUM(G33:G35) -> 489.5 | G40: =ROUND(F40*E40,2) -> 66.65
C41: Cost for 10 cum | G41: =SUM(G33:G40) -> 821.29
C42: Add 13.615% Over heads Charges , Contractor profit | E42: =G41 -> 821.29 | F42: =Lead!$Q$27 -> 0.13615 | G42: =ROUND(F42*E42,2) -> 111.82
C43: Rate per 10 cum | G43: =SUM(G41:G42) -> 933.11
C44: Rate per 1cum | F44: Rs | G44: =G43/1 -> 933.11
A45: 9 | B45: i | C45: Excavation in Hard Rock (requiring blasting) with disposal upto 1000 m
C46: Excavation for roadway in hard rock (requiring blasting) by drilling, blasting and breaking, trimming of bottom and side slopes in accordance with requirements of lines, grades and cross-sections, loading and disposal of cut rock with all lifts and leads upto 1000 m as per Technical Specification Clause 302.3.5 MORD / 301 MORTH
C47: Unit = cum
C48: Taking output = 180 cum
C49: a) Labour
C50: Mate | D50: day | E50: -
C51: Mazdoor (Unskilled) | D51: day | E51: 3.22 | F51: =Lead!R24 -> 445 | G51: =ROUND(F51*E51,2) -> 1432.9
C52: Driller | D52: day | E52: 2 | F52: =Lead!R37 -> 0 | G52: =ROUND(F52*E52,2) -> 0
C53: Blaster | D53: day | E53: 0.25 | F53: =Lead!R37 -> 0 | G53: =ROUND(F53*E53,2) -> 0
C54: Add Mucipal Limits | E54: =Lead!Q26 -> 0.4 | F54: =SUM(G51:G53) -> 1432.9 | G54: =ROUND(F54*E54,2) -> 573.16
C55: b) Machinery
C56: Dozer D-50 @ 30 cum per hour | D56: hour | E56: 6 | F56: 1570 | G56: =ROUND(F56*E56,2) -> 9420
C57: Air compressor, 210 cfm | D57: hour | E57: 6 | F57: 521.2 | G57: =ROUND(F57*E57,2) -> 3127.2
C58: 2 jack hammers | D58: hour | E58: 12 | F58: 349 | G58: =ROUND(F58*E58,2) -> 4188
C59: Front end loader 1 cum bucket capacity @ 30 cum / hour | D59: hour | E59: 6 | F59: 1646 | G59: =ROUND(F59*E59,2) -> 9876
C60: Tipper 5.5 cum capacity, 2 trips per hour | D60: hour | E60: 16 | F60: 924.1 | G60: =ROUND(F60*E60,2) -> 14785.6
C61: c) Materials
C62: Gelatin 80% per cent | D62: kg | E62: 70 | F62: 73 | G62: =ROUND(F62*E62,2) -> 5110
C63: Electric Detonators @ 1 detonator for 2 gelatine sticks of 285 gm each | D63: each | E63: 252 | F63: 13 | G63: =ROUND(F63*E63,2) -> 3276
C64: Credit for excavated rock found suitable for use @ 50 per cent quantity blasted | D64: cum | E64: 90 | F64: -194 | G64: =ROUND(F64*E64,2) -> -17460
C65: d&e) Overheads & Contractors Profit | E65: =Lead!Q27 -> 0.13615 | F65: =SUM(G51:G64) -> 34328.86 | G65: =ROUND(F65*E65,2) -> 4673.87
C66: Cost for 180 cum = a+b+c+d+e | G66: =SUM(G51:G65) -> 39002.73
C67: Rate per cum = (a+b+c+d+e)/180 | G67: =ROUND(G66/180,2) -> 216.68
A68: BLD-CSTN-2-4 | B68: 1 | C68: Ordinory Rock not requireing blasting Mechanical Means Upto 3.00 mdept
C69: Unit : 1 cum
C70: Taking output : 180 cum
C71: a) Labour
C72: Mazdoor ( Unskilled) | D72: No | E72: 6.24 | F72: =Lead!R24 -> 445 | G72: =ROUND(F72*E72,2) -> 2776.8
C73: Add Mucipal Limits | E73: =Lead!Q26 -> 0.4 | F73: =SUM(G71:G72) -> 2776.8 | G73: =ROUND(F73*E73,2) -> 1110.72
C74: b) Machinory
C75: Hydraulic Excavator | D75: Hr | E75: 6 | F75: 2821.5 | G75: =ROUND(F75*E75,2) -> 16929
C76: Add 75% for foundations | D76: Cum | E76: 0.75 | F76: =G72 -> 2776.8 | G76: =ROUND(F76*E76,2) -> 2082.6
C77: Cost for 10 cum | G77: =SUM(G72:G76) -> 22899.12
C78: Add 13.615% Over heads Charges , Contractor profit | E78: =G77 -> 22899.12 | F78: =Lead!Q27 -> 0.13615 | G78: =ROUND(F78*E78,2) -> 3117.72
C79: Rate per 180 cum | G79: =SUM(G77:G78) -> 26016.84
C80: Rate per 1cum | F80: Rs | G80: =G79/180 -> 144.538
A81: PHE CSHR -32 | B81: 1 | C81: Cutting sheet rock including stockng of excavated materials (Observed Rates )
C82: Unit : 1 cum
C83: quantiy of sheet roak as per stock measurement 36.53cum
C84: a) Labour
C85: Mazdoor ( Unskilled) | D85: day | E85: 60 | F85: =Lead!R24 -> 445 | G85: =ROUND(F85*E85,2) -> 26700
C86: Add Mucipal Limits | E86: =Lead!Q26 -> 0.4 | F86: =SUM(G84:G85) -> 26700 | G86: =ROUND(F86*E86,2) -> 10680
C87: b) Machinory
C88: Driling of holes 18 mm dia x200 mm deep | D88: Each | E88: 342 | F88: 49 | G88: =ROUND(F88*E88,2) -> 16758 | H88: Rs 247/Rm | I88: =247*0.2 -> 49.4
A89: As per Local Enquiry | C89: Hire charges of JCB | D89: hr | E89: 3 | F89: 750 | G89: =ROUND(F89*E89,2) -> 2250
A90: As per Local Enquiry | C90: MS Nokkulu | D90: Each | E90: 10 | F90: 75 | G90: =ROUND(F90*E90,2) -> 750
C91: Cost for 10 cum | G91: =SUM(G85:G90) -> 57138
C92: Add 13.615% Over heads Charges , Contractor profit | E92: =Lead!Q27 -> 0.13615 | F92: =G91 -> 57138 | G92: =ROUND(F92*E92,2) -> 7779.34
C93: Rate per 180 cum | G93: =SUM(G91:G92) -> 64917.34
C94: Rate per 1cum | F94: Rs | G94: =G93/180 -> 360.65189
B95: 2 | C95: Cutting road surface including stacking of excavated materials for pipe line trench work.
A96: PSSR 25 (a) | C96: A Cutting open B.T. road surface (as well as asphalt concrete upto 75 mm thick) including water bound macadam | D96: 10 | E96: 1 | F96: 902 | G96: =ROUND(F96*E96,2) -> 902
C97: Add 13.615% Over heads Charges , Contractor profit | E97: =G96 -> 902 | F97: =Lead!Q27 -> 0.13615 | G97: =ROUND(F97*E97,2) -> 122.81
C98: Rate per 10 Sqm | G98: =SUM(G96:G97) -> 1024.81
C99: Rate per 1 Sqm | F99: Rs | G99: =G98/10 -> 102.481
A100: PSSR 25 (b) | C100: B) Cutting open C.C. road surface | D100: 1 | E100: 1 | F100: 1878 | G100: =ROUND(F100*E100,2) -> 1878
...

Sheet Cover
B5: Government of Andhrapradesh
B9: Panchayat Raj Department
B12: DETAILED ESTIMATE
B25: =Lead!A1 -> Providing UGD system in Kokapet
B26: =Lead!J2 -> 0
E30: Estimated Cost Rs : | F30: RS 45.00 | G30: Lakhs
D37: Mandal :
D40: Sub-Division : | E40: =Lead!B48 -> 0

Sheet Laying Jointing of RCC SS pipe 
A1: D E T A I L E D D A T A S
A2: =Lead!A1 -> Providing UGD system in Kokapet
A3: SSR 2016-17
A4: Index-code | B4: S No | C4: Description | D4: Unit | E4: Quantity | F4: Rate Rs. | G4: Amount Rs. | H4: Rate Rs. | I4: Amount Rs.
B5: 1 | C5: 2 | D5: 3 | E5: 4 | F5: 5 | G5: 6
A6: PHE-LRCS-6 | B6: 1 | C6: Lowering the RCC S/S pipes carefully into the trenches laying them true to alignment and gradient, jointing with rubber rings and testing including filling with water with a water lead upto 500 meters including cost of rubber rings as per BIS No. 783/1985 | G6: NP2 class | I6: NP3 class
C7: Unit= 1 rmt
B8: a | C8: 250 mm dia
C9: a) Labour
C10: Mason 1st class | D10: day | E10: 1.62 | F10: =Lead!R26 -> 0 | G10: =ROUND(E10*F10,2) -> 0
C11: Mason 2nd class | D11: day | E11: 3.78 | F11: =Lead!R27 -> 0 | G11: =ROUND(E11*F11,2) -> 0
C12: Man mazdoor | D12: day | E12: 10.5 | F12: =Lead!R24 -> 445 | G12: =ROUND(E12*F12,2) -> 4672.5
C13: Woman mazdoor(water carrier) | D13: day | E13: 2.3 | F13: =Lead!R25 -> 0 | G13: =ROUND(E13*F13,2) -> 0
C14: Add Mucipal Limits | E14: =Lead!$Q$26 -> 0.4 | F14: =SUM(G10:G13) -> 4672.5 | G14: =ROUND(F14*E14,2) -> 1869
C15: b) Material
C16: Rubber rings conforming BIS 5382/1985 | D16: each | E16: 50 | F16: 83 | G16: =ROUND(E16*F16,2) -> 4150
C17: c) Testing
C18: Testing of Pipelines with required pressure as per relevant IS Specification including filling with water with a water lead upto 500 M, including hire charges of testing equipment, labour and Materials needed for testing (as per Sub Analysis 2 A) | D18: rm | E18: 100 | F18: 10
C19: (d) Total = a+b+c | G19: =SUM(G10:G18) -> 10691.5
C20: (e) Add for water charges @ 1% on Labour & Testing Charges | E20: 0 | F20: 0.01 | G20: =ROUND(E20*F20,2) -> 0
C21: (f) Total = d+e | G21: =SUM(G19:G20) -> 10691.5
C22: (g) Overheads & Contractors Profit | E22: =G21 -> 10691.5 | F22: =Lead!Q27 -> 0.13615 | G22: =ROUND(E22*F22,2) -> 1455.65
C23: (h) Cost for 100 rmt (f+g) | G23: =SUM(G21:G22) -> 12147.15
C24: Rate per rmt = h/100 | F24: Rs | G24: =G23/100 -> 121.4715
B25: b | C25: 300 mm dia
C26: a) Labour
C27: Mason 1st class | D27: day | E27: 1.75 | F27: =Lead!R26 -> 0 | G27: =ROUND(E27*F27,2) -> 0 | H27: =Lead!R26 -> 0 | I27: =ROUND(H27*E27,2) -> 0
C28: Mason 2nd class | D28: day | E28: 4.14 | F28: =Lead!R27 -> 0 | G28: =ROUND(E28*F28,2) -> 0 | H28: =Lead!R27 -> 0 | I28: =ROUND(H28*E28,2) -> 0
C29: Man mazdoor | D29: day | E29: 11.6 | F29: =Lead!R24 -> 445 | G29: =ROUND(E29*F29,2) -> 5162 | H29: =Lead!R24 -> 445 | I29: =ROUND(H29*E29,2) -> 5162
C30: Woman mazdoor(water carrier) | D30: day | E30: 2.3 | F30: =Lead!R25 -> 0 | G30: =ROUND(E30*F30,2) -> 0 | H30: =Lead!R25 -> 0 | I30: =ROUND(H30*E30,2) -> 0
C31: Add Mucipal Limits | E31: =Lead!$Q$26 -> 0.4 | F31: =SUM(G27:G30) -> 5162 | G31: =ROUND(F31*E31,2) -> 2064.8 | H31: =SUM(I27:I30) -> 5162 | I31: =ROUND(E31*SUM(I27:I30),2) -> 2064.8
C32: b) Material
C33: Rubber rings conforming BIS 5382/1985 | D33: each | E33: 40 | F33: 101 | G33: =ROUND(E33*F33,2) -> 4040 | H33: 130 | I33: =ROUND(H33*E33,2) -> 5200
C34: c) Testing
C35: Testing of Pipelines with required pressure as per relevant IS Specification including filling with water with a water lead upto 500 M, including hire charges of testing equipment, labour and Materials needed for testing (as per Sub Analysis 2 A) | D35: rm | E35: 100 | F35: 10 | H35: 10
C36: (d) Total = a+b+c | G36: =SUM(G27:G35) -> 11266.8 | I36: =SUM(I27:I35) -> 12426.8
C37: (e) Add for water charges @ 1% on Labour & Testing Charges | F37: 0.01 | G37: =ROUND(E37*F37,2) -> 0 | H37: 0.01 | I37: =ROUND(H37*E37,2) -> 0
C38: (f) Total = d+e | G38: =SUM(G36:G37) -> 11266.8 | I38: =SUM(I36:I37) -> 12426.8
C39: (g) Overheads & Contractors Profit | E39: =G38 -> 11266.8 | F39: =Lead!Q27 -> 0.13615 | G39: =ROUND(E39*F39,2) -> 1533.97 | H39: =Lead!Q27 -> 0.13615 | I39: =ROUND(H39*I38,2) -> 1691.91
C40: (h) Cost for 100 rmt (f+g) | G40: =SUM(G38:G39) -> 12800.77 | I40: =SUM(I38:I39) -> 14118.71
C41: Rate per rmt = h/100 | F41: Rs | G41: =G40/100 -> 128.0077 | H41: Rq | I41: =I40/100 -> 141.1871
B42: c | C42: 350 mm dia
C43: a) Labour
C44: Mason 1st class | D44: day | E44: 1.9 | F44: =Lead!R26 -> 0 | G44: =ROUND(E44*F44,2) -> 0 | H44: =Lead!R26 -> 0 | I44: =ROUND(H44*E44,2) -> 0
C45: Mason 2nd class | D45: day | E45: 4.5 | F45: =Lead!R27 -> 0 | G45: =ROUND(E45*F45,2) -> 0 | H45: =Lead!R27 -> 0 | I45: =ROUND(H45*E45,2) -> 0
C46: Man mazdoor | D46: day | E46: 12.7 | F46: =Lead!R24 -> 445 | G46: =ROUND(E46*F46,2) -> 5651.5 | H46: =Lead!R24 -> 445 | I46: =ROUND(H46*E46,2) -> 5651.5
C47: Woman mazdoor(water carrier) | D47: day | E47: 2.4 | F47: =Lead!R25 -> 0 | G47: =ROUND(E47*F47,2) -> 0 | H47: =Lead!R25 -> 0 | I47: =ROUND(H47*E47,2) -> 0
C48: Add Mucipal Limits | E48: =Lead!$Q$26 -> 0.4 | F48: =SUM(G44:G47) -> 5651.5 | G48: =ROUND(F48*E48,2) -> 2260.6 | H48: =SUM(I44:I47) -> 5651.5 | I48: =ROUND(E48*SUM(I44:I47),2) -> 2260.6
C49: b) Material
C50: Rubber rings conforming BIS 5382/1985 | D50: each | E50: 40 | F50: 117 | G50: =ROUND(E50*F50,2) -> 4680 | H50: 155 | I50: =ROUND(H50*E50,2) -> 6200
C51: c) Testing
C52: Testing of Pipelines with required pressure as per relevant IS Specification including filling with water with a water lead upto 500 M, including hire charges of testing equipment, labour and Materials needed for testing (as per Sub Analysis 2 A) | D52: rm | E52: 100 | F52: 18 | H52: 18
C53: (d) Total = a+b+c | G53: =SUM(G44:G52) -> 12592.1 | I53: =SUM(I44:I52) -> 14112.1
C54: (e) Add for water charges @ 1% on Labour & Testing Charges | F54: 0.01 | G54: =ROUND(E54*F54,2) -> 0 | H54: 0.01 | I54: =ROUND(H54*E54,2) -> 0
C55: (f) Total = d+e | G55: =SUM(G53:G54) -> 12592.1 | I55: =SUM(I53:I54) -> 14112.1
C56: (g) Overheads & Contractors Profit | E56: =G55 -> 12592.1 | F56: =Lead!$Q$27 -> 0.13615 | G56: =ROUND(E56*F56,2) -> 1714.41 | H56: =Lead!$Q$27 -> 0.13615 | I56: =ROUND(H56*I55,2) -> 1921.36
C57: (h) Cost for 100 rmt (f+g) | G57: =SUM(G55:G56) -> 14306.51 | I57: =SUM(I55:I56) -> 16033.46
C58: Rate per rmt = h/100 | F58: RS | G58: =G57/100 -> 143.0651 | H58: Rq | I58: =I57/100 -> 160.3346
B59: d | C59: 400 mm dia
C60: a) Labour
C61: Mason 1st class | D61: day | E61: 2.1 | F61: =Lead!R26 -> 0 | G61: =ROUND(E61*F61,2) -> 0 | H61: =Lead!R26 -> 0 | I61: =ROUND(H61*E61,2) -> 0
C62: Mason 2nd class | D62: day | E62: 4.9 | F62: =Lead!R27 -> 0 | G62: =ROUND(E62*F62,2) -> 0 | H62: =Lead!R27 -> 0 | I62: =ROUND(H62*E62,2) -> 0
C63: Man mazdoor | D63: day | E63: 13.9 | F63: =Lead!R24 -> 445 | G63: =ROUND(E63*F63,2) -> 6185.5 | H63: =Lead!R24 -> 445 | I63: =ROUND(H63*E63,2) -> 6185.5
C64: Woman mazdoor(water carrier) | D64: day | E64: 2.9 | F64: =Lead!R25 -> 0 | G64: =ROUND(E64*F64,2) -> 0 | H64: =Lead!R25 -> 0 | I64: =ROUND(H64*E64,2) -> 0
C65: Add Mucipal Limits | E65: =Lead!$Q$26 -> 0.4 | F65: =SUM(G61:G64) -> 6185.5 | G65: =ROUND(F65*E65,2) -> 2474.2 | H65: =SUM(I61:I64) -> 6185.5 | I65: =ROUND(E65*SUM(I61:I64),2) -> 2474.2
C66: b) Material
C67: Rubber rings conforming BIS 5382/1985 | D67: each | E67: 40 | F67: 129 | G67: =ROUND(E67*F67,2) -> 5160 | H67: 176 | I67: =ROUND(H67*E67,2) -> 7040
C68: c) Testing
C69: Testing of Pipelines with required pressure as per relevant IS Specification including filling with water with a water lead upto 500 M, including hire charges of testing equipment, labour and Materials needed for testing (as per Sub Analysis 2 A) | D69: rm | G69: =ROUND(E69*F69,2) -> 0 | I69: =ROUND(H69*E69,2) -> 0
C70: (d) Total = a+b+c | G70: =SUM(G61:G69) -> 13819.7 | I70: =SUM(I61:I69) -> 15699.7
C71: (e) Add for water charges @ 1% on Labour & Testing Charges | F71: 0.01 | G71: =ROUND(E71*F71,2) -> 0 | H71: 0.01 | I71: =ROUND(H71*E71,2) -> 0
C72: (f) Total = d+e | G72: =SUM(G70:G71) -> 13819.7 | I72: =SUM(I70:I71) -> 15699.7
C73: (g) Overheads & Contractors Profit | E73: =G72 -> 13819.7 | F73: =Lead!Q27 -> 0.13615 | G73: =ROUND(E73*F73,2) -> 1881.55 | H73: =Lead!$Q$27 -> 0.13615 | I73: =ROUND(H73*I72,2) -> 2137.51
C74: (h) Cost for 100 rmt (f+g) | G74: =SUM(G72:G73) -> 15701.25 | I74: =SUM(I72:I73) -> 17837.21
C75: Rate per rmt = h/100 | F75: Rs | G75: =G74/100 -> 157.0125 | H75: Rs | I75: =I74/100 -> 178.3721
B76: e | C76: 450 mm dia
C77: a) Labour
C78: Mason 1st class | D78: day | E78: 2.25 | F78: =Lead!R26 -> 0 | G78: =ROUND(E78*F78,2) -> 0 | H78: =Lead!R26 -> 0 | I78: =ROUND(H78*E78,2) -> 0
C79: Mason 2nd class | D79: day | E79: 5.25 | F79: =Lead!R27 -> 0 | G79: =ROUND(E79*F79,2) -> 0 | H79: =Lead!R27 -> 0 | I79: =ROUND(H79*E79,2) -> 0
C80: Man mazdoor | D80: day | E80: 15 | F80: =Lead!R24 -> 445 | G80: =ROUND(E80*F80,2) -> 6675 | H80: =Lead!R24 -> 445 | I80: =ROUND(H80*E80,2) -> 6675
C81: Woman mazdoor(water carrier) | D81: day | E81: 3.3 | F81: =Lead!R25 -> 0 | G81: =ROUND(E81*F81,2) -> 0 | H81: =Lead!R25 -> 0 | I81: =ROUND(H81*E81,2) -> 0
C82: Add Mucipal Limits | E82: =Lead!$Q$26 -> 0.4 | F82: =SUM(G78:G81) -> 6675 | G82: =ROUND(F82*E82,2) -> 2670 | H82: =SUM(I78:I81) -> 6675 | I82: =ROUND(E82*SUM(I78:I81),2) -> 2670
C83: b) Material
C84: Rubber rings conforming BIS 5382/1985 | D84: each | E84: 40 | F84: 146 | G84: =ROUND(E84*F84,2) -> 5840 | H84: 200 | I84: =ROUND(H84*E84,2) -> 8000
C85: c) Testing
C86: Testing of Pipelines with required pressure as per relevant IS Specification including filling with water with a water lead upto 500 M, including hire charges of testing equipment, labour and Materials needed for testing (as per Sub Analysis 2 A) | D86: rm | E86: 100 | F86: 18 | H86: 18
C87: (d) Total = a+b+c | G87: =SUM(G78:G86) -> 15185 | I87: =SUM(I78:I86) -> 17345
C88: (g) Overheads & Contractors Profit | E88: =G87 -> 15185 | F88: =Lead!Q27 -> 0.13615 | G88: =ROUND(E88*F88,2) -> 2067.44 | H88: =Lead!Q27 -> 0.13615 | I88: =ROUND(H88*E88,2) -> 2067.44
C89: (h) Cost for 100 rmt (f+g) | G89: =SUM(G87:G88) -> 17252.44 | I89: =SUM(I87:I88) -> 19412.44
C90: Rate per rmt = h/100 | F90: Rs | G90: =G89/100 -> 172.5244 | H90: Rq | I90: =I89/100 -> 194.1244
C91: (h) Cost for 100 rmt (f+g)
B92: f | C92: 500 mm dia
C93: a) Labour
C94: Mason 1st class | D94: day | E94: 2.43 | F94: =Lead!R26 -> 0 | G94: =ROUND(E94*F94,2) -> 0 | H94: =Lead!R26 -> 0 | I94: =ROUND(H94*E94,2) -> 0
C95: Mason 2nd class | D95: day | E95: 5.67 | F95: =Lead!R27 -> 0 | G95: =ROUND(E95*F95,2) -> 0 | H95: =Lead!R27 -> 0 | I95: =ROUND(H95*E95,2) -> 0
C96: Man mazdoor | D96: day | E96: 16.2 | F96: =Lead!R24 -> 445 | G96: =ROUND(E96*F96,2) -> 7209 | H96: =Lead!R24 -> 445 | I96: =ROUND(H96*E96,2) -> 7209
C97: Woman mazdoor(water carrier) | D97: day | E97: 3.3 | F97: =Lead!R25 -> 0 | G97: =ROUND(E97*F97,2) -> 0 | H97: =Lead!R25 -> 0 | I97: =ROUND(H97*E97,2) -> 0
C98: Add Mucipal Limits | E98: =Lead!$Q$26 -> 0.4 | F98: =SUM(G94:G97) -> 7209 | G98: =ROUND(F98*E98,2) -> 2883.6 | H98: =SUM(I94:I97) -> 7209 | I98: =ROUND(E98*SUM(I94:I97),2) -> 2883.6
C99: b) Material
C100: Rubber rings conforming BIS 5382/1985 | D100: each | E100: 40 | F100: 191 | G100: =ROUND(E100*F100,2) -> 7640 | H100: 229 | I100: =ROUND(H100*E100,2) -> 9160
...

Sheet Cover pg
C3: GOVERNMENT OF TELANGANA
D7: PANCHAYATRAJ ENGINEERING DEPARTMENT DEPARTMENT
C12: Name of Grant | I12: : | J12: CRR-2024-25
C15: Name of Work:-
C16: ='inspection report'!E7 -> Laying of UGD line in Yadava Colony from erukali Laxmaiah (H) to Palle Jangaiah (H) main Road, Mala Kanakaiah (H) to Bollagoni Krishnaiah (H) Main Road, Nune Thirupathaiah (H) to Jilla Manoor (H)main road, Dubbaka Pullaiah (H) to Dubbaku Narsimha (H), Gyoni Jangaiah (H) to Nune Rama Swamy (H), Alli Naraiah (H) to Boyini Peddaiah (H)and Andagulu Sathaiah (H) to Salle Anasuya (H) in Yadava Colony of Madgul (V&M)
D21: Amount Sanctioned | K21: : | L21: Rs. | M21: ='Spec Report'!F3 -> 100.00 Lakhs
D22: Sanctioned Length | K22: : | L22: =+'[37]Input Data'!$J$5 -> 2 | N22: Km
C26: (P.R) Circle | G26: :: | H26: RANGA REDDY
C27: District | G27: :: | H27: RANGA REDDY
C28: (P.R) Division | G28: :: | H28: IBRAHIMPATNAM
C29: (P.R) Sub-Division | G29: :: | H29: AMANGAL
C30: Mandal | G30: :: | H30: MADGUL

Sheet inspection report
A1: Inspection report of the Regional Officer, PRED, Region: Rangareddy
A2: Present: Sri P.Srinivas Reddy, B.E.
A3: 1 | B3: Date of Inspection | D3: :
A4: 2 | B4: Name of the Officers present | D4: : | E4: 1 | F4: Sri B.Srinivas Reddy, E.E, PR Div Ibrahimpatnam.
D5: : | E5: 2 | F5: Sri. V.Srinivas Reddy D.E.E PR SD Amangal
D6: : | E6: 3 | F6: Sri J Abhishek A.E PR SD Amangal
A7: 3 | B7: Name of the Work | D7: : | E7: ='Final Estimate'!A2 -> Laying of UGD line in Yadava Colony from erukali Laxmaiah (H) to Palle Jangaiah (H) main Road, Mala Kanakaiah (H) to Bollagoni Krishnaiah (H) Main Road, Nune Thirupathaiah (H) to Jilla Manoor (H)main road, Dubbaka Pullaiah (H) to Dubbaku Narsimha (H), Gyoni Jangaiah (H) to Nune Rama Swamy (H), Alli Naraiah (H) to Boyini Peddaiah (H)and Andagulu Sathaiah (H) to Salle Anasuya (H) in Yadava Colony of Madgul (V&M)
A8: 4 | B8: Estimated Cost | D8: : | E8: Rs. | G8: ='Spec Report'!F3 -> 100.00 Lakhs
A9: 5 | B9: Administrative Sanction | D9: : | E9: G.O Rt No: 599 Dt: 11-10-2024
A10: 6 | B10: Grant | D10: : | E10: CRR 2024-25 Grant
C11: It is proposed to provide 200 mm dia SWR-SP 1 pipes for Branch lines and 300 mm dia SWR- SP1 pipes for Main Line in the proposed Colony
C12: Constructon of 0.90 M Circular Sewer Man hole is proposed for inspection of drainage lines of 200mm dia and 300 mm dia with required depth as per alignment and site condition.
C13: It is proposed to provide NP-3, 450 mm dia RCC pipeline for collection of all the drainage from Yadava Colony and Waddera Colony towards Vagu located next to Pedda Madgul.
C14: Provide GSB Gr-VI - 150 mm thick as per IRC:SP:62-2014 in CC Pavement.
C15: Constructon of 1.20 M Circular Sewer Man hole is proposed for inspection of drainage lines of 450 mm dia with required depth as per alignment and site condition.
C16: It is proposed to provide CC Pavement with M30 grade concrete with 0.17m thickness along the colony roads over existing GSB and WMM. or damaged CC Road.
B18: The Executive Engineer, PR- Division, Ibrahimpatnam is instructed to prepare the Detailed Estimate with above provisions
H21: Regional Officer
H22: PRED, Region: Rangareddy

Sheet Spec Report
A1: SPECIFICATION REPORT
B2: Name of the Work: | C2: ='Final Estimate'!A2 -> Laying of UGD line in Yadava Colony from erukali Laxmaiah (H) to Palle Jangaiah (H) main Road, Mala Kanakaiah (H) to Bollagoni Krishnaiah (H) Main Road, Nune Thirupathaiah (H) to Jilla Manoor (H)main road, Dubbaka Pullaiah (H) to Dubbaku Narsimha (H), Gyoni Jangaiah (H) to Nune Rama Swamy (H), Alli Naraiah (H) to Boyini Peddaiah (H)and Andagulu Sathaiah (H) to Salle Anasuya (H) in Yadava Colony of Madgul (V&M)
B3: Grant:-CRR 2024-25 | E3: Estt. Cost Rs. : | F3: 100.00 Lakhs
B5: The above administratively sanctioned vide G.O Rt No: 599 Dt: 11-10-2024 under CRR 2024-25 Grant for Rs: 100.00 lakhs. Accordingly the detailed estimate is prepared for laying of Under ground pipe line suitable for the popualtion of Madgul as per the census 2011 and designed for period of 20 years period
A6: 1 | B6: ='Final Estimate'!B6:I6 -> Cutting open C.C. road surface including stocking of of exccavated materials for pipe line , including labour charges and contractor profit charges
A7: 2 | B7: ='Final Estimate'!B14:I14 -> Earthwork in excavation for Pipe Line trench Cutting as per drawing and technical specifications Clause 305.1 including setting out, construction of shoring and bracing, removal of stumps and other deleterious material and disposal upto a lead of 50 m, dressing of sides and bottom and backfilling in trenches with excavated suitable material as per Technical Specification 305 MORD / 304 MORTH including contractor profit
A8: 3 | B8: ='Final Estimate'!B35:I35 -> Earthwork in excavation in Hard rock (blasting prohibited) with rock breakersin hard rock including breaking rock, loading , in tippers and disposal with all lifts and lead up to 1000m as per technical specifications 302.3.5
A9: 4 | B9: ='Final Estimate'!B40:I40 -> MANUFACTURE, SUPPLY AND DELIVERY OF R.C.C. SOCKET AND SPIGOT PIPES CONFORMING TO B.I.S. 458/2003 AT EX-FACTORY (RATE PER METER OF EFFECTIVE LENGTH) EXCLUDING TRANSPORTATION, TAXES & DUTIES. Of Non Pressure pipes and Lowering the RCC S/S pipes carefully into the trenches laying them true to alignment and gradient, jointing with rubber rings and testing including filling with water with a water lead upto 500 meters including cost of rubber rings as per BIS No. 783/1985
A10: 5 | B10: ='Final Estimate'!B44:I44 -> Lowering the RCC S/S pipes carefully into the trenches laying them true to alignment and gradient, jointing with rubber rings and testing including filling with water with a water lead upto 500 meters including cost of rubber rings as per BIS No. 783/1985
A11: =A10+1 -> 6 | B11: ='Final Estimate'!B46:I46 -> Supply, Lowering, laying and jointing of 200mm dia SWG SP1 pipe in ready made trench true to alignment and gradient,jointing, and testing of stone ware pipes including cost of jointing material such as cement mortar (1:1) proportion and hemp yarn including cost and conveyance of pipe. (Reference to specifications BIS No.6530/72) PHE-LJSW-13 including loading and unloading, Contractor's profit and overhead charges complete for finished item and as directed by the Engineer-in-charge.
A12: 7 | B12: ='Final Estimate'!B49:I49 -> Constructon of 0.90 M Circular Sewer Man hole of 0.90 mts x 0.55 m of 0.90 M depth with Fly ash cement sloid bricks in cm 1:6 prop and corbelling too including cc bed ( 1: 4 : 8 ) prop using 40 mm gauge HG Metal 0.10 mt thick and CC (1:2:4) Prop benching / chanelling,internal plastreng with 20 mm thick cm 1:4 and External Plasterng with 12mm thick CM (1:4) with fine rendering including cost and fixing of CI steps and fixing FC/ CI cover and frame but excluding the cost of cover and frame, including the cost and conveyance of all materials at site complete and curing for 21 days complete all taxes seignarage charges as per specification etc complete.
A13: 8 | B13: ='Final Estimate'!B53:I53 -> Additional manhole 0.10 M depth constructon of 0.90 circular sewer man hole of 0.90 mts depth with 2nd Class bricks in CM(1:6) Prop as per specification etc complete. benching / chanelling,internal plastreng with 20 mm thick cm 1:4 and External Plasterng with 12mm thick CM (1:4) with fine rendering including cost and fixing of CI steps and fixing FC/ CI cover and frame but excluding the cost of cover and frame, including the cost and conveyance of all materials at site complete and curing for 21 days complete all taxes seignarage charges as per specification etc complete.
A14: 9 | B14: ='Final Estimate'!B56:I56 -> Constructon of 1.20 M Circular Sewer Man hole of 1.20 mts x 0.55 m of 1.65 M depths with 2nd Class bricks in cm 1:6 prop and corbelling too including cc bed ( 1:4:8 ) prop using 40 mm gauge HG Metal 0.10 mt thick and CC (1:2:4) Prop benching / chanelling,internal plastreng with 20 mm thick cm 1:4 and External Plasterng with 12mm thick CM (1:4) with fine rendering including cost and fixing of CI steps and fixing FC/ CI cover and frame but excluding the cost of cover and frame, including the cost and conveyance of all materials at site complete and curing for 21 days complete all taxes seignarage charges as per specification etc complete.
A15: 10 | B15: ='Final Estimate'!B60:I60 -> Additional manhole 0.10 M depth constructon of 1.2 circular sewer man hole of 1.65-2.3 mts depth with 2nd Class bricks in CM(1:6) Prop as per specification etc complete. benching / chanelling,internal plastreng with 20 mm thick cm 1:4 and External Plasterng with 12mm thick CM (1:4) with fine rendering including cost and fixing of CI steps and fixing FC/ CI cover and frame but excluding the cost of cover and frame, including the cost and conveyance of all materials at site complete and curing for 21 days complete all taxes seignarage charges as per specification etc complete.
A16: 11 | B16: ='Final Estimate'!B63:I63 -> Manufacture as per BIS:12592 (Part 1&2) Supply & Delivery of manhole covers and frames with ISI marking anywhere in A.P., F.O.R. destination including, loading, un-loading & stacking at site but excluding central excise duty, sales tax, octroi and other Govt levies etc., as applicable. I.S.I Mark
A17: 12 | B17: ='Final Estimate'!B74:I74 -> Construction of dowel jointed un-reinforced, expansion and construction joint plain cement concrete pavement, thickness as per design, over a prepared sub base, with 43 grade cement or any other type as per Clause 1501.2.2 M30 (Grade), coarse and fine aggregates (Natural sand 50%+Manufactured sand(Rock Sand)50% ) conforming to IS : 383, mixed in a concrete mixer of not less than 0.2 cum capacity and appropriate weigh batcher using approved mix design, laid in approved fixed side formwork (steel channel, laying and fixing of 125 micron thick polythene film, wedges, steel plates including levelling the formwork as per drawing), spreading the concrete with sholvels, rakes, compacted using needle, screed and plate vibrators and finished in continuous operation including provision of contraction and expansion and construction joints, applying primer, sealant, admixtures as approved, curing of concrete slabs for 14- days, curing compound (where specified) and water finishing to lines and grade as per drawing and Technical Specification Clause 1501 MORD including overhead charges & Contractors profit excluding Seignarage charges etc complete.
A18: 13 | B18: ='Final Estimate'!B79 -> Add 0.50% QC
A19: 14 | B19: ='Final Estimate'!B80 -> Add 0.10% NAC
A20: 15 | B20: ='Final Estimate'!B81 -> Add Seigniorage charges
A21: 16 | B21: ='Final Estimate'!B82 -> Add 30% DMFon Seigniorage charges
A22: 17 | B22: ='Final Estimate'!B83 -> Add 2% SMET on Seigniorage charges
A23: 18 | B23: ='Final Estimate'!B84 -> Add Permit Fee
A24: 19 | B24: ='Final Estimate'!B86:H86 -> Add 18% GST
B26: The estimate is prepared with SSR 2024-25 and submitted for according technical sanction.
B30: =[38]Lead!$B$32 -> Asst., Engineer | D30: =[38]Lead!K32 -> Dy .Executive.Engineer | E30: Executive Engineer
B31: =[38]Lead!$B$33 -> PR SD Amangal | D31: =[38]Lead!$K$33 -> PR SD Amangal | E31: PR Div Ibrahimpatnam

Sheet Longitudinal Section
A1: LONGITUDINAL SECTION
A6: Name of the Work: | I6: ='Final Estimate'!A2 -> Laying of UGD line in Yadava Colony from erukali Laxmaiah (H) to Palle Jangaiah (H) main Road, Mala Kanakaiah (H) to Bollagoni Krishnaiah (H) Main Road, Nune Thirupathaiah (H) to Jilla Manoor (H)main road, Dubbaka Pullaiah (H) to Dubbaku Narsimha (H), Gyoni Jangaiah (H) to Nune Rama Swamy (H), Alli Naraiah (H) to Boyini Peddaiah (H)and Andagulu Sathaiah (H) to Salle Anasuya (H) in Yadava Colony of Madgul (V&M)
B26: Ground Level | AP26: Ground Level
AN31: Pipe Line
E33: Manhole Z | O33: Manhole Y | Y33: Manhole 2 | AH33: Manhole 1

Sheet Long Sect 2
A1: LONGITUDINAL SECTION
A3: Name of the Work: | L3: ='Longitudinal Section'!I6 -> Laying of UGD line in Yadava Colony from erukali Laxmaiah (H) to Palle Jangaiah (H) main Road, Mala Kanakaiah (H) to Bollagoni Krishnaiah (H) Main Road, Nune Thirupathaiah (H) to Jilla Manoor (H)main road, Dubbaka Pullaiah (H) to Dubbaku Narsimha (H), Gyoni Jangaiah (H) to Nune Rama Swamy (H), Alli Naraiah (H) to Boyini Peddaiah (H)and Andagulu Sathaiah (H) to Salle Anasuya (H) in Yadava Colony of Madgul (V&M)
A12: Towards Kolkulapally
AF18: 400 m , 450mm dia
D26: CH Anji | K26: Dubbak Mallaiah
BS34: Erukali Balakishti
T36: D Pullaiah | Y36: A Pullaiah | AE36: Wadde kanakaiah
BN38: Mala Kanakaiah
BL43: 300 mm dia
BL46: 200 mm dia
BL49: 450mm dia

Sheet Key map
A1: KEY MAP
A4: Name of the Work: | C4: ='Final Estimate'!A2 -> Laying of UGD line in Yadava Colony from erukali Laxmaiah (H) to Palle Jangaiah (H) main Road, Mala Kanakaiah (H) to Bollagoni Krishnaiah (H) Main Road, Nune Thirupathaiah (H) to Jilla Manoor (H)main road, Dubbaka Pullaiah (H) to Dubbaku Narsimha (H), Gyoni Jangaiah (H) to Nune Rama Swamy (H), Alli Naraiah (H) to Boyini Peddaiah (H)and Andagulu Sathaiah (H) to Salle Anasuya (H) in Yadava Colony of Madgul (V&M)
L9: Towards Brahmanpally
D11: Vagu Portion
A12: Towards Kolkulapally
G13: Waddera Colony
G15: 400 m
D17: Pedda Madgul | G17: Yadava Colony | J17: MADGUL
Q22: Towards Amangal
R36: 1

Sheet Schedule A
A1: Schedule A (Part -I)
A2: Schedule of Rates and Approximate Quantities
A3: Name of the work : - | D3: ='Spec Report'!C2 -> Laying of UGD line in Yadava Colony from erukali Laxmaiah (H) to Palle Jangaiah (H) main Road, Mala Kanakaiah (H) to Bollagoni Krishnaiah (H) Main Road, Nune Thirupathaiah (H) to Jilla Manoor (H)main road, Dubbaka Pullaiah (H) to Dubbaku Narsimha (H), Gyoni Jangaiah (H) to Nune Rama Swamy (H), Alli Naraiah (H) to Boyini Peddaiah (H)and Andagulu Sathaiah (H) to Salle Anasuya (H) in Yadava Colony of Madgul (V&M)
A4: Estt.Cost Rs.. | C4: ='Spec Report'!F3 -> 100.00 Lakhs | D4: Lakhs | E4: Grant | F4: ='Spec Report'!B3 -> Grant:-CRR 2024-25 | H4: ="NIT.No-"&'[39]Input Data'!L5 -> NIT.No--
A5: A) | B5: The quanties here given are those upon which the lumpsum tender cost of work is based but they are subject to alteration, omissions, deductions, or additions as provided for in the conditions of this contract and do not necessarily show the actual quantities of work to be done. The total contract value and unit rates noted below are those governing payment of extras or deductions for omissions according to the conditions to the contract as set forth in the preliminary specifications of the AP Standard Specifications and other conditions of specification of this contract.
A6: B) | B6: It is to be expressly understood that the measured work is to be taken net (not withstanding any custom or practice to the contrary) according to the actual quantities when in place and finished according to the drawings or as may be ordered from time to time by the Executive Engineer and the cost calculated by measurmeent or weight, at their respective rates wihtout any additional charge for any necessary or contingent works connected works connected therewith. The total contract value is for works in situ and complete in every respect.
A7: C) | B7: Additions and alterations in the Schedule of quantities will disqualify the tender
A8: D) | B8: In case of discrepancies between the written description of the item in the Schedule 'A" and the detailed description in the specification of the same item, the latter shall be adopted.
A9: Sl.No | B9: Probable quantity both in figures | C9: Per | D9: Description of works | E9: MoRD/ MoRT&H specification | F9: Unit of Measurement in figures and words | G9: Rate in figures | H9: Amount
A10: 1 | B10: 2 | C10: 3 | D10: 4 | E10: 5 | F10: 6 | G10: 7 | H10: 8
A11: 1 | B11: ='Final Estimate'!I12 -> 32.12 | C11: cum | D11: ='Spec Report'!B6 -> Cutting open C.C. road surface including stocking of of exccavated materials for pipe line , including labour charges and contractor profit charges | E11: ='Datas P7'!A105 -> PSSR 25 (a) | F11: =CONCATENATE("1 ",C11) -> 1 cum | G11: 2664.27 | H11: =ROUND(B11*G11,0) -> 85576 | L11: =IF(M11=#REF!,0,M11) -> #REF! | M11: =IF(N11>0,(#REF!+1),#REF!) -> #REF! | N11: =H11 -> 85576
A12: 2 | B12: ='Final Estimate'!I33 -> 1052.7045 | C12: cum | D12: ='Spec Report'!B7 -> Earthwork in excavation for Pipe Line trench Cutting as per drawing and technical specifications Clause 305.1 including setting out, construction of shoring and bracing, removal of stumps and other deleterious material and disposal upto a lead of 50 m, dressing of sides and bottom and backfilling in trenches with excavated suitable material as per Technical Specification 305 MORD / 304 MORTH including contractor profit | E12: ='Datas P7'!A6 -> RBR-FNDN-1,B(i) | F12: =CONCATENATE("1 ",C12) -> 1 cum | G12: 123.7 | H12: =ROUND(B12*G12,0) -> 130220 | L12: =IF(M12=M11,0,M12) -> #REF! | M12: =IF(N12>0,(M11+1),M11) -> #REF! | N12: =H12 -> 130220
A13: 3 | B13: ='Final Estimate'!I39 -> 55.4055 | C13: cum | D13: ='Spec Report'!B8 -> Earthwork in excavation in Hard rock (blasting prohibited) with rock breakersin hard rock including breaking rock, loading , in tippers and disposal with all lifts and lead up to 1000m as per technical specifications 302.3.5 | E13: ='Datas P7'!A22 -> PHE EXRW -33 | F13: =CONCATENATE("1 ",C13) -> 1 cum | G13: 1939.7875 | H13: =ROUND(B13*G13,0) -> 107475 | L13: =IF(M13=M12,0,M13) -> #REF! | M13: =IF(N13>0,(M12+1),M12) -> #REF! | N13: =H13 -> 107475
A14: 4 | B14: ='Final Estimate'!I41 -> 400 | C14: rmt | D14: ='Spec Report'!B9 -> MANUFACTURE, SUPPLY AND DELIVERY OF R.C.C. SOCKET AND SPIGOT PIPES CONFORMING TO B.I.S. 458/2003 AT EX-FACTORY (RATE PER METER OF EFFECTIVE LENGTH) EXCLUDING TRANSPORTATION, TAXES & DUTIES. Of Non Pressure pipes and Lowering the RCC S/S pipes carefully into the trenches laying them true to alignment and gradient, jointing with rubber rings and testing including filling with water with a water lead upto 500 meters including cost of rubber rings as per BIS No. 783/1985 | E14: SS Pipes | F14: =CONCATENATE("1 ",C14) -> 1 rmt | G14: 2761.6285 | H14: =ROUND(B14*G14,0) -> 1104651 | L14: =IF(M14=M13,0,M14) -> #REF! | M14: =IF(N14>0,(M13+1),M13) -> #REF! | N14: =H14 -> 1104651
A15: 5 | B15: ='Final Estimate'!I45 -> 400 | C15: rmt | D15: ='Spec Report'!B10 -> Lowering the RCC S/S pipes carefully into the trenches laying them true to alignment and gradient, jointing with rubber rings and testing including filling with water with a water lead upto 500 meters including cost of rubber rings as per BIS No. 783/1985 | E15: ='NP 3 450 mm dia'!B44 -> PHE-LRCS-6 | F15: =CONCATENATE("1 ",C15) -> 1 rmt | G15: 280.25 | H15: =ROUND(B15*G15,0) -> 112100 | L15: =IF(M15=M14,0,M15) -> #REF! | M15: =IF(N15>0,(M14+1),M14) -> #REF! | N15: =H15 -> 112100
A16: 6 | D16: ='Spec Report'!B11 -> Supply, Lowering, laying and jointing of 200mm dia SWG SP1 pipe in ready made trench true to alignment and gradient,jointing, and testing of stone ware pipes including cost of jointing material such as cement mortar (1:1) proportion and hemp yarn including cost and conveyance of pipe. (Reference to specifications BIS No.6530/72) PHE-LJSW-13 including loading and unloading, Contractor's profit and overhead charges complete for finished item and as directed by the Engineer-in-charge. | L16: =IF(M16=M15,0,M16) -> #REF! | M16: =IF(N16>0,(M15+1),M15) -> #REF! | N16: =H16 -> 0
A17: A) | B17: ='Final Estimate'!I47 -> 500 | C17: rmt | D17: ='Final Estimate'!B47 -> For 200 mm Dia Line | E17: ='stoneware pipes'!A2 -> PHE-LJSW-13 | F17: =CONCATENATE("1 ",C17) -> 1 rmt | G17: 986.39 | H17: =ROUND(B17*G17,0) -> 493195
A18: B) | B18: ='Final Estimate'!I48 -> 370 | C18: rmt | D18: ='Final Estimate'!B48 -> For 300 mm Dia Line | E18: ='stoneware pipes'!A2 -> PHE-LJSW-13 | F18: =CONCATENATE("1 ",C18) -> 1 rmt | G18: 2228.98 | H18: =ROUND(B18*G18,0) -> 824723
A19: 7 | D19: ='Spec Report'!B12 -> Constructon of 0.90 M Circular Sewer Man hole of 0.90 mts x 0.55 m of 0.90 M depth with Fly ash cement sloid bricks in cm 1:6 prop and corbelling too including cc bed ( 1: 4 : 8 ) prop using 40 mm gauge HG Metal 0.10 mt thick and CC (1:2:4) Prop benching / chanelling,internal plastreng with 20 mm thick cm 1:4 and External Plasterng with 12mm thick CM (1:4) with fine rendering including cost and fixing of CI steps and fixing FC/ CI cover and frame but excluding the cost of cover and frame, including the cost and conveyance of all materials at site complete and curing for 21 days complete all taxes seignarage charges as per specification etc complete. | L19: =IF(M19=M16,0,M19) -> #REF! | M19: =IF(N19>0,(M16+1),M16) -> #REF! | N19: =H19 -> 0
A20: A) | B20: ='Final Estimate'!I50 -> 40 | C20: nos | D20: ='Final Estimate'!B50 -> For 0.90 m Depth 200 Pipe Line | E20: PH Data | F20: =CONCATENATE("1 ",C20) -> 1 nos | G20: 7948.16 | H20: =ROUND(B20*G20,0) -> 317926
A21: B) | B21: ='Final Estimate'!I51 -> 45 | C21: nos | D21: ='Final Estimate'!B51 -> for 0.90 m Depth 300 Pipe Line | E21: =E20 -> PH Data | F21: =CONCATENATE("1 ",C21) -> 1 nos | G21: 7277.99 | H21: =ROUND(B21*G21,0) -> 327510
A22: C) | B22: ='Final Estimate'!I52 -> 20 | C22: nos | D22: ='Final Estimate'!B52 -> for 0.90 m Depth 450 Pipe Line | E22: =E21 -> PH Data | F22: =CONCATENATE("1 ",C22) -> 1 nos | G22: 6371.57 | H22: =ROUND(B22*G22,0) -> 127431
A23: 8 | B23: ='Final Estimate'!I55 -> 210 | C23: nos | D23: ='Spec Report'!B13 -> Additional manhole 0.10 M depth constructon of 0.90 circular sewer man hole of 0.90 mts depth with 2nd Class bricks in CM(1:6) Prop as per specification etc complete. benching / chanelling,internal plastreng with 20 mm thick cm 1:4 and External Plasterng with 12mm thick CM (1:4) with fine rendering including cost and fixing of CI steps and fixing FC/ CI cover and frame but excluding the cost of cover and frame, including the cost and conveyance of all materials at site complete and curing for 21 days complete all taxes seignarage charges as per specification etc complete. | E23: =E22 -> PH Data | F23: =CONCATENATE("1 ",C23) -> 1 nos | G23: 819.28 | H23: =ROUND(B23*G23,0) -> 172049 | L23: =IF(M23=M19,0,M23) -> #REF! | M23: =IF(N23>0,(M19+1),M19) -> #REF! | N23: =H23 -> 172049
A24: 9 | B24: ='Final Estimate'!I59 -> 20 | C24: nos | D24: ='Spec Report'!B14 -> Constructon of 1.20 M Circular Sewer Man hole of 1.20 mts x 0.55 m of 1.65 M depths with 2nd Class bricks in cm 1:6 prop and corbelling too including cc bed ( 1:4:8 ) prop using 40 mm gauge HG Metal 0.10 mt thick and CC (1:2:4) Prop benching / chanelling,internal plastreng with 20 mm thick cm 1:4 and External Plasterng with 12mm thick CM (1:4) with fine rendering including cost and fixing of CI steps and fixing FC/ CI cover and frame but excluding the cost of cover and frame, including the cost and conveyance of all materials at site complete and curing for 21 days complete all taxes seignarage charges as per specification etc complete. | E24: =E23 -> PH Data | F24: =CONCATENATE("1 ",C24) -> 1 nos | G24: 16224.98 | H24: =ROUND(B24*G24,0) -> 324500 | L24: =IF(M24=M23,0,M24) -> #REF! | M24: =IF(N24>0,(M23+1),M23) -> #REF! | N24: =H24 -> 324500
A25: 10 | B25: ='Final Estimate'!I62 -> 40 | C25: nos | D25: ='Spec Report'!B15 -> Additional manhole 0.10 M depth constructon of 1.2 circular sewer man hole of 1.65-2.3 mts depth with 2nd Class bricks in CM(1:6) Prop as per specification etc complete. benching / chanelling,internal plastreng with 20 mm thick cm 1:4 and External Plasterng with 12mm thick CM (1:4) with fine rendering including cost and fixing of CI steps and fixing FC/ CI cover and frame but excluding the cost of cover and frame, including the cost and conveyance of all materials at site complete and curing for 21 days complete all taxes seignarage charges as per specification etc complete. | E25: =E24 -> PH Data | F25: =CONCATENATE("1 ",C25) -> 1 nos | G25: 1820.6646 | H25: =ROUND(B25*G25,0) -> 72827 | L25: =IF(M25=M24,0,M25) -> #REF! | M25: =IF(N25>0,(M24+1),M24) -> #REF! | N25: =H25 -> 72827
A26: 11 | B26: ='Final Estimate'!I64 -> 125 | C26: nos | D26: ='Spec Report'!B16 -> Manufacture as per BIS:12592 (Part 1&2) Supply & Delivery of manhole covers and frames with ISI marking anywhere in A.P., F.O.R. destination including, loading, un-loading & stacking at site but excluding central excise duty, sales tax, octroi and other Govt levies etc., as applicable. I.S.I Mark | E26: SoR pg 507 | F26: =CONCATENATE("1 ",C26) -> 1 nos | G26: 2716 | H26: =ROUND(B26*G26,0) -> 339500 | L26: =IF(M26=M25,0,M26) -> #REF! | M26: =IF(N26>0,(M25+1),M25) -> #REF! | N26: =H26 -> 339500
A27: 12 | B27: ='Final Estimate'!I77 -> 382.5 | C27: cum | D27: ='Spec Report'!B17 -> Construction of dowel jointed un-reinforced, expansion and construction joint plain cement concrete pavement, thickness as per design, over a prepared sub base, with 43 grade cement or any other type as per Clause 1501.2.2 M30 (Grade), coarse and fine aggregates (Natural sand 50%+Manufactured sand(Rock Sand)50% ) conforming to IS : 383, mixed in a concrete mixer of not less than 0.2 cum capacity and appropriate weigh batcher using approved mix design, laid in approved fixed side formwork (steel channel, laying and fixing of 125 micron thick polythene film, wedges, steel plates including levelling the formwork as per drawing), spreading the concrete with sholvels, rakes, compacted using needle, screed and plate vibrators and finished in continuous operation including provision of contraction and expansion and construction joints, applying primer, sealant, admixtures as approved, curing of concrete slabs for 14- days, curing compound (where specified) and water finishing to lines and grade as per drawing and Technical Specification Clause 1501 MORD including overhead charges & Contractors profit excluding Seignarage charges etc complete. | E27: 1500, 1600 1700, 2702 MoRTH | F27: =CONCATENATE("1 ",C27) -> 1 cum | G27: 7624.7 | H27: =ROUND(B27*G27,0) -> 2916448 | L27: =IF(M27=M26,0,M27) -> #REF! | M27: =IF(N27>0,(M26+1),M26) -> #REF! | N27: =H27 -> 2916448
I28: =SUM(#REF!) -> #REF! | J28: ='[39]Road-furniture '!G18 -> 37461 | K28: =I28-J28 -> #REF! | L28: =IF(M28=#REF!,0,M28) -> #REF! | M28: =IF(N28>0,(#REF!+1),#REF!) -> #REF! | N28: =H28 -> 0
H29: =SUBTOTAL(9,H11:H27) -> 7456131 | I29: =I28+#REF!+#REF!+#REF! -> #REF! | J29: =[39]GA!E11 -> 8482237 | K29: =I29-J29 -> #REF! | L29: =IF(M29=M28,0,M29) -> #REF! | M29: =IF(N29>0,(M28+1),M28) -> #REF! | N29: =H29 -> 7456131
H30: =H29 -> 7456131 | I30: =+[39]GA!E11+'[39]Schedule-A'!#REF! -> #REF! | J30: =+H30-I30 -> #REF! | L30: =IF(M30=#REF!,0,M30) -> #REF! | M30: =IF(N30>0,(#REF!+1),#REF!) -> #REF! | N30: =H30 -> 7456131
L31: =IF(M31=M30,0,M31) -> #REF! | M31: =IF(N31>0,(M30+1),M30) -> #REF! | N31: =H31 -> 0
E32: "APPROVED" | L32: =IF(M32=M31,0,M32) -> #REF! | M32: =IF(N32>0,(M31+1),M31) -> #REF! | N32: =H32 -> 0
E35: Engineer - in - Chief
E36: Panchayat Raj, Hyderabad

Sheet Final Estimate
A1: D E T A I L E D A N D A B S T R A C T E S T I M A T E
A2: Laying of UGD line in Yadava Colony from erukali Laxmaiah (H) to Palle Jangaiah (H) main Road, Mala Kanakaiah (H) to Bollagoni Krishnaiah (H) Main Road, Nune Thirupathaiah (H) to Jilla Manoor (H)main road, Dubbaka Pullaiah (H) to Dubbaku Narsimha (H), Gyoni Jangaiah (H) to Nune Rama Swamy (H), Alli Naraiah (H) to Boyini Peddaiah (H)and Andagulu Sathaiah (H) to Salle Anasuya (H) in Yadava Colony of Madgul (V&M) | O2: =K87 -> 219668
A3: Sno | B3: Description of item | C3: Nos. | F3: Measurements | I3: Qty | J3: Rate/Per | K3: Total Amount | L3: SEIGNORAGE CHARGES/Unit | M3: TOTALSEIGNORAGE CHARGES
F4: L | G4: B | H4: D
A5: 1 | B5: =A5+1 -> 2 | C5: =B5+1 -> 3 | F5: =C5+1 -> 4 | G5: 5 | H5: 6 | I5: 7 | J5: 8 | K5: 9 | L5: =K5+1 -> 10 | M5: =L5+1 -> 11 | N5: =M5+1 -> 12
A6: 1 | B6: Cutting open C.C. road surface including stocking of of exccavated materials for pipe line , including labour charges and contractor profit charges
B7: Yadava Colony:
B8: Main Road to Erukali Balakishti(H) | C8: 1 | D8: x | E8: 1 | F8: 40 | G8: 0.6 | H8: 0.15 | I8: =H8*G8*F8*E8*C8 -> 3.6
B9: Erukali Balakishti (H) to Wadde Kanakaiah (H) | C9: 1 | D9: x | E9: 1 | F9: 130 | G9: 0.6 | H9: 0.15 | I9: =H9*G9*F9*E9*C9 -> 11.7
B10: Wadde Kanakaiah (H) to Main Road via Dubbaku Narsimha (H) | C10: 1 | D10: x | E10: 1 | F10: 80 | G10: 0.6 | H10: 0.15 | I10: =H10*G10*F10*E10*C10 -> 7.2
B11: For Man Holes | C11: PI/4 | D11: x | E11: 30 | F11: 1.65 | G11: 1.65 | H11: 0.15 | I11: =ROUND(H11*G11*F11*E11*PI()/4,2) -> 9.62
I12: =SUM(I8:I11) -> 32.12 | J12: ='Datas P7'!G110 -> 2664.27 | K12: =ROUND(J12*I12,0) -> 85576 | L12: 22 | M12: =L12*I12 -> 706.64
A14: 2 | B14: Earthwork in excavation for Pipe Line trench Cutting as per drawing and technical specifications Clause 305.1 including setting out, construction of shoring and bracing, removal of stumps and other deleterious material and disposal upto a lead of 50 m, dressing of sides and bottom and backfilling in trenches with excavated suitable material as per Technical Specification 305 MORD / 304 MORTH including contractor profit
B15: 300 mm dia
B16: Erukali Balakishti to mala Kanakaiah (H) | C16: 1 | D16: x | E16: 1 | F16: 30 | G16: 0.6 | H16: 0.75 | I16: =H16*G16*F16*E16*C16 -> 13.5
B17: Mala Kanakaiah (H) to Wadde Kanakaiah (H) | C17: 1 | D17: x | E17: 1 | F17: =130+30 -> 160 | G17: 0.6 | H17: 0.75 | I17: =H17*G17*F17*E17*C17 -> 72
B18: Wadde Kanakaiah (H) to Main Road via Dubbak Narsimha(H) | C18: 1 | D18: x | E18: 1 | F18: 180 | G18: 0.6 | H18: 0.75 | I18: =H18*G18*F18*E18*C18 -> 81
B19: Branch Line 200 mm dia
B20: Main Road to Erukali Balakishti | C20: 1 | D20: x | E20: 1 | F20: 40 | G20: 0.6 | H20: 0.75 | I20: =H20*G20*F20*E20*C20 -> 18
B21: Erukali Balakishti (H) to Wadde Kanakaiah (H) | C21: 1 | D21: x | E21: 1 | F21: 130 | G21: 0.6 | H21: 0.75 | I21: =H21*G21*F21*E21*C21 -> 58.5
B22: Branches ( 6 Nos) | C22: 1 | D22: x | E22: 6 | F22: 30 | G22: 0.6 | H22: 0.75 | I22: =H22*G22*F22*E22*C22 -> 81
B23: Andugul Peddaiah (H) gully | C23: 1 | D23: x | E23: 1 | F23: 30 | G23: 0.6 | H23: 0.75 | I23: =H23*G23*F23*E23*C23 -> 13.5
B24: Dubbak Pullaiah (H) gully | C24: 1 | D24: x | E24: 1 | F24: 60 | G24: 0.6 | H24: 0.75 | I24: =H24*G24*F24*E24*C24 -> 27
B25: CH Anjaneyulu (H) to Main Road | C25: 1 | D25: x | E25: 1 | F25: 30 | G25: 0.6 | H25: 0.75 | I25: =H25*G25*F25*E25*C25 -> 13.5 | R25: =350+5*30 -> 500
B26: Dubbak Mallaiah (H) to Main Road | C26: 1 | D26: x | E26: 1 | F26: 30 | G26: 0.6 | H26: 0.75 | I26: =H26*G26*F26*E26*C26 -> 13.5 | R26: =720+5*30 -> 870
B27: Main Line (Trunk Line) 300 mm dia | C27: PI/4 | D27: x | E27: 85 | F27: 1.65 | G27: 1.65 | H27: 1 | I27: =ROUND(H27*G27*F27*E27*PI()/4,2) -> 181.75
B28: Main Line Along BT Road 450mm Dia
B29: From Yadava Colony towards Pedda Madgul | C29: 1 | D29: x | E29: 1 | F29: 400 | G29: 0.9 | H29: 1 | I29: =H29*G29*F29*E29*C29 -> 360
B30: Manholes | C30: PI/4 | D30: x | E30: =F29/10 -> 40 | F30: 2.2 | G30: 2.2 | H30: 1.15 | I30: =ROUND(H30*G30*F30*E30*PI()/4,2) -> 174.86 | R30: =1.2+0.35*2+0.3 -> 2.2
I31: =SUM(I16:I30) -> 1108.11
B32: Take 95% of Total Qty | I32: =I31*95% -> 1052.7045
I33: =I32 -> 1052.7045 | J33: ='Datas P7'!G20 -> 123.7 | K33: =ROUND(J33*I33,0) -> 130220 | L33: 22 | M33: =L33*I33 -> 23159.499
I34: Cum. | J34: 1 cum
A35: 3 | B35: ='Datas P7'!C22 -> Earthwork in excavation in Hard rock (blasting prohibited) with rock breakersin hard rock including breaking rock, loading , in tippers and disposal with all lifts and lead up to 1000m as per technical specifications 302.3.5
B36: Hard rock (Blasting prohibited)
B37: Total E/W qty | I37: =I31 -> 1108.11
B38: 5% of E/W Qty | I38: =I37*5% -> 55.4055
I39: =I38 -> 55.4055 | J39: ='Datas P7'!G38 -> 1939.7875 | K39: =ROUND(J39*I39,0) -> 107475
A40: 4 | B40: MANUFACTURE, SUPPLY AND DELIVERY OF R.C.C. SOCKET AND SPIGOT PIPES CONFORMING TO B.I.S. 458/2003 AT EX-FACTORY (RATE PER METER OF EFFECTIVE LENGTH) EXCLUDING TRANSPORTATION, TAXES & DUTIES. Of Non Pressure pipes and Lowering the RCC S/S pipes carefully into the trenches laying them true to alignment and gradient, jointing with rubber rings and testing including filling with water with a water lead upto 500 meters including cost of rubber rings as per BIS No. 783/1985
B41: For 450 mm Dia Line NP3 Class | C41: 1 | D41: x | E41: 1 | F41: =F29 -> 400 | I41: =C41*E41*F41 -> 400 | J41: ='Cost of RCC NP2-NP3 SS pipes '!I55 -> 2761.6285 | K41: =ROUND(J41*I41,0) -> 1104651
B42: For 250 mm Dia Line NP2 Class | C42: 1 | D42: x | E42: 0 | F42: 500 | I42: =C42*E42*F42 -> 0 | J42: ='[40]Cost of RCC NP2-NP3 SS pipes '!G15 -> 443.4734 | K42: =ROUND(J42*I42,0) -> 0
B43: For 250 mm Dia Line NP2 Class | C43: 1 | D43: x | E43: 0 | F43: =F42 -> 500 | I43: =C43*E43*F43 -> 0 | J43: 183.8 | K43: =ROUND(J43*I43,0) -> 0
A44: 5 | B44: Lowering the RCC S/S pipes carefully into the trenches laying them true to alignment and gradient, jointing with rubber rings and testing including filling with water with a water lead upto 500 meters including cost of rubber rings as per BIS No. 783/1985
B45: For 450 mm Dia Line NP3 Class | C45: 1 | D45: x | E45: 1 | F45: =F41 -> 400 | I45: =C45*E45*F45 -> 400 | J45: ='NP 3 450 mm dia'!H62 -> 280.25 | K45: =ROUND(J45*I45,0) -> 112100
A46: 6 | B46: Supply, Lowering, laying and jointing of 200mm dia SWG SP1 pipe in ready made trench true to alignment and gradient,jointing, and testing of stone ware pipes including cost of jointing material such as cement mortar (1:1) proportion and hemp yarn including cost and conveyance of pipe. (Reference to specifications BIS No.6530/72) PHE-LJSW-13 including loading and unloading, Contractor's profit and overhead charges complete for finished item and as directed by the Engineer-in-charge.
B47: For 200 mm Dia Line | C47: 1 | D47: x | E47: 1 | F47: 500 | I47: =C47*E47*F47 -> 500 | J47: ='stoneware pipes'!G58 -> 1444.09 | K47: =ROUND(J47*I47,0) -> 722045
B48: For 300 mm Dia Line | C48: 1 | D48: x | E48: 1 | F48: 370 | I48: =C48*E48*F48 -> 370 | J48: ='stoneware pipes'!G98 -> 3439.25 | K48: =ROUND(J48*I48,0) -> 1272523
A49: 7 | B49: Constructon of 0.90 M Circular Sewer Man hole of 0.90 mts x 0.55 m of 0.90 M depth with Fly ash cement sloid bricks in cm 1:6 prop and corbelling too including cc bed ( 1: 4 : 8 ) prop using 40 mm gauge HG Metal 0.10 mt thick and CC (1:2:4) Prop benching / chanelling,internal plastreng with 20 mm thick cm 1:4 and External Plasterng with 12mm thick CM (1:4) with fine rendering including cost and fixing of CI steps and fixing FC/ CI cover and frame but excluding the cost of cover and frame, including the cost and conveyance of all materials at site complete and curing for 21 days complete all taxes seignarage charges as per specification etc complete. | J49: `
B50: For 0.90 m Depth 200 Pipe Line | C50: 1 | D50: x | E50: 40 | I50: =C50*E50 -> 40 | J50: ='Man hole with 2nd Class Bricks'!G64 -> 8246.78 | K50: =ROUND(J50*I50,0) -> 329871
B51: for 0.90 m Depth 300 Pipe Line | C51: 1 | D51: x | E51: 45 | I51: =C51*E51 -> 45 | J51: ='Man hole with 2nd Class Bricks'!G82 -> 7541.51 | K51: =ROUND(J51*I51,0) -> 339368
B52: for 0.90 m Depth 450 Pipe Line | C52: 1 | D52: x | E52: 20 | I52: =E52 -> 20 | J52: ='Man hole with 2nd Class Bricks'!G101 -> 6595.26 | K52: =ROUND(J52*I52,0) -> 131905
A53: 8 | B53: ='Man hole with 2nd Class Bricks'!C103 -> Additional manhole 0.10 M depth constructon of 0.90 circular sewer man hole of 0.90 mts depth with 2nd Class bricks in CM(1:6) Prop as per specification etc complete. benching / chanelling,internal plastreng with 20 mm thick cm 1:4 and External Plasterng with 12mm thick CM (1:4) with fine rendering including cost and fixing of CI steps and fixing FC/ CI cover and frame but excluding the cost of cover and frame, including the cost and conveyance of all materials at site complete and curing for 21 days complete all taxes seignarage charges as per specification etc complete. | J53: `
B54: For Additional Depths
C55: 1 | D55: x | E55: =SUM(E50:E52)*2 -> 210 | I55: =E55 -> 210 | J55: ='Man hole with 2nd Class Bricks'!G112 -> 842.19 | K55: =ROUND(J55*I55,0) -> 176860
A56: 9 | B56: ='Man hole with 2nd Class Bricks'!C154 -> Constructon of 1.20 M Circular Sewer Man hole of 1.20 mts x 0.55 m of 1.65 M depths with 2nd Class bricks in cm 1:6 prop and corbelling too including cc bed ( 1:4:8 ) prop using 40 mm gauge HG Metal 0.10 mt thick and CC (1:2:4) Prop benching / chanelling,internal plastreng with 20 mm thick cm 1:4 and External Plasterng with 12mm thick CM (1:4) with fine rendering including cost and fixing of CI steps and fixing FC/ CI cover and frame but excluding the cost of cover and frame, including the cost and conveyance of all materials at site complete and curing for 21 days complete all taxes seignarage charges as per specification etc complete. | J56: `
B57: For 0.90 m Depth 200 Pipe Line | C57: 1 | D57: x | E57: 40 | I57: =C57*E57 -> 40 | J57: 0 | K57: =ROUND(J57*I57,0) -> 0
B58: for 0.90 m Depth 300 Pipe Line | C58: 1 | D58: x | E58: 40 | I58: =C58*E58 -> 40 | J58: 0 | K58: =ROUND(J58*I58,0) -> 0
B59: for 1.0 m Depth 450 Pipe Line | C59: 1 | D59: x | E59: 20 | I59: =E59 -> 20 | J59: ='Man hole with 2nd Class Bricks'!G241 -> 16780.86 | K59: =ROUND(J59*I59,0) -> 335617
A60: 10 | B60: ='Man hole with 2nd Class Bricks'!C302 -> Additional manhole 0.10 M depth constructon of 1.2 circular sewer man hole of 1.65-2.3 mts depth with 2nd Class bricks in CM(1:6) Prop as per specification etc complete. benching / chanelling,internal plastreng with 20 mm thick cm 1:4 and External Plasterng with 12mm thick CM (1:4) with fine rendering including cost and fixing of CI steps and fixing FC/ CI cover and frame but excluding the cost of cover and frame, including the cost and conveyance of all materials at site complete and curing for 21 days complete all taxes seignarage charges as per specification etc complete. | J60: `
B61: For Additional Depths
C62: 1 | D62: x | E62: =E59*2 -> 40 | I62: =E62 -> 40 | J62: ='Man hole with 2nd Class Bricks'!G308 -> 1838.0662 | K62: =ROUND(J62*I62,0) -> 73523
A63: 11 | B63: Manufacture as per BIS:12592 (Part 1&2) Supply & Delivery of manhole covers and frames with ISI marking anywhere in A.P., F.O.R. destination including, loading, un-loading & stacking at site but excluding central excise duty, sales tax, octroi and other Govt levies etc., as applicable. I.S.I Mark | J63: `
B64: ='Datas P7'!C311 -> H.D.-20 with 560mm dia clear opening | C64: 1 | D64: x | E64: =E59+E52+E51+E50 -> 125 | I64: =C64*E64 -> 125 | J64: ='Datas P7'!G313 -> 3085.7834 | K64: =ROUND(J64*I64,0) -> 385723
B65: ='Datas P7'!C314 -> H.D.-35 with 560mm dia clear opening | C65: 1 | D65: x | E65: 0 | I65: =C65*E65 -> 0 | J65: ='Datas P7'!G314 -> 2911 | K65: =ROUND(J65*I65,0) -> 0
A66: 9 | B66: =[40]Datas!C102 -> Supplying and filling sand in trenches ,sides of the foundations and basement with initial lead in layers not exceeding 15 cm thick consolidatiing each depposited layer by watering and rampping including cost and conveyance of water to work site and all operational incidental ,labour charges hire charges and T & O Complete for finished item APSS 309 &310) | J66: `
B67: For 300 mm Dia Line | C67: 1 | D67: x | E67: 1 | F67: 270 | G67: 0.6 | H67: 0.75 | I67: =H67*G67*F67*E67*C67 -> 121.5
B68: For 200 mm Dia Line | C68: 1 | D68: x | E68: 1 | F68: 500 | G68: 0.6 | H68: 0.75 | I68: =H68*G68*F68*E68*C68 -> 225
B69: Ded Pipe Portion | C69: -1 | D69: x | E69: II/4 | F69: 270 | G69: 0.35 | H69: 0.35 | I69: =H69*G69*F69*3.14/4*C69 -> -25.963875
B70: Ded Pipe Portion | C70: -1 | D70: x | E70: II/4 | F70: 500 | G70: 0.3 | H70: 0.3 | I70: =H70*G70*F70*3.14/4*C70 -> -35.325
I71: 0 | J71: =[40]Datas!G112 -> 983.54667 | K71: =ROUND(J71*I71,0) -> 0
A72: 10 | B72: Taking of core samples in concrete pavement & testing for thickness, strength & Density | J72: `
C73: 1 | D73: x | E73: 6 | I73: =E73 -> 6 | J73: 0 | K73: =ROUND(J73*I73,0) -> 0
A74: 12 | B74: ='Datas P7'!B359:G359 -> Construction of dowel jointed un-reinforced, expansion and construction joint plain cement concrete pavement, thickness as per design, over a prepared sub base, with 43 grade cement or any other type as per Clause 1501.2.2 M30 (Grade), coarse and fine aggregates (Natural sand 50%+Manufactured sand(Rock Sand)50% ) conforming to IS : 383, mixed in a concrete mixer of not less than 0.2 cum capacity and appropriate weigh batcher using approved mix design, laid in approved fixed side formwork (steel channel, laying and fixing of 125 micron thick polythene film, wedges, steel plates including levelling the formwork as per drawing), spreading the concrete with sholvels, rakes, compacted using needle, screed and plate vibrators and finished in continuous operation including provision of contraction and expansion and construction joints, applying primer, sealant, admixtures as approved, curing of concrete slabs for 14- days, curing compound (where specified) and water finishing to lines and grade as per drawing and Technical Specification Clause 1501 MORD including overhead charges & Contractors profit excluding Seignarage charges etc complete. | J74: `
C75: 1 | D75: x | E75: 1 | F75: 600 | G75: 3.75 | H75: 0.17 | I75: =H75*G75*F75*E75*C75 -> 382.5
C76: 1 | D76: x | E76: 1 | F76: 0 | G76: 3 | H76: 0.15 | I76: =H76*G76*F76*E76*C76 -> 0
I77: =SUM(I75:I76) -> 382.5 | J77: ='Datas P7'!G410 -> 7256.51 | K77: =ROUND(J77*I77,0) -> 2775615
K78: =SUM(K12:K77) -> 8083072 | P78: =K33+K41+K45+K50+K64+K71+K73+K77 -> 4838180
A79: 13 | B79: Add 0.50% QC | K79: =ROUND(K78*0.5%,0) -> 40415
A80: 14 | B80: Add 0.10% NAC | K80: =ROUND(K78*0.1%,0) -> 8083
A81: 15 | B81: Add Seigniorage charges | K81: =ROUND('Seignorage Calculation'!G47,0) -> 84736
A82: 16 | B82: Add 30% DMFon Seigniorage charges | K82: =ROUND(K81*30%,0) -> 25421
A83: 17 | B83: Add 2% SMET on Seigniorage charges | K83: =ROUND(K81*2%,0) -> 1695
A84: 18 | B84: Add Permit Fee | K84: =ROUND('Seignorage Calculation'!K47,0) -> 44995
K85: =SUM(K78:K84) -> 8288417 | M85: =ROUND(SUM(M14:M64),0) -> 23159
A86: 19 | B86: Add 18% GST | K86: =ROUND(K85*18%,0) -> 1491915
A87: 20 | B87: LS for other unforseen items | K87: =K88-(K85+K86) -> 219668
K88: 10000000
B91: =[40]Lead!$B$32 -> Asst., Engineer | F91: =[40]Lead!K32 -> Dy .Executive.Engineer | J91: ='Spec Report'!E30 -> Executive Engineer | L91: =[40]Lead!S32 -> #REF! | M91: =[40]Lead!T32 -> #REF! | N91: =[40]Lead!U32 -> #REF!
B92: =[40]Lead!$B$33 -> PR SD Amangal | F92: =[40]Lead!K33 -> PR SD Amangal | J92: ='Spec Report'!E31 -> PR Div Ibrahimpatnam | L92: =[40]Lead!S33 -> #REF! | M92: =[40]Lead!T33 -> #REF! | N92: =[40]Lead!U33 -> #REF!

Sheet Seignorage Calculation
A1: SEIGNIORAGE CHARGES
A2: ='Final Estimate'!A2:K2 -> Laying of UGD line in Yadava Colony from erukali Laxmaiah (H) to Palle Jangaiah (H) main Road, Mala Kanakaiah (H) to Bollagoni Krishnaiah (H) Main Road, Nune Thirupathaiah (H) to Jilla Manoor (H)main road, Dubbaka Pullaiah (H) to Dubbaku Narsimha (H), Gyoni Jangaiah (H) to Nune Rama Swamy (H), Alli Naraiah (H) to Boyini Peddaiah (H)and Andagulu Sathaiah (H) to Salle Anasuya (H) in Yadava Colony of Madgul (V&M)
A3: 1 | B3: Description of Item | D3: Seigniorage charges | H3: Permit Fee
A4: 1 | B4: Description of Item | D4: Qty | E4: Rate | F4: Amt | G4: Net Amount | H4: Qty | I4: Rate | J4: Amt | K4: Net Amount
B5: ='Man hole with 2nd Class Bricks'!C66 -> Constructon of 0.90 M Circular Sewer Man hole of 0.90 mts x 0.55 m of 1.0 M depths with 2nd Class bricks in cm 1:6 prop and corbelling too including cc bed ( 1: 4 : 8 ) prop using 40 mm gauge HG Metal 0.10 mt thick and CC (1:2:4) Prop benching / chanelling,internal plastreng with 20 mm thick cm 1:4 and External Plasterng with 12mm thick CM (1:4) with fine rendering including cost and fixing of CI steps and fixing FC/ CI cover and frame but excluding the cost of cover and frame, including the cost and conveyance of all materials at site complete and curing for 21 days complete all taxes seignarage charges as per specification etc complete.
B6: 200 mm dia
B7: ='Man hole with 2nd Class Bricks'!C53 -> CC in CM( 1:4:8) PI/4x(0.9+0.46+0.3)x0.15=0.3246 | C7: Cum | D7: ='Man hole with 2nd Class Bricks'!E53 -> 0.3246 | E7: =0.9*97.5+0.45*(0.5*40+0.5*97.5) -> 118.6875 | F7: =E7*D7 -> 38.525962 | H7: =D7 -> 0.3246 | I7: =(0.9*97.5+0.45*(0.5*97.5))*0.8 -> 87.75 | J7: =I7*H7 -> 28.48365
B8: ='Man hole with 2nd Class Bricks'!C54 -> 2nd Class Brick Masonory in cm (1: 6) Prop using 2nd class bricks for Uniform Section( PIx1.13x0.23x0.4)-(PI/4*0.23*0.23*.23*2)=0.3076 | C8: Cum | D8: ='Man hole with 2nd Class Bricks'!E54 -> 0.3076 | E8: =0.2*(0.5*40+0.5*97.5)+(512/1000*78) -> 53.686 | F8: =E8*D8 -> 16.513814 | H8: =D8 -> 0.3076 | I8: =(0.2*(0.5*97.5)+(512/1000*78))*0.8 -> 39.7488 | J8: =I8*H8 -> 12.226731 | R8: =512*0.07 -> 35.84 | S8: =512/1000*78 -> 39.936
B9: ='Man hole with 2nd Class Bricks'!C55 -> 2nd Class Brick Masonory work in cm (1: 6) )Prop using 2nd class bricks for Carbelling Portion Pix(1.13+0.78)/2x0.23x(0.6-.25)=0.2428 | C9: Cum | D9: ='Man hole with 2nd Class Bricks'!E55 -> 0.2428 | E9: =0.2*(0.5*40+0.5*97.5)+(512/1000*78) -> 53.686 | F9: =E9*D9 -> 13.034961 | H9: =D9 -> 0.2428 | I9: =(0.2*(0.5*97.5)+(512/1000*78))*0.8 -> 39.7488 | J9: =I9*H9 -> 9.6510086 | R9: =512/1000*60 -> 30.72
B10: ='Man hole with 2nd Class Bricks'!C56 -> External Plastering in CM(1:4) of 12 mm thick vertical portion Pix(.9+.23*2)x0.40 and sloped portion Pix(1.36+1.01)/2x(0.6-.25) Dedcut Pipe Portion 2xPI()/4x0.23x0.23=2.9325 | C10: 10 Sqm | D10: ='Man hole with 2nd Class Bricks'!E56 -> 2.9325 | E10: =0.15*(0.5*40+0.5*97.5) -> 10.3125 | F10: =E10*D10 -> 30.241406 | H10: =D10 -> 2.9325 | I10: =0.15*(0.5*97.5)*0.8 -> 5.85 | J10: =I10*H10 -> 17.155125
B11: ='Man hole with 2nd Class Bricks'!C57 -> Internal Plastering in CM(1:4) of 20 mm thick uniform portion PIx0.90x0.4 and Sloped Portion Pix(0.90+0.56)/2x(.6-.25) Dedcut Pipe Portion 2xPI()/4x0.23x0.23=1.2777 | C11: 10 Sqm | D11: ='Man hole with 2nd Class Bricks'!E57 -> 1.2777 | E11: =0.21*(0.5*40+0.5*97.5) -> 14.4375 | F11: =E11*D11 -> 18.446794 | H11: =D11 -> 1.2777 | I11: =0.21*(0.5*97.5)*0.8 -> 8.19 | J11: =I11*H11 -> 10.464363
D12: ='Final Estimate'!E50 -> 40 | F12: =SUM(F7:F11) -> 116.76294 | G12: =F12*D12 -> 4670.5175 | H12: =D12 -> 40 | J12: =SUM(J7:J11) -> 77.980878 | K12: =J12*H12 -> 3119.2351
B13: 300 mm dia
B14: ='Man hole with 2nd Class Bricks'!C71 -> CC in CM( 1:4:8) PI/4x(0.9+0.46+0.3)x0.15=0.325 | C14: Cum | D14: ='Man hole with 2nd Class Bricks'!E71 -> 0.325 | E14: =E7 -> 118.6875 | F14: =E14*D14 -> 38.573438 | H14: =D14 -> 0.325 | I14: =I7 -> 87.75 | J14: =I14*H14 -> 28.51875
B15: ='Man hole with 2nd Class Bricks'!C72 -> 2nd Class Brick Masonory in cm (1: 6) Prop using 2nd class bricks for Uniform Section( PIx1.13x0.23x0.4)-(PI/4*0.4*0.4*.23*2)=0.269 | C15: Cum | D15: ='Man hole with 2nd Class Bricks'!E72 -> 0.269 | E15: =E8 -> 53.686 | F15: =E15*D15 -> 14.441534 | H15: =D15 -> 0.269 | I15: =I8 -> 39.7488 | J15: =I15*H15 -> 10.692427
B16: ='Man hole with 2nd Class Bricks'!C73 -> 2nd Class Brick Masonory work in cm (1: 6) )Prop using 2nd class bricks for Carbelling Portion Pix(1.13+0.78)/2x0.23x(0.6-.25)=0.243 | C16: Cum | D16: ='Man hole with 2nd Class Bricks'!E73 -> 0.243 | E16: =E9 -> 53.686 | F16: =E16*D16 -> 13.045698 | H16: =D16 -> 0.243 | I16: =I9 -> 39.7488 | J16: =I16*H16 -> 9.6589584
B17: ='Man hole with 2nd Class Bricks'!C74 -> External Plastering in CM(1:4) of 12 mm thick vertical portion Pix(.9+.23*2)x0.40 and sloped portion Pix(1.36+1.01)/2x(0.6-.25) Dedcut Pipe Portion 2xPI()/4x0.4x0.4=2.766 | C17: 10 Sqm | D17: ='Man hole with 2nd Class Bricks'!E74 -> 2.766 | E17: =E10 -> 10.3125 | F17: =E17*D17 -> 28.524375 | H17: =D17 -> 2.766 | I17: =I10 -> 5.85 | J17: =I17*H17 -> 16.1811
B18: ='Man hole with 2nd Class Bricks'!C75 -> Internal Plastering in CM(1:4) of 20 mm thick uniform portion PIx0.90x0.4 and Sloped Portion Pix(0.90+0.56)/2x(.6-.25) Dedcut Pipe Portion 2xPI()/4x0.40x0.40=0.803 | C18: 10 Sqm | D18: ='Man hole with 2nd Class Bricks'!E75 -> 0.803 | E18: =E11 -> 14.4375 | F18: =E18*D18 -> 11.593313 | H18: =D18 -> 0.803 | I18: =I11 -> 8.19 | J18: =I18*H18 -> 6.57657
D19: ='Final Estimate'!E51 -> 45 | F19: =SUM(F14:F18) -> 106.17836 | G19: =F19*D19 -> 4778.0261 | H19: =D19 -> 45 | J19: =SUM(J14:J18) -> 71.627806 | K19: =J19*H19 -> 3223.2513
B20: 450 mm dia
B21: ='Man hole with 2nd Class Bricks'!C89 -> CC in CM( 1:4:8) PI/4x(0.9+0.46+0.3)x0.15=0.325 | C21: Cum | D21: ='Man hole with 2nd Class Bricks'!E89 -> 0.325 | E21: =E14 -> 118.6875 | F21: =E21*D21 -> 38.573438 | H21: =D21 -> 0.325 | I21: =I14 -> 87.75 | J21: =I21*H21 -> 28.51875
B22: ='Man hole with 2nd Class Bricks'!C90 -> 2nd Class Brick Masonory in cm (1: 6) Prop using 2nd class bricks for Uniform Section( PIx1.13x0.23x0.4)-(PI/4*0.58*0.5*8.23*2)=0.205 | C22: Cum | D22: ='Man hole with 2nd Class Bricks'!E90 -> 0.205 | E22: =E15 -> 53.686 | F22: =E22*D22 -> 11.00563 | H22: =D22 -> 0.205 | I22: =I15 -> 39.7488 | J22: =I22*H22 -> 8.148504
B23: ='Man hole with 2nd Class Bricks'!C91 -> 2nd Class Brick Masonory work in cm (1: 6) )Prop using 2nd class bricks for Carbelling Portion Pix(1.13+0.78)/2x0.23x(0.6-.25)=0.243 | C23: Cum | D23: ='Man hole with 2nd Class Bricks'!E91 -> 0.243 | E23: =E16 -> 53.686 | F23: =E23*D23 -> 13.045698 | H23: =D23 -> 0.243 | I23: =I16 -> 39.7488 | J23: =I23*H23 -> 9.6589584
B24: ='Man hole with 2nd Class Bricks'!C92 -> External Plastering in CM(1:4) of 12 mm thick vertical portion Pix(.9+.23*2)x0.40 and sloped portion Pix(1.36+1.01)/2x(0.6-.25) Dedcut Pipe Portion 2xPI()/4x0.23x0.23=2.489 | C24: 10 Sqm | D24: ='Man hole with 2nd Class Bricks'!E92 -> 2.489 | E24: =E17 -> 10.3125 | F24: =E24*D24 -> 25.667813 | H24: =D24 -> 2.489 | I24: =I17 -> 5.85 | J24: =I24*H24 -> 14.56065
B25: ='Man hole with 2nd Class Bricks'!C93 -> Internal Plastering in CM(1:4) of 20 mm thick uniform portion PIx0.90x0.4 and Sloped Portion Pix(0.90+0.56)/2x(.6-.25) Dedcut Pipe Portion 2xPI()/4x0.25x0.25=0.294 | C25: 10 Sqm | D25: ='Man hole with 2nd Class Bricks'!E93 -> 0.294 | E25: =E18 -> 14.4375 | F25: =E25*D25 -> 4.244625 | H25: =D25 -> 0.294 | I25: =I18 -> 8.19 | J25: =I25*H25 -> 2.40786
D26: ='Final Estimate'!E52 -> 20 | F26: =SUM(F21:F25) -> 92.537203 | G26: =F26*D26 -> 1850.7441 | H26: =D26 -> 20 | J26: =SUM(J21:J25) -> 63.294722 | K26: =J26*H26 -> 1265.8944
B27: ='[40] Brickwork Manhole '!C63 -> Additional manhole 0.10 M depth constructon of 0.90 circular sewer man hole of 0.90 mts depth with 2nd Class bricks in CM(1:6) Prop as per specification etc complete. benching / chanelling,internal plastreng with 20 mm thick cm 1:4 and External Plasterng with 12mm thick CM (1:4) with fine rendering including cost and fixing of CI steps and fixing FC/ CI cover and frame but excluding the cost of cover and frame, including the cost and conveyance of all materials at site complete and curing for 21 days complete all taxes seignarage charges as per specification etc complete.
B28: ='Man hole with 2nd Class Bricks'!C105 -> 2nd ClassBrick Masonory work in cm (1: 6) )portion for Uniform Section PIx1.13x0.23x0.10 =0.531 | C28: Cum | D28: ='Man hole with 2nd Class Bricks'!E105 -> 0.531 | E28: =E35 -> 53.686 | F28: =E28*D28 -> 28.507266 | H28: =0.082 -> 0.082 | I28: =I35 -> 39.7488 | J28: =I28*H28 -> 3.2594016
B29: ='Man hole with 2nd Class Bricks'!C106 -> External Plastering in CM(1:4) of 12 mm thick vertical portion PIx1.36x0..10=2.777 | C29: 10 Sqm | D29: ='Man hole with 2nd Class Bricks'!E106 -> 2.777 | E29: =E37 -> 10.3125 | F29: =E29*D29 -> 28.637813 | H29: 0.427 | I29: =I37 -> 5.85 | J29: =I29*H29 -> 2.49795
B30: ='Man hole with 2nd Class Bricks'!C107 -> Internal Plastering in CM(1:4) of 20 mm thick uniform portion PIx0.90x0.10=1.838 | C30: 10 Sqm | D30: ='Man hole with 2nd Class Bricks'!E107 -> 1.838 | E30: =E38 -> 14.4375 | F30: =E30*D30 -> 26.536125 | H30: 0.283 | I30: =I38 -> 8.19 | J30: =I30*H30 -> 2.31777
D31: ='Final Estimate'!E55 -> 210 | F31: =SUM(F28:F30) -> 83.681204 | G31: =F31*D31 -> 17573.053 | H31: =D31 -> 210 | J31: =SUM(J28:J30) -> 8.0751216 | K31: =J31*H31 -> 1695.7755
B32: ='Man hole with 2nd Class Bricks'!C223 -> Constructon of 1.20 M Circular Sewer Man hole of 1.20 mts x 0.55 m of 1.65 M depths with 2nd Class bricks in cm 1:6 prop and corbelling too including cc bed ( 1:4:8 ) prop using 40 mm gauge HG Metal 0.10 mt thick and CC (1:2:4) Prop benching / chanelling,internal plastreng with 20 mm thick cm 1:4 and External Plasterng with 12mm thick CM (1:4) with fine rendering including cost and fixing of CI steps and fixing FC/ CI cover and frame but excluding the cost of cover and frame, including the cost and conveyance of all materials at site complete and curing for 21 days complete all taxes seignarage charges as per specification etc complete.
B33: 450 mm dia
B34: ='Man hole with 2nd Class Bricks'!C229 -> CC in CM( 1:4:8) PI/4x(1.2+0.35*2+0.3)x0.2=0.7603 | C34: Cum | D34: ='Man hole with 2nd Class Bricks'!E229 -> 0.7603 | E34: =E14 -> 118.6875 | F34: =E34*D34 -> 90.238106 | H34: 0.213 | I34: =I14 -> 87.75 | J34: =I34*H34 -> 18.69075
B35: ='Man hole with 2nd Class Bricks'!C230 -> 2nd Class Brick Masonory in cm (1: 6) Prop using 2nd class bricks for Uniform Section( PIx1.55x0.35x0.15)+( PIx1.43x0.23x0.5)-(PI/4*0.58*0.58*avg Thick*2)=0.6343 | C35: Cum | D35: ='Man hole with 2nd Class Bricks'!E230 -> 0.6343 | E35: =E15 -> 53.686 | F35: =E35*D35 -> 34.05303 | H35: 0.226 | I35: =I15 -> 39.7488 | J35: =I35*H35 -> 8.9832288
B36: ='Man hole with 2nd Class Bricks'!C231 -> 2nd Class Brick Masonory work in cm (1: 6) )Prop using 2nd class bricks for Carbelling Portion Pix(1.46+0.78)/2x0.23x(1.00-.25)=0.6015 | C36: Cum | D36: ='Man hole with 2nd Class Bricks'!E231 -> 0.6015 | E36: =E16 -> 53.686 | F36: =E36*D36 -> 32.292129 | H36: 0.483 | I36: =I16 -> 39.7488 | J36: =I36*H36 -> 19.19867
B37: ='Man hole with 2nd Class Bricks'!C232 -> External Plastering in CM(1:4) of 12 mm thick vertical portion Pix(1.2+.35*2)x0.15+Pix(1.20+.23*2)*0.50 and sloped portion Pix(1.2+.46+1.01)/2x(1.00-.25) Dedcut Pipe Portion 2xPI()/4x0.58x0.58=6.1322 | C37: 10 Sqm | D37: ='Man hole with 2nd Class Bricks'!E232 -> 6.1322 | E37: =E17 -> 10.3125 | F37: =E37*D37 -> 63.238312 | H37: 3.857 | I37: =I17 -> 5.85 | J37: =I37*H37 -> 22.56345
B38: ='Man hole with 2nd Class Bricks'!C233 -> Internal Plastering in CM(1:4) of 20 mm thick uniform portion PIx1.20x0.15+Pix1.20*0.50 and Sloped Portion Pix(1.20+0.56)/2x(1.00-.25) Dedcut Pipe Portion 2xPI()/4x0.58x0.58=2.3369 | C38: 10 Sqm | D38: ='Man hole with 2nd Class Bricks'!E233 -> 2.3369 | E38: =E18 -> 14.4375 | F38: =E38*D38 -> 33.738994 | H38: 2.535 | I38: =I18 -> 8.19 | J38: =I38*H38 -> 20.76165
D39: ='Final Estimate'!E59 -> 20 | F39: =SUM(F34:F38) -> 253.56057 | G39: =F39*D39 -> 5071.2114 | H39: =D39 -> 20 | J39: =SUM(J34:J38) -> 90.197749 | K39: =J39*H39 -> 1803.955
B40: ='Man hole with 2nd Class Bricks'!C302 -> Additional manhole 0.10 M depth constructon of 1.2 circular sewer man hole of 1.65-2.3 mts depth with 2nd Class bricks in CM(1:6) Prop as per specification etc complete. benching / chanelling,internal plastreng with 20 mm thick cm 1:4 and External Plasterng with 12mm thick CM (1:4) with fine rendering including cost and fixing of CI steps and fixing FC/ CI cover and frame but excluding the cost of cover and frame, including the cost and conveyance of all materials at site complete and curing for 21 days complete all taxes seignarage charges as per specification etc complete.
B41: ='Man hole with 2nd Class Bricks'!C303 -> 2nd ClassBrick Masonory work in cm (1: 6) )portion for Uniform Section PIx1.43x0.23x0.10 =1.1078 | C41: Cum | D41: ='Man hole with 2nd Class Bricks'!E303 -> 1.1078 | E41: =E35 -> 53.686 | F41: =E41*D41 -> 59.473351 | H41: =0.082 -> 0.082 | I41: =I35 -> 39.7488 | J41: =I41*H41 -> 3.2594016
B42: ='Man hole with 2nd Class Bricks'!C304 -> External Plastering in CM(1:4) of 12 mm thick vertical portion PIx1.36x0..10=3.8799 | C42: 10 Sqm | D42: ='Man hole with 2nd Class Bricks'!E304 -> 3.8799 | E42: =E37 -> 10.3125 | F42: =E42*D42 -> 40.011469 | H42: 0.427 | I42: =I37 -> 5.85 | J42: =I42*H42 -> 2.49795
B43: ='Man hole with 2nd Class Bricks'!C305 -> Internal Plastering in CM(1:4) of 20 mm thick uniform portion PIx01.20x0.10=2.45 | C43: 10 Sqm | D43: ='Man hole with 2nd Class Bricks'!E305 -> 2.45 | E43: =E38 -> 14.4375 | F43: =E43*D43 -> 35.371875 | H43: 0.283 | I43: =I38 -> 8.19 | J43: =I43*H43 -> 2.31777
D44: ='Final Estimate'!I62 -> 40 | F44: =SUM(F41:F43) -> 134.85669 | G44: =F44*D44 -> 5394.2678 | H44: =D44 -> 40 | J44: =SUM(J41:J43) -> 8.0751216 | K44: =J44*H44 -> 323.00486
B46: Cc road | C46: cum | D46: ='Final Estimate'!I77 -> 382.5 | E46: =0.9*97.5+0.45*(0.5*97.5+0.5*40) -> 118.6875 | F46: =E46*D46 -> 45397.969 | G46: =F46 -> 45397.969 | H46: =D46 -> 382.5 | I46: =0.8*(0.9*97.5+0.45*(0.5*97.5)) -> 87.75 | J46: =I46*H46 -> 33564.375 | K46: =J46 -> 33564.375
G47: =SUM(G6:G46) -> 84735.788 | K47: =SUM(K6:K46) -> 44995.491
B52: ='[40] Estimate'!B93 -> Asst., Engineer | D52: ='[40] Estimate'!F93 -> Dy .Executive.Engineer | G52: ='Spec Report'!E30 -> Executive Engineer
B53: ='[40] Estimate'!B94 -> PR SD Amangal | D53: ='[40] Estimate'!F94 -> PR SD Amangal | G53: ='Spec Report'!E31 -> PR Div Ibrahimpatnam

Sheet  Estimate
A1: D E T A I L E D A N D A B S T R A C T E S T I M A T E
A2: Providing Under Ground Drainage to Layout at Mokila Sy.no 96/P of Mokila (V) , Shankarpally (M), R.R.Dist.
A3: S.No | B3: Description of item | C3: Nos. | F3: Measurements | I3: Qty | J3: Rate/Per | K3: Total Amount | L3: Rate/Per
F4: L | G4: B | H4: D
A5: 1 | B5: =A5+1 -> 2 | C5: =B5+1 -> 3 | F5: =C5+1 -> 4 | G5: 5 | H5: 6 | I5: 7 | J5: 8 | K5: 9 | L5: 8
A6: 1 | B6: Excavation for underground drainage lines in soil with hydraulic excavator of 0.9 cum bucket capacity in narrow trenches including cutting and loading, trimming bottom and side slopes, in accordance with requirements of lines, grades and cross-sections, setting out, construction of shoring strutting and bracing, removal of stumps and other deleterious material and disposal with all lifts and lead upto 1000 m including dressing of sides and bottom backfilling as per Technical Specification Clause 302.3 MORD / 301 MORTH for Pipe Line Trenches, including provision for narrow trenches in restricted areas, including contractor's profit and overhead charges but excluding Seigniorage Charges, compete for finished items of work and as directed by Engineer-in charge
B8: For 200mm Dia | C8: 1 | D8: x | E8: 1 | F8: 13849 | G8: 0.9 | H8: 1.2 | I8: =C8*E8*F8*G8*H8 -> 14956.92 | N8: =I8*90% -> 13461.228 | P8: 200mm | Q8: 4055 | R8: 4100 | T8: =R8/30 -> 136.66667
B9: For 300mm Dia | C9: 1 | D9: x | E9: 1 | F9: 724 | G9: 0.9 | H9: 1.2 | I9: =C9*E9*F9*G9*H9 -> 781.92 | N9: =I9*90% -> 703.728 | P9: 300mm | Q9: 257 | R9: 275 | T9: =R9/30 -> 9.1666667
B10: For 300 mm dia (100 ft, 80 ft & 60 ft roads) | C10: 1 | D10: x | E10: 1 | F10: 3171.22 | G10: 0.9 | H10: 1.2 | I10: =C10*E10*F10*G10*H10 -> 3424.9176
B11: For 450mm Dia | C11: 1 | D11: x | E11: 1 | F11: 235 | G11: 1.2 | H11: 1.2 | I11: =C11*E11*F11*G11*H11 -> 338.4 | N11: =I11*90% -> 304.56 | P11: 400mm | Q11: 120 | R11: 150 | T11: =R11/30 -> 5
L12: 126.67412
B13: For Man Holes | C13: 1 | D13: x | E13: 788 | F13: 0.795 | G13: =1.2*1.2 -> 1.44 | H13: 1.2 | I13: =C13*E13*F13*G13*H13 -> 1082.5229 | N13: =I13*90% -> 974.27059 | T13: =SUM(T8:T11) -> 150.83333
B14: For Man Holes For 300 mm dia (100 ft, 80 ft & 60 ft roads) | C14: 1 | D14: x | E14: 160 | F14: 0.795 | G14: =1.2*1.2 -> 1.44 | H14: 1.2 | I14: =C14*E14*F14*G14*H14 -> 219.8016
B15: Total Earthwork Qty | I15: =SUM(I8:I14) -> 20804.482 | N15: =SUM(N8:N13) -> 15443.787
B16: Take 80% | I16: =ROUND(SUM(I8:I13)*80%,2) -> 16467.74 | J16: ='Datas P7'!G20 -> 123.7 | K16: =ROUND(I16*J16,0) -> 2037059 | M16: =K16*100/$K$91 -> 3.1718587
I17: Cum. | L17: 289.86 | M17: =K17*100/$K$91 -> 0
A18: 2 | B18: Excavation for under ground drainage lines in hard rock in narrow trenches with controlled blasting by drilling, blasting and breaking, trimming of bottom and side slopes in accordance with requirements of lines, grades and cross-sections,setting out, construction of shoring, strutting and bracing, removal of stumps and other deleterious material, loading and disposal of cut rock with all lifts and leads upto 1000 m including dressing of sides and bottom, backfilling as per Technical Specification Clause 302.3.5 MORD / 301 MORTH for Pipe Line Trenchs including provision for narrow trenches in restricted areas and contractor's profit and overhead charges but excluding Seigniorage Charges,complete for finished items of work and as directed by Engineer-in charge | M18: =K18*100/$K$91 -> 0
B19: Hard rock (Blasting) | M19: =K19*100/$K$91 -> 0
B20: Total EW Qty | C20: =I15 -> 20804.482 | I20: =C20 -> 20804.482 | M20: =K20*100/$K$91 -> 0
B21: Hard Rock | C21: 0.2 | I21: =ROUND(C21*I20,2) -> 4160.9 | J21: ='Datas P7'!G67 -> 334.29 | K21: =ROUND(I21*J21,0) -> 1390947 | M21: =K21*100/$K$91 -> 2.1658122
I22: Cum | M22: =K22*100/$K$91 -> 0
A23: =A18+1 -> 3 | B23: Supplying and filling robo sand in trenches, sides of the foundations and basement with initial lead in layers not exceeding 15 cm thick consolidatiing each depposited layer by watering and rampping including cost and conveyance of water to work site and all operational incidental, labour charges hire charges and T & O Complete for finished item APSS 309 &310) and as directed by Engineer-in charge | L23: 1070.28 | M23: =K23*100/$K$91 -> 0
B24: For 200mm Dia | C24: 1 | D24: x | E24: 1 | F24: 13849 | G24: 0.9 | H24: 0.1 | I24: =H24*G24*F24*E24 -> 1246.41 | M24: =K24*100/$K$91 -> 0
B25: For 300mm Dia | C25: 1 | D25: x | E25: 1 | F25: 724 | G25: 0.9 | H25: 0.1 | I25: =H25*G25*F25*E25 -> 65.16 | M25: =K25*100/$K$91 -> 0
B26: For 300 mm dia (100 ft, 80 ft & 60 ft roads) | C26: 1 | D26: x | E26: 1 | F26: 3171.22 | G26: 0.9 | H26: 0.1 | I26: =H26*G26*F26*E26 -> 285.4098 | M26: =K26*100/$K$91 -> 0
B27: For 450mm Dia | C27: 1 | D27: x | E27: 1 | F27: 235 | G27: 1.2 | H27: 0.1 | I27: =H27*G27*F27*E27 -> 28.2
B28: For Man Holes | C28: 1 | D28: x | E28: 895 | F28: 1.5 | G28: 1.5 | H28: 0.1 | I28: =H28*G28*F28*E28 -> 201.375
I29: =ROUND(SUM(I24:I28),2) -> 1826.55 | J29: ='Datas P7'!G131 -> 1807.92 | K29: =ROUND(I29*J29,0) -> 3302256 | M29: =K29*100/$K$91 -> 5.1418684
I30: Cum | M30: =K30*100/$K$91 -> 0
A31: =+A23+1 -> 4 | B31: (BLD-CSTN 2-8)- Reffling with usefull available excavated earth / soils in trenches ,sides of foundations & basement and the pipeline trenches after laid, jointed, executed, tested with intial lead in layors not exceeding 15 cm thick , consolidating each deposited layer by watering consolidting each layer by watering and ramming including cost and conveyonce of water to work site and all operational ,incidental,labour charges,hire charges of T&P .,Complete for finished item of work and as directed by the Engineer-in-charge. | M31: =K31*100/$K$91 -> 0
B32: Total Excavated Qty | I32: =I15 -> 20804.482 | M32: =K32*100/$K$91 -> 0
L33: 37.623757 | M33: =K33*100/$K$91 -> 0
M34: =K34*100/$K$91 -> 0
B35: deduct pipe volume (200mm dia) | C35: 1 | D35: x | E35: 1 | F35: =F8 -> 13849 | G35: 0.795 | H35: =0.2*0.2 -> 0.04 | I35: =-C35*E35*F35*G35*H35 -> -440.3982 | M35: =K35*100/$K$91 -> 0
B36: deduct pipe volume (300mm dia) | C36: 1 | D36: x | E36: 1 | F36: =F9 -> 724 | G36: 0.795 | H36: =0.3*0.3 -> 0.09 | I36: =-C36*E36*F36*G36*H36 -> -51.8022 | L36: 1011.28 | M36: =K36*100/$K$91 -> 0
B37: deduct pipe volume (300mm dia) | C37: 1 | D37: x | E37: 1 | F37: =F10 -> 3171.22 | G37: 0.795 | H37: =0.3*0.3 -> 0.09 | I37: =-C37*E37*F37*G37*H37 -> -226.90079
B38: deduct pipe volume (450mm dia) | C38: 1 | D38: x | E38: 1 | F38: =F11 -> 235 | G38: 0.795 | H38: =0.45*0.45 -> 0.2025 | I38: =-C38*E38*F38*G38*H38 -> -37.832063 | L38: 1625.73 | M38: =K38*100/$K$91 -> 0
B39: deduct stonedust qty | I39: =-I29 -> -1826.55 | M39: =K39*100/$K$91 -> 0 | O39: =0.2+0.45 -> 0.65
I40: =ROUND(SUM(I32:I39),2) -> 18221 | J40: ='Datas P7'!G142 -> 33.75 | K40: =ROUND(I40*J40,0) -> 614959 | M40: =K40*100/$K$91 -> 0.95753881
I41: Cum | L41: 1696.91 | M41: =K41*100/$K$91 -> 0
A42: =A31+1 -> 5 | B42: Supply, Lowering, laying and jointing of 200mm dia SWG SP1 pipe in ready made trench true to alignment and gradient,jointing, and testing of stone ware pipes including cost of jointing material such as cement mortar (1:1) proportion and hemp yarn including cost and conveyance of pipe. (Reference to specifications BIS No.6530/72) PHE-LJSW-13 including loading and unloading, Contractor's profit and overhead charges complete for finished item and as directed by the Engineer-in-charge. | L42: 2768.28 | M42: =K42*100/$K$91 -> 0
B43: For 200mm SWG SP1 Pipe | C43: 1 | D43: x | E43: 1 | F43: =F8 -> 13849 | G43: - | H43: - | I43: =F43 -> 13849 | J43: ='stoneware pipes'!G58 -> 1444.09 | K43: =ROUND(I43*J43,0) -> 19999202 | L43: per Rm | M43: =K43*100/$K$91 -> 31.140307
I44: Rmt | L44: ` | M44: =K44*100/$K$91 -> 0
A45: =A42+1 -> 6 | B45: Manufacture, Supply and Delivery of various internal dia R.C.C. NP 3 Spun / Vibrated Cast (Reinforced) Socket and Spigot pipes with M35 grade concrete conforming to B.I.S. 458/2003 at exfactory (rate per meter of effective length) in standard lengths using Sulphate Resistant Cement confirming to IS 12330/1998 including laying and jointing, lowering in the readymade trenches,cost of rubber rings, conveyance to site inclding cost of all materials unloading, hoisting, laying true to aligmnet and gradient by using cranes jointing with rubber rings all other incidental and operational charges and testing,contractor's profit and overhead charges but excluding Seignorage Chrages etc., complete for finished item of work and as directed by the Engineer-in-charge. | L45: 8244.41 | M45: =K45*100/$K$91 -> 0
B46: For 300mm RCC | C46: 1 | D46: x | E46: 1 | F46: =F25+F26 -> 3895.22 | I46: =C46*E46*F46 -> 3895.22 | J46: =pipes!I13 -> 1675.25 | K46: =ROUND(I46*J46,0) -> 6525467 | L46: 8035.83 | M46: =K46*100/$K$91 -> 10.160658 | P46: =F46/30 -> 129.84067 | Q46: 15
B47: For 450 mm RCC | C47: 1 | D47: x | E47: 1 | F47: =F27 -> 235 | I47: =C47*E47*F47 -> 235 | J47: =pipes!I14 -> 2639.96 | K47: =ROUND(I47*J47,0) -> 620391 | L47: 7537.08 | M47: =K47*100/$K$91 -> 0.96599685 | P47: =F47/30 -> 7.8333333 | Q47: 15 | S47: 80
J48: per Rm | M48: =K48*100/$K$91 -> 0 | Q48: =SUM(Q46:Q47) -> 30 | T48: =Q48+S47 -> 110
A49: =A45+1 -> 7 | B49: Constructon of 0.90 M Circular Sewer Man hole of 0.90 mts x 0.56m of 1.0 M depths with Fly ash cement solid blocks with compressive strength of 50 kg/sq.cm - IS:12894-1990 - CLASS - 5,225 x 100 x 60 mm in cm 1:6 prop and corbelling too including CC bed ( 1: 4 : 8 ) prop using 40 mm gauge HG Metal 0.15 mt thick and CC (1:2:4) Prop benching / chanelling,internal plastering with 20 mm thick cm 1:4 and External Plastering with 12mm thick CM (1:4) with fine rendering including cost and fixing of CI steps and fixing FC/ CI cover and frame but excluding the cost of cover and frame, including the cost and conveyance of all materials at site complete and curing for 21 days, contractors profit and overhead charges but excluding seignarage charges as per specification etc., with various dia pipe. complete for finished item of work and as directed by the Engineer-in-charge. | J49: ` | M49: =K49*100/$K$91 -> 0
B50: For 1.0 m Depth 200 Pipe Line | C50: 1 | D50: x | E50: 461 | I50: =C50*E50 -> 461 | J50: ='Man hole with 2nd Class Bricks'!G64 -> 8246.78 | K50: =ROUND(I50*J50,0) -> 3801766 | L50: 913.79385 | M50: =K50*100/$K$91 -> 5.9196442 | N50: =170-50 -> 120 | O50: =1160/25 -> 46.4
B51: for 1.0 m Depth 300 Pipe Line | C51: 1 | D51: x | E51: 6 | I51: =C51*E51 -> 6 | J51: ='Man hole with 2nd Class Bricks'!G82 -> 7541.51 | K51: =ROUND(I51*J51,0) -> 45249
B52: for 1.0 m Depth 450 Pipe Line | C52: 1 | D52: x | E52: 1 | I52: =C52*E52 -> 1 | J52: ='Man hole with 2nd Class Bricks'!G101 -> 6595.26 | K52: =ROUND(I52*J52,0) -> 6595
I53: No's | L53: 18677.95 | M53: =K53*100/$K$91 -> 0
A54: =A49+1 -> 8 | B54: Construction of additional man hole 0.10 m depth, construction of 0.90 m circular sewer manhole of 1 to 1.65 m depth with Fly ash cement solid blocks with compressive strength of 50 kg/sq.cm - IS:12894-1990 - CLASS - 5,225 x 100 x 60 mm in CM (1:6) prop as per specification, etc. complete. Internal plastering with 20 mm thick in CM (1:4) and external plastering with 12 mm thick in CM(1:4) with fine rendering including cost and fixing of CI steps and fixing FC/CI cover and frame but excluding the cost of cover and frame, including the cost and conveyance of all materials at site, complete and curing for 21 days complete, Contractor's profit and overhead charges but excluding seigniorage charges as per specification etc., complete for finished item of work and as directed by the Engineer-in-charge | L54: 17907.14 | M54: =K54*100/$K$91 -> 0 | O54: =55*6 -> 330
C55: 1 | D55: x | E55: =914+18+0 -> 932 | I55: =E55 -> 932 | J55: ='Man hole with 2nd Class Bricks'!G112 -> 842.19 | K55: =ROUND(I55*J55,0) -> 784921 | L55: 19004.74 | M55: =K55*100/$K$91 -> 1.2221828
I56: No's | M56: =K56*100/$K$91 -> 0
A57: =A54+1 -> 9 | B57: Construction of circular sewer man hole of 1.20 m x 0.56 m of 1.65 m depths with Fly ash cement solid blocks with compressive strength of 50 kg/sq.cm - IS:12894-1990 - CLASS - 5,225 x 100 x 60 mm in CM 1:6 prop and corbellng too, including CC bed (1:4:8) prop using 40 mm guage HG metal 0.20 m thick and CC (1:2:4) prop. Benching / chanelling ,internal plastering with 20 mm thick in CM (1:4) and external plastering with 12 mm thick in CM(1:4)with fine rendering including cost and fixing of CI steps and fixing FC/CI cover and frame but excluding the cost of cover and frame, including the cost and conveyance of all materials at site complete and curing for 21 days, complete, contractor's Profit and overhead charges but excluding seignorage charges as per specification, etc. with various dia pipe complete for finished item of work and as directed by the Engineer-in-charge. | M57: =K57*100/$K$91 -> 0
B58: Above 1.65 m and below 2.3m depth 200 mm dia Pipe | C58: 1 | D58: x | E58: 98 | I58: =E58 -> 98 | J58: ='Man hole with 2nd Class Bricks'!G151 -> 18736.02 | K58: =ROUND(I58*J58,0) -> 1836130 | L58: 1814.08
B59: Above 1.65 m and below 2.3m depth 300 mm dia Pipe | C59: 1 | D59: x | E59: 4 | I59: =E59 -> 4 | J59: ='Man hole with 2nd Class Bricks'!G172 -> 17636.28 | K59: =ROUND(I59*J59,0) -> 70545 | M59: =K59*100/$K$91 -> 0.10984403 | O59: =270/30 -> 9 | P59: 10
B60: for (100 ft, 80 ft & 60 ft roads) other side Above 1.65 m and below 2.3m depth 300 mm dia Pipe | C60: 1 | D60: x | E60: 160 | I60: =E60 -> 160 | J60: ='Man hole with 2nd Class Bricks'!G172 -> 17636.28 | K60: =ROUND(I60*J60,0) -> 2821805
B61: Above 1.65 m and below 2.3 m depth 450 mm dia Pipe | C61: 1 | D61: x | E61: 3 | I61: =E61 -> 3 | J61: ='Man hole with 2nd Class Bricks'!G241 -> 16780.86 | K61: =ROUND(I61*J61,0) -> 50343 | L61: 0 | M61: =K61*100/$K$91 -> 0.078387951 | O61: =450/30 -> 15 | P61: 15
I62: No's | L62: 0 | M62: =K62*100/$K$91 -> 0
A63: =A57+1 -> 10 | B63: Construction of Additional manhole 0.10 M depth constructon of 1.2 circular sewer man hole of 1.65-2.3 mts depth with Fly ash cement solid blocks with compressive strength of 50 kg/sq.cm - IS:12894-1990 - CLASS - 5,225 x 100 x 60 mm in CM(1:6) Prop as per specification etc complete. Internal plastering with 20 mm thick CM (1:4) and External plastering with 12mm thick CM (1:4) with fine rendering including cost and fixing of CI steps and fixing FC/ CI cover and frame but excluding the cost of cover and frame, including the cost and conveyance of all materials at site complete and curing for 21 days complete, Contractor's profit and overhead charges, but excluding seignarage charges as per specification etc.complete for finished item of work and as directed by the Engineer-in-charge. | L63: 38505.39 | M63: =K63*100/$K$91 -> 0 | N63: =20*3 -> 60 | Q63: =#REF!+P61+P59 -> #REF!
C64: 1 | D64: x | E64: =297+6+15 -> 318 | I64: =ROUNDUP(E64,0) -> 318 | J64: ='Man hole with 2nd Class Bricks'!G308 -> 1838.0662 | K64: =ROUND(I64*J64,0) -> 584505 | M64: =K64*100/$K$91 -> 0.91011957 | O64: =P59*4 -> 40
B65: for (100 ft, 80 ft & 60 ft roads) other side Above 1.65 m and below 2.3m depth 300 mm dia Pipe | C65: 1 | D65: x | E65: =3*160 -> 480 | I65: =ROUNDUP(E65,0) -> 480 | J65: ='Man hole with 2nd Class Bricks'!G308 -> 1838.0662 | K65: =ROUND(I65*J65,0) -> 882272
I66: No's | L66: 2165.6767 | M66: =K66*100/$K$91 -> 0 | O66: =P61*4 -> 60
A67: 11 | B67: ='Man hole with 2nd Class Bricks'!C329 -> Constructon of 1.50 M Circular Sewer Man hole of 1.20 mts x 0.56 m of 2.3 M depths with 2nd Class bricks in cm 1:6 prop and corbelling too including cc bed ( 1:4:8 ) prop using 40 mm gauge HG Metal 0.10 mt thick and CC (1:2:4) Prop benching / chanelling,internal plastreng with 20 mm thick cm 1:4 and External Plasterng with 12mm thick CM (1:4) with fine rendering including cost and fixing of CI steps and fixing FC/ CI cover and frame but excluding the cost of cover and frame, including the cost and conveyance of all materials at site complete and curing for 21 days complete all taxes seignarage charges as per specification etc complete.
B68: Above 2.30 m and below 3.00m depth 200 mm dia Pipe | C68: 1 | D68: x | E68: =79+97 -> 176 | I68: =E68 -> 176 | J68: ='Man hole with 2nd Class Bricks'!G368 -> 40084.12 | K68: =ROUND(I68*J68,0) -> 7054805
B69: Above 2.30 m and below 3.00m depth 300 mm dia Pipe | C69: 1 | D69: x | E69: =3+26 -> 29 | I69: =E69 -> 29 | J69: ='Man hole with 2nd Class Bricks'!G347 -> 37586.99 | K69: =ROUND(I69*J69,0) -> 1090023 | L69: 2911
B70: Above 2.30 m and below 3.00m depth 450 mm dia Pipe | C70: 1 | D70: x | E70: =3+7 -> 10 | I70: =E70 -> 10 | J70: ='Man hole with 2nd Class Bricks'!G388 -> 35737.26 | K70: =ROUND(I70*J70,0) -> 357373
I71: No's
A73: 12 | B73: ='Man hole with 2nd Class Bricks'!C450 -> Additional manhole 0.10 M depth constructon of 1.5 circular sewer man hole of 2.3 mts - 3.0mts depth with 2nd Class bricks in CM(1:6) Prop as per specification etc complete. benching / chanelling,internal plastreng with 20 mm thick cm 1:4 and External Plasterng with 12mm thick CM (1:4) with fine rendering including cost and fixing of CI steps and fixing FC/ CI cover and frame but excluding the cost of cover and frame, including the cost and conveyance of all materials at site complete and curing for 21 days complete all taxes seignarage charges as per specification etc complete.
C74: 1 | D74: x | E74: =214+11+13 -> 238 | I74: =E74 -> 238 | J74: ='Man hole with 2nd Class Bricks'!G457 -> 1957.2 | K74: =ROUND(I74*J74,0) -> 465814
I75: Nos
A76: 13 | B76: ='Man hole with 2nd Class Bricks'!C459 -> Additional manhole 0.10 M depth constructon of 1.5 circular sewer man hole of 3.0 mts - 5.0mts depth with 2nd Class bricks in CM(1:6) Prop as per specification etc complete. benching / chanelling,internal plastreng with 20 mm thick cm 1:4 and External Plasterng with 12mm thick CM (1:4) with fine rendering including cost and fixing of CI steps and fixing FC/ CI cover and frame but excluding the cost of cover and frame, including the cost and conveyance of all materials at site complete and curing for 21 days complete all taxes seignarage charges as per specification etc complete.
C77: 1 | D77: x | E77: =1684+994+137 -> 2815 | I77: =E77 -> 2815 | J77: ='Man hole with 2nd Class Bricks'!G466 -> 2595.27 | K77: =ROUND(I77*J77,0) -> 7305685
I78: Nos
B81: ='Man hole with 2nd Class Bricks'!C390 -> Constructon of 1.50 M Circular Sewer Man hole of 1.20 mts x 0.56 m of 3.0 M depths with 2nd Class bricks in cm 1:6 prop and corbelling too including cc bed ( 1:4:8 ) prop using 40 mm gauge HG Metal 0.10 mt thick and CC (1:2:4) Prop benching / chanelling,internal plastreng with 20 mm thick cm 1:4 and External Plasterng with 12mm thick CM (1:4) with fine rendering including cost and fixing of CI steps and fixing FC/ CI cover and frame but excluding the cost of cover and frame, including the cost and conveyance of all materials at site complete and curing for 21 days complete all taxes seignarage charges as per specification etc complete.
B82: 3.00m depth 200 mm dia Pipe | C82: 1 | D82: x | E82: 97 | I82: =E82 -> 97
B83: 3.00m depth 300 mm dia Pipe | C83: 1 | D83: x | E83: 26 | I83: =E83 -> 26
B84: 3.00m depth 450 mm dia Pipe | C84: 1 | D84: x | E84: 7 | I84: =E84 -> 7
I85: No's
A87: 14 | B87: Supply & Delivery of manhole covers with ISI marking anywhere in A.P, F.O.R destination including loading, un-loading at site, Contractor's profit and overhead charges etc as applicable ISI Mark, complete for finished item of work and as directed by the Engineer-in-charge. | M87: =K87*100/$K$91 -> 0 | O87: =#REF!*4 -> #REF!
B88: H.D.-35 with 560mm dia clear opening | C88: 1 | D88: x | E88: =E13 -> 788 | I88: =C88*E88 -> 788 | J88: ='Datas P7'!F311 -> 2716 | K88: =ROUND(I88*J88,0) -> 2140208 | L88: =K88/100000 -> 21.40208 | M88: =K88*100/$K$91 -> 3.3324697 | O88: =SUM(O64:O87) -> #REF!
B89: H.D.-35 with 560mm dia clear opening | C89: 1 | D89: x | E89: =E14 -> 160 | I89: =C89*E89 -> 160 | J89: ='Datas P7'!F311 -> 2716 | K89: =ROUND(I89*J89,0) -> 434560
I90: No's | M90: =K90*100/$K$91 -> 0
B91: Sub Total | K91: =ROUND(SUM(K6:K89),0) -> 64222880 | L91: =K91*10% -> 6422288 | M91: =K91*100/$K$91 -> 100 | N91: =M91-K91 -> -64222780
M92: =K92*100/$K$91 -> 0
M94: =K94*100/$K$91 -> 0
M95: =K95*100/$K$91 -> 0
B96: AEE | C96: Dy EE | I96: EE, DIV - II | M96: =K96*100/$K$91 -> 0
B98: Provision for GST @ 12% | K98: =ROUND(K91*0.12,0) -> 7706746
B99: Provision for Seignorage charges @ 5% | K99: =ROUND(K91*0.05,0) -> 3211144
B100: Provision for QC charges @ 0.5% | K100: =ROUND(K91*0.5%,0) -> 321114 | M100: 9633514
B101: Add supervision charges @ 3% | K101: =ROUND(K91*0.03,0) -> 1926686
B102: Provision for Price Adjestment @ 5% | K102: =ROUND(K91*0.05,0) -> 3211144
B103: L.S for Unforseen Items and Rounding off | K103: =K104-SUM(K91:K102) -> -66099714
B104: Total Estimate Cost | K104: 14500000

Sheet Man hole with 2nd Class  Bricks
A1: DETAILED DATA FOR MAN HOLES WITH 2nd Class BRICKS
A2: ='Final Estimate'!A2:K2 -> Laying of UGD line in Yadava Colony from erukali Laxmaiah (H) to Palle Jangaiah (H) main Road, Mala Kanakaiah (H) to Bollagoni Krishnaiah (H) Main Road, Nune Thirupathaiah (H) to Jilla Manoor (H)main road, Dubbaka Pullaiah (H) to Dubbaku Narsimha (H), Gyoni Jangaiah (H) to Nune Rama Swamy (H), Alli Naraiah (H) to Boyini Peddaiah (H)and Andagulu Sathaiah (H) to Salle Anasuya (H) in Yadava Colony of Madgul (V&M)
A3: SSR 2024-25
B4: 1 | C4: Constructon of 0.75 M Circular Sewer Man hole of 0.75 mts x 0.55 m of 0.75 M depths with 2nd Class bricks in cm 1:6 prop and corbelling too including cc bed ( 1: 4 : 8 ) prop using 40 mm gauge HG Metal 0.10 mt thick and CC (1:2:4) Prop benching / chanelling,internal plastreng with 20 mm thick cm 1:4 and External Plasterng with 12mm thick CM (1:4) with fine rendering including cost and fixing of CI steps and fixing FC/ CI cover and frame but excluding the cost of cover and frame, including the cost and conveyance of all materials at site complete and curing for 21 days complete all taxes seignarage charges as per specification etc complete. | H4: For 200 mm dia | J4: For 250 mm dia | L4: For 300 mm dia | N4: For 450 mm dia | P4: For 600 mm dia
C5: CC in cm( 1:4:8) PI/4x1.35x1.35x 0.10=0.143 | D5: Cum | E5: 0.143 | F5: ='Datas P7'!G226 -> 5383.29 | G5: =+ROUND(E5*F5,2) -> 769.81 | I5: 0.14 | K5: 0.14 | M5: 0.14 | O5: =M5 -> 0.14 | Q5: =O5 -> 0.14
C6: 2nd Class Brick Masonory in cm (1: 6) )portion using 2nd class bricks for PIx0.98x0.23x0.30= 0.213 Dedcut Pipe Portion PI/4*0.23*0.23*0.23*2 =0.019 i.e 0.213-0.019=0.19 | D6: Cum | E6: =O6 -> 0.13 | F6: ='Datas P7'!G273 -> 9540.84 | G6: =+ROUND(E6*F6,2) -> 1240.31 | H6: =ROUND(PI()/4*0.23*0.23*0.23*2,3) -> 0.019 | I6: =0.213-H6 -> 0.194 | J6: =ROUND(PI()/4*0.28*0.28*0.23*2,3) -> 0.028 | K6: =0.213-J6 -> 0.185 | L6: =ROUND(PI()/4*0.33*0.33*0.23*2,3) -> 0.039 | M6: =0.213-L6 -> 0.174 | N6: =ROUND(PI()/4*0.48*0.48*0.23*2,3) -> 0.083 | O6: =0.213-N6 -> 0.13 | P6: =ROUND(PI()/4*0.64*0.64*0.23*2,3) -> 0.148 | Q6: =0.213-P6 -> 0.065
C7: 2nd Class Brick Masonory in cm (1: 6) )portion using 2nd class bricks for Carbelling Portion PI*(0.98+0.78)/2*0.23*0.45=0.286 | D7: Cum | E7: =O7 -> 0.29 | F7: ='Datas P7'!G273 -> 9540.84 | G7: =+ROUND(E7*F7,2) -> 2766.84 | I7: 0.29 | K7: 0.29 | M7: 0.29 | O7: =M7 -> 0.29 | Q7: =O7 -> 0.29
C8: =CONCATENATE("External Plastering in CM(1:4) of 12 mm thick vertical portion PI*1.21*0.30 =1.139 Carbelling Portion PI(1.21+0.96)/2*.45 =1.53 ","Dedcut Pipe Portion 2*PI()/4",Lead!I37*Lead!I37) -> External Plastering in CM(1:4) of 12 mm thick vertical portion PI*1.21*0.30 =1.139 Carbelling Portion PI(1.21+0.96)/2*.45 =1.53 Dedcut Pipe Portion 2*PI()/40 | D8: 10 Sqm | E8: =O8 -> 2.307 | F8: ='Datas P7'!G298 -> 170.455 | G8: =+ROUND(E8*F8/10,2) -> 39.32 | H8: =ROUND(PI()/4*0.23*0.23*2,2) -> 0.08 | I8: =1.139+1.53-0.12 -> 2.549 | J8: =ROUND(PI()/4*0.28*0.28*2,2) -> 0.12 | K8: =1.139+1.53-0.12 -> 2.549 | L8: =ROUND(PI()/4*0.33^2*2,2) -> 0.17 | M8: =1.139+1.53-0.17 -> 2.499 | N8: =ROUND(PI()/4*0.48*0.48*2,3) -> 0.362 | O8: =1.139+1.53-N8 -> 2.307 | P8: =ROUND(PI()/4*0.64*0.64*2,3) -> 0.643 | Q8: =1.19+1.53-P8 -> 2.077
C9: Internal Plastering in CM(1:4) of 20 mm thick uniform portionPI()*0.75*0.3 =0.707, PI*(0.75+0.50)/2*0.52=1.031-PI/4*.20*.20*2=0.062 (0.707+1.02-0.062)=1.66 | D9: 10 Sqm | E9: =O9 -> 1.409 | F9: ='Datas P7'!G308 -> 2594.86 | G9: =+ROUND(E9*F9/10,2) -> 365.62 | H9: =ROUND(PI()/4*0.2*0.2*2,3) -> 0.063 | I9: =0.707+1.02-0.098 -> 1.629 | J9: =ROUND(PI()/4*0.25*0.25*2,3) -> 0.098 | K9: =0.707+1.02-0.098 -> 1.629 | L9: =ROUND(PI()/4*0.3^2,3) -> 0.071 | M9: =0.707+1.02-0.071 -> 1.656 | N9: =ROUND(PI()/4*0.45*0.45*2,3) -> 0.318 | O9: =0.707+1.02-N9 -> 1.409 | P9: =ROUND(PI()/4*0.6*0.6*2,3) -> 0.565 | Q9: =0.707+1.02-P9 -> 1.162
C10: CC Channeling with (1:2.5:5) Prop PI/4*0.75*.75*.23 =0.101 over Manhole alround for Cover PI*0.81*0.15*0.10=0.038 deduct Channel 0.75*0.2*.23 =0.0345 (0.101+0.038-0.0345=0.10) | D10: Cum | E10: =O10 -> 0.061 | F10: ='Datas P7'!G258 -> 6018.18 | G10: =+ROUND(E10*F10,2) -> 367.11 | H10: =ROUND(0.75*0.25*0.23,3) -> 0.043 | I10: =0.101+0.038-0.043 -> 0.096 | J10: =ROUND(0.75*0.25*0.23,3) -> 0.043 | K10: =0.101+0.038-0.043 -> 0.096 | L10: =ROUND(0.75*0.3*0.23,3) -> 0.052 | M10: =0.101+0.038-0.052 -> 0.087 | N10: =ROUND(0.75*0.45*0.23,3) -> 0.078 | O10: =0.101+0.038-N10 -> 0.061 | P10: =ROUND(0.75*0.6*0.23,3) -> 0.104 | Q10: =0.101+0.038-P10 -> 0.035
A11: BWM .I 89 | C11: Supplying & fixing of CI Step | D11: No | E11: 0 | F11: 66 | G11: =+ROUND(E11*F11,2) -> 0
C12: Total | D12: Each | G12: =SUM(G5:G11) -> 5549.01
C14: Add 13.615% overhead charges, Contractor profit | E14: =G12 -> 5549.01 | F14: =Lead!Q27 -> 0.13615 | G14: =ROUND(F14*E14,2) -> 755.5
C15: Add Seignarage Charges
C16: For Metal | D16: Cum | E16: =(E10+E5)*0.9 -> 0.1836 | F16: 97.5
C17: For Sand | D17: Cum | E17: =(E5+E10)*0.45+(E6+E7)*0.1+E8*0.015+E9*0.021 -> 0.197994 | F17: 40
C18: Rate per Each Man hole | F18: Rs | G18: =SUM(G12:G17) -> 6304.51
C19: Additional manhole 0.10 mt depth constructon of 0.75 circular sewer man hole of 0.75 mts depth with 2nd Class modulor bricks in CM(1:6) Prop as per specification etc complete. benching / chanelling,internal plastreng with 20 mm thick cm 1:4 and External Plasterng with 12mm thick CM (1:4) with fine rendering including cost and fixing of CI steps and fixing FC/ CI cover and frame but excluding the cost of cover and frame, including the cost and conveyance of all materials at site complete and curing for 21 days complete all taxes seignarage charges as per specification etc complete.
C20: 2nd Class Brick Masonory in cm (1: 6) )portion using 2nd class for PI..98*.23*.10=0.071 | D20: Cum | E20: 0.071 | F20: ='Datas P7'!G273 -> 9540.84 | G20: =+ROUND(E20*F20,2) -> 677.4
C21: External Plastering in CM(1:4) of 12 mm thick vertical portion PI()1.21*0.10=0.38 | D21: 10 Sqm | E21: 0.38 | F21: ='Datas P7'!G298 -> 170.455 | G21: =+ROUND(E21*F21/10,2) -> 6.48
C22: Internal Plastering in CM(1:4) of 20 mm thick uniform portion PI*1.21*.10=0.236 | D22: 10 Sqm | E22: 0.236 | F22: ='Datas P7'!G308 -> 2594.86 | G22: =+ROUND(E22*F22/10,2) -> 61.24
G23: =SUM(G20:G22) -> 745.12
C25: Add Seignarage Charges
C26: For Sand | E26: =(E21*0.15+E22*0.21)/10+E20*0.1 -> 0.017756 | F26: =F17 -> 40
C27: Rate for 0.10meters depth | G27: =SUM(G23:G26) -> 745.12
B29: +or- depth | C29: Size of Man Hole Depth | D29: OH | E29: Basic Rate | F29: cost of 0.10M depth | G29: Total Cost/ Each
B30: =B31-0.5 -> -4 | C30: Rate for 0.75 x 0.55 x0.35 M | D30: =Lead!$Q$27 -> 0.13615 | E30: =$G$12 -> 5549.01 | F30: =$G$27 -> 745.12 | G30: =ROUND((E30+B30*F30)+(E30+B30*F30)*D30,2) -> 2918.24
B31: =B32-0.5 -> -3.5 | C31: Rate for 0.75 x 0.55 x0.40 M | D31: =Lead!$Q$27 -> 0.13615 | E31: =$G$12 -> 5549.01 | F31: =$G$27 -> 745.12 | G31: =ROUND((E31+B31*F31)+(E31+B31*F31)*D31,2) -> 3341.52
B32: =B33-0.5 -> -3 | C32: Rate for 0.75 x 0.55 x0.45 M | D32: =Lead!$Q$27 -> 0.13615 | E32: =$G$12 -> 5549.01 | F32: =$G$27 -> 745.12 | G32: =ROUND((E32+B32*F32)+(E32+B32*F32)*D32,2) -> 3764.8
B33: =B34-0.5 -> -2.5 | C33: Rate for 0.75 x 0.55 x0.50 M | D33: =Lead!$Q$27 -> 0.13615 | E33: =$G$12 -> 5549.01 | F33: =$G$27 -> 745.12 | G33: =ROUND((E33+B33*F33)+(E33+B33*F33)*D33,2) -> 4188.09
B34: =B35-0.5 -> -2 | C34: Rate for 0.75 x 0.55 x0.55 M | D34: =Lead!$Q$27 -> 0.13615 | E34: =$G$12 -> 5549.01 | F34: =$G$27 -> 745.12 | G34: =ROUND((E34+B34*F34)+(E34+B34*F34)*D34,2) -> 4611.37
B35: =B36-0.5 -> -1.5 | C35: Rate for 0.75 x 0.55 x0.60 M | D35: =Lead!$Q$27 -> 0.13615 | E35: =$G$12 -> 5549.01 | F35: =$G$27 -> 745.12 | G35: =ROUND((E35+B35*F35)+(E35+B35*F35)*D35,2) -> 5034.66
B36: =B37-0.5 -> -1 | C36: Rate for 0.75 x 0.55 x0.65 M | D36: =Lead!$Q$27 -> 0.13615 | E36: =$G$12 -> 5549.01 | F36: =$G$27 -> 745.12 | G36: =ROUND((E36+B36*F36)+(E36+B36*F36)*D36,2) -> 5457.94
B37: =B38-0.5 -> -0.5 | C37: Rate for 0.75 x 0.55 x0.70 M | D37: =Lead!$Q$27 -> 0.13615 | E37: =$G$12 -> 5549.01 | F37: =$G$27 -> 745.12 | G37: =ROUND((E37+B37*F37)+(E37+B37*F37)*D37,2) -> 5881.22
B38: 0 | C38: Rate for 0.75 x 0.55 x0.75 M | D38: =Lead!$Q$27 -> 0.13615 | E38: =$G$12 -> 5549.01 | F38: =$G$27 -> 745.12 | G38: =ROUND((E38+B38*F38)+(E38+B38*F38)*D38,2) -> 6304.51
B39: 0.5 | C39: Rate for 0.75 x 0.55 x0.80 M | D39: =Lead!$Q$27 -> 0.13615 | E39: =$G$12 -> 5549.01 | F39: =$G$27 -> 745.12 | G39: =ROUND((E39+B39*F39)+(E39+B39*F39)*D39,2) -> 6727.79
B40: 1 | C40: Rate for 0.75 x 0.55 x0.85 M | D40: =Lead!$Q$27 -> 0.13615 | E40: =$G$12 -> 5549.01 | F40: =$G$27 -> 745.12 | G40: =ROUND((E40+B40*F40)+(E40+B40*F40)*D40,2) -> 7151.08
B41: =B40+0.5 -> 1.5 | C41: Rate for 0.75 x 0.55 x0.90 M | D41: =Lead!$Q$27 -> 0.13615 | E41: =$G$12 -> 5549.01 | F41: =$G$27 -> 745.12 | G41: =ROUND((E41+B41*F41)+(E41+B41*F41)*D41,2) -> 7574.36
B42: =B41+0.5 -> 2 | C42: Rate for 0.75 x 0.55 x0.95 M | D42: =Lead!$Q$27 -> 0.13615 | E42: =$G$12 -> 5549.01 | F42: =$G$27 -> 745.12 | G42: =ROUND((E42+B42*F42)+(E42+B42*F42)*D42,2) -> 7997.64
B43: =B42+0.5 -> 2.5 | C43: Rate for 0.75 x 0.55 x 1.00 M | D43: =Lead!$Q$27 -> 0.13615 | E43: =$G$12 -> 5549.01 | F43: =$G$27 -> 745.12 | G43: =ROUND((E43+B43*F43)+(E43+B43*F43)*D43,2) -> 8420.93
B44: =B43+0.5 -> 3 | C44: Rate for 0.75 x 0.55 x 1.05 M | D44: =Lead!$Q$27 -> 0.13615 | E44: =$G$12 -> 5549.01 | F44: =$G$27 -> 745.12 | G44: =ROUND((E44+B44*F44)+(E44+B44*F44)*D44,2) -> 8844.21
B45: =B44+0.5 -> 3.5 | C45: Rate for 0.75 x 0.55 x 1.10 M | D45: =Lead!$Q$27 -> 0.13615 | E45: =$G$12 -> 5549.01 | F45: =$G$27 -> 745.12 | G45: =ROUND((E45+B45*F45)+(E45+B45*F45)*D45,2) -> 9267.5
B46: =B45+0.5 -> 4 | C46: Rate for 0.75 x 0.55 x 1.15 M | D46: =Lead!$Q$27 -> 0.13615 | E46: =$G$12 -> 5549.01 | F46: =$G$27 -> 745.12 | G46: =ROUND((E46+B46*F46)+(E46+B46*F46)*D46,2) -> 9690.78
B47: =B46+0.5 -> 4.5 | C47: Rate for 0.75 x 0.55 x 1.20 M | D47: =Lead!$Q$27 -> 0.13615 | E47: =$G$12 -> 5549.01 | F47: =$G$27 -> 745.12 | G47: =ROUND((E47+B47*F47)+(E47+B47*F47)*D47,2) -> 10114.06
B48: 1 | C48: Constructon of 0.90 M Circular Sewer Man hole of 0.90 mts x 0.55 m of 1.0 M depths with 2nd Class bricks in cm 1:6 prop and corbelling too including cc bed ( 1: 4 : 8 ) prop using 40 mm gauge HG Metal 0.10 mt thick and CC (1:2:4) Prop benching / chanelling,internal plastreng with 20 mm thick cm 1:4 and External Plasterng with 12mm thick CM (1:4) with fine rendering including cost and fixing of CI steps and fixing FC/ CI cover and frame but excluding the cost of cover and frame, including the cost and conveyance of all materials at site complete and curing for 21 days complete all taxes seignarage charges as per specification etc complete. | H48: For 200 mm dia | J48: For 250 mm dia | L48: For 300 mm dia | N48: For 450 mm dia | P48: For 600 mm dia | AM48: For 200 mm dia (SWG) | AO48: For 250 mm dia (SWG) | AQ48: For 300 mm dia | AS48: For 450 mm dia | AU48: For 600 mm dia | BA48: For 250 mm dia (SWG) | BB48: For 300 mm dia
C49: Dia of MH = | D49: 0.9 | E49: Bed Th = | F49: 0.15 | H49: Pipe | I49: =0.2+(2*0.016) -> 0.232 | J49: Pipe | K49: 0.31 | L49: Pipe | M49: 0.4 | N49: Pipe | O49: 0.58 | P49: Pipe | Q49: 0.75 | AI49: Cum | AJ49: 0.32463648 | AK49: 4283.59 | AL49: 1390.61 | AN49: 0.32463648 | AP49: 0.32463648 | AR49: 0.32463648 | AT49: 0.32463648 | AV49: 0.32463648 | BA49: 1390.61 | BB49: 1390.61
C50: H 1 = | D50: 0.6 | E50: T1 = | F50: 0.23 | AI50: Cum | AJ50: 0.30759997 | AK50: 9426.75 | AL50: 2899.67 | AM50: 0.019 | AN50: 0.30759997 | AO50: 0.03 | AP50: 0.29659997 | AQ50: 0.058 | AR50: 0.26859997 | AS50: 0.122 | AT50: 0.20459997 | AU50: 0.203 | AV50: 0.12359997 | BA50: 2795.97 | BB50: 2532.02
C51: H2 = | D51: 0.4 | E51: T2 = | F51: 0.23 | AI51: Cum | AJ51: 0.24278228 | AK51: 9426.75 | AL51: 2288.65 | AN51: 0.24278228 | AP51: 0.24278228 | AR51: 0.24278228 | AT51: 0.29480705 | AV51: 0.24278228 | BA51: 2288.65 | BB51: 2288.65
C52: Clear Opening of Cover = | D52: 0.56 | AI52: 1 Sqm | AJ52: 2.9324997 | AK52: 166.454 | AL52: 488.13 | AM52: 0.085 | AN52: 2.9324997 | AO52: 0.132 | AP52: 2.8854997 | AQ52: 0.251 | AR52: 2.7664997 | AS52: 0.528 | AT52: 3.4241236 | AU52: 0.884 | AV52: 3.0681236 | BA52: 480.3 | BB52: 460.49
C53: =CONCATENATE("CC in CM( 1:4:8) PI/4x(0.9+0.46+0.3)x0.15=",E53) -> CC in CM( 1:4:8) PI/4x(0.9+0.46+0.3)x0.15=0.3246 | D53: Cum | E53: =ROUND(I53,4) -> 0.3246 | F53: ='Datas P7'!G226 -> 5383.29 | G53: =+ROUND(E53*F53,2) -> 1747.42 | I53: =(PI()/4)*(($D$49+(2*$F$51))+0.3)^2*$F$49 -> 0.32463648 | K53: =(PI()/4)*(($D$49+(2*$F$51))+0.3)^2*$F$49 -> 0.32463648 | M53: =(PI()/4)*(($D$49+(2*$F$51))+0.3)^2*$F$49 -> 0.32463648 | O53: =(PI()/4)*(($D$49+(2*$F$51))+0.3)^2*$F$49 -> 0.32463648 | Q53: =(PI()/4)*(($D$49+(2*$F$51))+0.3)^2*$F$49 -> 0.32463648 | W53: =3.14/4*(0.9+0.46+0.3)^2*0.15 -> 0.3244719 | AI53: 1 Sqm | AJ53: 1.2776503 | AK53: 253.714 | AL53: 324.16 | AM53: 0.656 | AN53: 1.2776503 | AO53: 0.82 | AP53: 1.1136503 | AQ53: 1.131 | AR53: 0.80265028 | AS53: 1.64 | AT53: 0.46565248 | AU53: 2.121 | AV53: 0 | BA53: 282.55 | BB53: 203.64
C54: =CONCATENATE("2nd Class Brick Masonory in cm (1: 6) Prop using 2nd class bricks for Uniform Section( PIx1.13x0.23x0.4)-(PI/4*0.23*0.23*.23*2)=",E54) -> 2nd Class Brick Masonory in cm (1: 6) Prop using 2nd class bricks for Uniform Section( PIx1.13x0.23x0.4)-(PI/4*0.23*0.23*.23*2)=0.3076 | D54: Cum | E54: =ROUND(I54,4) -> 0.3076 | F54: ='Datas P7'!G287 -> 8504.47 | G54: =+ROUND(E54*F54,2) -> 2615.97 | H54: =ROUND(PI()/4*I49*I49*$F$51*2,3) -> 0.019 | I54: =(PI()*($D$49+$F$51)*$F$51*$D$51)-H54 -> 0.30759997 | J54: =ROUND(PI()/4*K49*K49*$F$51*2,3) -> 0.035 | K54: =(PI()*($D$49+$F$51)*$F$51*$D$51)-J54 -> 0.29159997 | L54: =ROUND((PI()/4)*M49*M49*$F$51*2,3) -> 0.058 | M54: =(PI()*($D$49+$F$51)*$F$51*$D$51)-L54 -> 0.26859997 | N54: =ROUND(PI()/4*O49*O49*$F$51*2,3) -> 0.122 | O54: =(PI()*($D$49+$F$51)*$F$51*$D$51)-N54 -> 0.20459997 | P54: =ROUND(PI()/4*Q49*Q49*$F$51*2,3) -> 0.203 | Q54: =(PI()*($D$49+$F$51)*$F$51*$D$51)-P54 -> 0.12359997 | W54: =(3.14*1.13*0.23*0.4)-(3.14/4*0.23*0.23*0.23*2) -> 0.30733221 | AI54: Cum | AJ54: 0.13713715 | AK54: 5040.15 | AL54: 691.19 | AM54: 0.019 | AN54: 0.13713715 | AO54: 0.03 | AP54: 0.12613715 | AQ54: 0.057 | AR54: 0.099137155 | AS54: 0.238 | AT54: 0.22696357 | AU54: 0.398 | AV54: 0.17511289 | BA54: 635.75 | BB54: 499.67
C55: =CONCATENATE("2nd Class Brick Masonory work in cm (1: 6) )Prop using 2nd class bricks for Carbelling Portion Pix(1.13+0.78)/2x0.23x(0.6-.25)=",E55) -> 2nd Class Brick Masonory work in cm (1: 6) )Prop using 2nd class bricks for Carbelling Portion Pix(1.13+0.78)/2x0.23x(0.6-.25)=0.2428 | D55: Cum | E55: =ROUND(I55,4) -> 0.2428 | F55: =F54 -> 8504.47 | G55: =+ROUND(E55*F55,2) -> 2064.89 | I55: =(PI()*(($D$49+$F$50+$D$52+$F$50)/2)*$F$50)*($D$50-0.25) -> 0.24278228 | K55: =(PI()*(($D$49+$F$50+$D$52+$F$50)/2)*$F$50)*($D$50-0.25) -> 0.24278228 | M55: =(PI()*(($D$49+$F$50+($D$52+$F$50))/2)*$F$50)*($D$50-0.175) -> 0.29480705 | O55: =(PI()*(($D$49+$F$50+$D$52+$F$50)/2)*$F$50)*($D$50-0.175) -> 0.29480705 | Q55: =(PI()*(($D$49+$F$50+$D$52+$F$50)/2)*$F$50)*($D$50-0.25) -> 0.24278228 | W55: =3.14*(1.13+0.78)/2*0.23*(0.6-0.25) -> 0.24139535 | AI55: Each | AJ55: 2 | AK55: 81 | AL55: 162 | BA55: 162 | BB55: 162
C56: =CONCATENATE("External Plastering in CM(1:4) of 12 mm thick vertical portion Pix(.9+.23*2)x0.40 and sloped portion Pix(1.36+1.01)/2x(0.6-.25) Dedcut Pipe Portion 2xPI()/4x0.23x0.23=",E56) -> External Plastering in CM(1:4) of 12 mm thick vertical portion Pix(.9+.23*2)x0.40 and sloped portion Pix(1.36+1.01)/2x(0.6-.25) Dedcut Pipe Portion 2xPI()/4x0.23x0.23=2.9325 | D56: 1 Sqm | E56: =ROUND(I56,4) -> 2.9325 | F56: ='Datas P7'!G298 -> 170.455 | G56: =+ROUND(E56*F56,2) -> 499.86 | H56: =ROUND(PI()/4*I49*I49*2,3) -> 0.085 | I56: =((PI()*($D$49+2*($F$51))))*($D$51)+(PI()*(($D$49+2*($F$51)+$D$52+2*($F$50))/2)*($D$50-0.25))-H56 -> 2.9324997 | J56: =ROUND(PI()/4*K49*K49*2,3) -> 0.151 | K56: =((PI()*($D$49+2*($F$51))))*($D$51)+(PI()*(($D$49+2*($F$51)+$D$52+2*($F$50))/2)*($D$50))-J56 -> 3.8011236 | L56: =ROUND((PI()/4)*M49*M49*2,3) -> 0.251 | M56: =((PI()*($D$49+2*($F$51))))*($D$51)+(PI()*(($D$49+2*($F$50)+($D$52+2*($F$50)))/2)*($D$50-0.175))-L56 -> 3.0468869 | N56: =ROUND(PI()/4*O49*O49*2,3) -> 0.528 | O56: =((PI()*($D$49+2*($F$51))))*($D$51)+(PI()*(($D$49+2*($F$51)+($D$52+2*($F$50)))/2)*($D$50))-N56 -> 3.4241236 | P56: =ROUND(PI()/4*Q49*Q49*2,3) -> 0.884 | Q56: =((PI()*($D$49+2*($F$51))))*($D$51)+(PI()*(($D$49+2*($F$51)+$D$52+2*($F$50))/2)*($D$50))-P56 -> 3.0681236 | AI56: Each | AK56: Rs | AL56: 8244.41 | BA56: 8035.83 | BB56: 7537.08
C57: =CONCATENATE("Internal Plastering in CM(1:4) of 20 mm thick uniform portion PIx0.90x0.4 and Sloped Portion Pix(0.90+0.56)/2x(.6-.25) Dedcut Pipe Portion 2xPI()/4x0.23x0.23=",E57) -> Internal Plastering in CM(1:4) of 20 mm thick uniform portion PIx0.90x0.4 and Sloped Portion Pix(0.90+0.56)/2x(.6-.25) Dedcut Pipe Portion 2xPI()/4x0.23x0.23=1.2777 | D57: 1 Sqm | E57: =ROUND(I57,4) -> 1.2777 | F57: ='Datas P7'!G309 -> 259.486 | G57: =+ROUND(E57*F57,2) -> 331.55 | H57: =ROUND(PI()*$D$49*I49,3) -> 0.656 | I57: =(PI()*$D$49*$D$51+(PI()*($D$49+$D$52)/2*($D$50-0.25)))-H57 -> 1.2776503 | J57: =ROUND(PI()*$D$49*K49,3) -> 0.877 | K57: =(PI()*$D$49*$D$51+(PI()*($D$49+$D$52)/2*($D$50-0.175)))-J57 -> 1.2286525 | L57: =ROUND(PI()*$D$49*M49,3) -> 1.131 | M57: =((PI()*$D$49*$D$51)+(PI()*($D$49+$D$52)/2*($D$50-0.175)))-L57 -> 0.97465248 | N57: =ROUND(PI()*$D$49*O49,3) -> 1.64 | O57: =(PI()*$D$49*$D$51+(PI()*($D$49+$D$52)/2*($D$50-0.175)))-N57 -> 0.46565248 | P57: =ROUND(PI()*$D$49*Q49,3) -> 2.121 | Q57: =IF((PI()*$D$49*$D$51+(PI()*($D$49+$D$52)/2*($D$50-0.175)))-P57>0,(PI()*$D$49*$D$51+(PI()*($D$49+$D$52)/2*($D$50-0.175)))-P57,0) -> 0 | AI57: 1 Sqm | AJ57: 1.2776503 | AK57: 253.714 | AL57: 324.16 | AM57: 0.656 | AN57: 1.2776503 | AO57: 0.82 | AP57: 1.1136503 | AQ57: 1.131 | AR57: 0.80265028 | AS57: 1.64 | AT57: 0.46565248 | AU57: 2.121 | AV57: 0 | BA57: 282.55 | BB57: 203.64
C58: =CONCATENATE("CC Channeling with (1:2.5:5) Prop PIx0.9x0.9x0.10/4 , Below cover= Pix (0.56+0.23)*0.1, over Manhole alround for Cover Pix(0.86+.08)x0.08*0.15= deduct Channel Pi/4x 0.90x0.23x0.23/2=",E58) -> CC Channeling with (1:2.5:5) Prop PIx0.9x0.9x0.10/4 , Below cover= Pix (0.56+0.23)*0.1, over Manhole alround for Cover Pix(0.86+.08)x0.08*0.15= deduct Channel Pi/4x 0.90x0.23x0.23/2=0.1371 | D58: Cum | E58: =ROUND(I58,4) -> 0.1371 | F58: ='Datas P7'!G258 -> 6018.18 | G58: =+ROUND(E58*F58,2) -> 825.09 | H58: =ROUND($D$49*((PI()/4)*I49*I49)/2,3) -> 0.019 | I58: =(((PI()*$D$49^2/4)*0.1)+(PI()*($D$52+$F$50)*$F$50*0.1)+(PI()*(0.86+0.08)*0.08*0.15))-H58 -> 0.13713715 | J58: =ROUND($D$49*(PI()/4)*K49*K49,3) -> 0.068 | K58: =(((PI()*$D$49^2/4)*K49)+(PI()*($D$49+$F$50)*$F$50*0.075)+(PI()*(0.71+0.08)*0.08*0.175))-J58 -> 0.22519699 | L58: =ROUND($D$49*(PI()/4)*M49*M49,3) -> 0.113 | M58: =(((PI()*$D$49^2/4)*M49)+(PI()*($D$52+$F$51)*$F$51*0.075)+(PI()*(0.71+(2*0.075)+0.08)*0.08*0.1))-L58 -> 0.20790584 | N58: =ROUND($D$49*(PI()/4)*O49*O49,3) -> 0.238 | O58: =(((PI()*$D$49^2/4)*O49)+(PI()*($D$49+$F$50)*$F$50*0.075)+(PI()*(0.71+0.08)*0.08*0.175))-N58 -> 0.22696357 | P58: =ROUND($D$49*(PI()/4)*Q49*Q49,3) -> 0.398 | Q58: =(((PI()*$D$49^2/4)*Q49)+(PI()*($D$49+$F$50)*$F$50*0.075)+(PI()*(0.71+0.08)*0.08*0.175))-P58 -> 0.17511289 | AI58: Cum | AJ58: 0.13713715 | AK58: 5040.15 | AL58: 691.19 | AM58: 0.019 | AN58: 0.13713715 | AO58: 0.03 | AP58: 0.12613715 | AQ58: 0.057 | AR58: 0.099137155 | AS58: 0.238 | AT58: 0.22696357 | AU58: 0.398 | AV58: 0.17511289 | BA58: 635.75 | BB58: 499.67
A59: BMW-I.89 | C59: Suply and fixing of CI Steps | D59: Each | E59: 2 | F59: 81 | G59: =+ROUND(E59*F59,2) -> 162 | AI59: Each | AJ59: 2 | AK59: 81 | AL59: 162 | BA59: 162 | BB59: 162
C60: Total | D60: Each | F60: Rs | G60: =SUM(G53:G59) -> 8246.78 | AI60: Each | AK60: Rs | AL60: 8244.41 | BA60: 8035.83 | BB60: 7537.08
C61: Add Seignarage Charges
A62: 9 | C62: For Metal | D62: Cum | E62: =ROUND(E53*0.9+E58*0.9,2) -> 0.42 | F62: 97.5 | G62: 0 | I62: =ROUND(I53*0.9+I58*0.9,2) -> 0.42 | K62: =ROUND(K53*0.9+K58*0.9,2) -> 0.49 | M62: =ROUND(M53*0.9+M58*0.9,2) -> 0.48 | AI62: Cum | AJ62: 0.42 | AK62: 97.5 | AL62: 0 | AN62: 0.42 | AP62: 0.41 | AR62: 0.38
C63: For Sand | D63: Cum | E63: =ROUND((E54+E55)*0.2+(E56*0.015+E57*0.021)+(E53+E58)*0.45,2) -> 0.39 | F63: 40 | G63: 0 | I63: =ROUND((I54+I55)*0.2+(I56*0.015+I57*0.021)+(I53+I58)*0.45,2) -> 0.39 | K63: =ROUND((K54+K55)*0.2+(K56*0.015+K57*0.021)+(K53+K58)*0.45,2) -> 0.44 | M63: =ROUND((M54+M55)*0.2+(M56*0.015+M57*0.021)+(M53+M58)*0.45,2) -> 0.42 | AI63: Cum | AJ63: 0.39 | AK63: 40 | AL63: 0 | AN63: 0.39 | AP63: 0.38 | AR63: 0.35
C64: Rate per Each Man hole | F64: Rs | G64: =SUM(G60:G63) -> 8246.78 | AK64: Rs | AL64: 8244.41
B66: 1 | C66: Constructon of 0.90 M Circular Sewer Man hole of 0.90 mts x 0.55 m of 1.0 M depths with 2nd Class bricks in cm 1:6 prop and corbelling too including cc bed ( 1: 4 : 8 ) prop using 40 mm gauge HG Metal 0.10 mt thick and CC (1:2:4) Prop benching / chanelling,internal plastreng with 20 mm thick cm 1:4 and External Plasterng with 12mm thick CM (1:4) with fine rendering including cost and fixing of CI steps and fixing FC/ CI cover and frame but excluding the cost of cover and frame, including the cost and conveyance of all materials at site complete and curing for 21 days complete all taxes seignarage charges as per specification etc complete. | H66: For 200 mm dia | J66: For 250 mm dia | L66: For 300 mm dia | N66: For 450 mm dia | P66: For 600 mm dia | AI66: Constructon of 0.90 M Circular Sewer Man hole of 0.90 mts x 0.55 m of 1.0 M depths with 2nd Class bricks in cm 1:6 prop and corbelling too including cc bed ( 1: 4 : 8 ) prop using 40 mm gauge HG Metal 0.10 mt thick and CC (1:2:4) Prop benching / chanelling,internal plastreng with 20 mm thick cm 1:4 and External Plasterng with 12mm thick CM (1:4) with fine rendering including cost and fixing of CI steps and fixing FC/ CI cover and frame but excluding the cost of cover and frame, including the cost and conveyance of all materials at site complete and curing for 21 days complete all taxes seignarage charges as per specification etc complete. | AN66: For 200 mm dia (SWG) | AP66: For 250 mm dia (SWG) | AR66: For 300 mm dia | AT66: For 450 mm dia | AV66: For 600 mm dia | BB66: For 250 mm dia (SWG) | BC66: For 300 mm dia
C67: Dia of MH = | D67: 0.9 | E67: Bed Th = | F67: 0.15 | H67: Pipe | I67: =0.2+(2*0.016) -> 0.232 | J67: Pipe | K67: 0.31 | L67: Pipe | M67: 0.4 | N67: Pipe | O67: 0.58 | P67: Pipe | Q67: 0.75 | AI67: Dia of MH = | AJ67: 0.9 | AK67: Bed Th = | AL67: 0.15 | AN67: Pipe | AO67: 0.232 | AP67: Pipe | AQ67: 0.29 | AR67: Pipe | AS67: 0.4 | AT67: Pipe | AU67: 0.58 | AV67: Pipe | AW67: 0.75
C68: H 1 = | D68: 0.6 | E68: T1 = | F68: 0.23 | AI68: H 1 = | AJ68: 0.6 | AK68: T1 = | AL68: 0.23
C69: H2 = | D69: 0.4 | E69: T2 = | F69: 0.23 | AI69: H2 = | AJ69: 0.4 | AK69: T2 = | AL69: 0.23
C70: Clear Opening of Cover = | D70: 0.56 | AI70: Clear Opening of Cover = | AJ70: 0.56 | BB70: 250 mm dia | BC70: 300 mm dia
C71: =CONCATENATE("CC in CM( 1:4:8) PI/4x(0.9+0.46+0.3)x0.15=",E71) -> CC in CM( 1:4:8) PI/4x(0.9+0.46+0.3)x0.15=0.325 | D71: Cum | E71: =ROUND(M71,3) -> 0.325 | F71: =F53 -> 5383.29 | G71: =+ROUND(E71*F71,2) -> 1749.57 | I71: =(PI()/4)*(($D$49+(2*$F$51))+0.3)^2*$F$49 -> 0.32463648 | K71: =(PI()/4)*(($D$49+(2*$F$51))+0.3)^2*$F$49 -> 0.32463648 | M71: =(PI()/4)*(($D$49+(2*$F$51))+0.3)^2*$F$49 -> 0.32463648 | O71: =(PI()/4)*(($D$49+(2*$F$51))+0.3)^2*$F$49 -> 0.32463648 | Q71: =(PI()/4)*(($D$49+(2*$F$51))+0.3)^2*$F$49 -> 0.32463648 | AI71: CC in CM( 1:4:8) PI/4x(0.9+0.46+0.3)x0.15=0.325 | AJ71: Cum | AK71: 0.32463648 | AL71: 4283.59 | AM71: 1390.61 | AO71: 0.32463648 | AQ71: 0.32463648 | AS71: 0.32463648 | AU71: 0.32463648 | AW71: 0.32463648 | BB71: 1390.61 | BC71: 1390.61
C72: =CONCATENATE("2nd Class Brick Masonory in cm (1: 6) Prop using 2nd class bricks for Uniform Section( PIx1.13x0.23x0.4)-(PI/4*0.4*0.4*.23*2)=",E72) -> 2nd Class Brick Masonory in cm (1: 6) Prop using 2nd class bricks for Uniform Section( PIx1.13x0.23x0.4)-(PI/4*0.4*0.4*.23*2)=0.269 | D72: Cum | E72: =ROUND(M72,3) -> 0.269 | F72: =F54 -> 8504.47 | G72: =+ROUND(E72*F72,2) -> 2287.7 | H72: =ROUND(PI()/4*I67*I67*$F$51*2,3) -> 0.019 | I72: =(PI()*($D$49+$F$51)*$F$51*$D$51)-H72 -> 0.30759997 | J72: =ROUND(PI()/4*K67*K67*$F$51*2,3) -> 0.035 | K72: =(PI()*($D$49+$F$51)*$F$51*$D$51)-J72 -> 0.29159997 | L72: =ROUND((PI()/4)*M67*M67*$F$51*2,3) -> 0.058 | M72: =(PI()*($D$49+$F$51)*$F$51*$D$51)-L72 -> 0.26859997 | N72: =ROUND(PI()/4*O67*O67*$F$51*2,3) -> 0.122 | O72: =(PI()*($D$49+$F$51)*$F$51*$D$51)-N72 -> 0.20459997 | P72: =ROUND(PI()/4*Q67*Q67*$F$51*2,3) -> 0.203 | Q72: =(PI()*($D$49+$F$51)*$F$51*$D$51)-P72 -> 0.12359997 | AI72: 2nd Class Brick Masonory in cm (1: 6) Prop using 2nd class bricks for Uniform Section( PIx1.13x0.23x0.4)-(PI/4*0.232*0.023*2)=0.245 | AJ72: Cum | AK72: 0.30759997 | AL72: 9426.75 | AM72: 2899.67 | AN72: 0.019 | AO72: 0.30759997 | AP72: 0.03 | AQ72: 0.29659997 | AR72: 0.058 | AS72: 0.26859997 | AT72: 0.122 | AU72: 0.20459997 | AV72: 0.203 | AW72: 0.12359997 | BB72: 2795.97 | BC72: 2532.02
C73: =CONCATENATE("2nd Class Brick Masonory work in cm (1: 6) )Prop using 2nd class bricks for Carbelling Portion Pix(1.13+0.78)/2x0.23x(0.6-.25)=",E73) -> 2nd Class Brick Masonory work in cm (1: 6) )Prop using 2nd class bricks for Carbelling Portion Pix(1.13+0.78)/2x0.23x(0.6-.25)=0.243 | D73: Cum | E73: =ROUND(M73,3) -> 0.243 | F73: =F55 -> 8504.47 | G73: =+ROUND(E73*F73,2) -> 2066.59 | I73: =(PI()*(($D$49+$F$50+$D$52+$F$50)/2)*$F$50)*($D$50-0.25) -> 0.24278228 | K73: =(PI()*(($D$49+$F$50+$D$52+$F$50)/2)*$F$50)*($D$50-0.25) -> 0.24278228 | M73: =(PI()*(($D$49+$F$50+($D$52+$F$50))/2)*$F$50)*($D$50-0.25) -> 0.24278228 | O73: =(PI()*(($D$49+$F$50+$D$52+$F$50)/2)*$F$50)*($D$50-0.175) -> 0.29480705 | Q73: =(PI()*(($D$49+$F$50+$D$52+$F$50)/2)*$F$50)*($D$50-0.25) -> 0.24278228 | AI73: 2nd Class Brick Masonory work in cm (1: 6) )Prop using 2nd class bricks for Carbelling Portion Pix(1.13+0.78)/2x0.23x0.70=0.483 | AJ73: Cum | AK73: 0.24278228 | AL73: 9426.75 | AM73: 2288.65 | AO73: 0.24278228 | AQ73: 0.24278228 | AS73: 0.24278228 | AU73: 0.29480705 | AW73: 0.24278228 | BB73: 2288.65 | BC73: 2288.65
C74: =CONCATENATE("External Plastering in CM(1:4) of 12 mm thick vertical portion Pix(.9+.23*2)x0.40 and sloped portion Pix(1.36+1.01)/2x(0.6-.25) Dedcut Pipe Portion 2xPI()/4x0.4x0.4=",E74) -> External Plastering in CM(1:4) of 12 mm thick vertical portion Pix(.9+.23*2)x0.40 and sloped portion Pix(1.36+1.01)/2x(0.6-.25) Dedcut Pipe Portion 2xPI()/4x0.4x0.4=2.766 | D74: 1 Sqm | E74: =ROUND(M74,3) -> 2.766 | F74: =F56 -> 170.455 | G74: =+ROUND(E74*F74,2) -> 471.48 | H74: =ROUND(PI()/4*I67*I67*2,3) -> 0.085 | I74: =((PI()*($D$49+2*($F$51))))*($D$51)+(PI()*(($D$49+2*($F$51)+$D$52+2*($F$50))/2)*($D$50-0.25))-H74 -> 2.9324997 | J74: =ROUND(PI()/4*K67*K67*2,3) -> 0.151 | K74: =((PI()*($D$49+2*($F$51))))*($D$51)+(PI()*(($D$49+2*($F$51)+$D$52+2*($F$50))/2)*($D$50))-J74 -> 3.8011236 | L74: =ROUND((PI()/4)*M67*M67*2,3) -> 0.251 | M74: =((PI()*($D$49+2*($F$51))))*($D$51)+(PI()*(($D$49+2*($F$50)+($D$52+2*($F$50)))/2)*($D$50-0.25))-L74 -> 2.7664997 | N74: =ROUND(PI()/4*O67*O67*2,3) -> 0.528 | O74: =((PI()*($D$49+2*($F$51))))*($D$51)+(PI()*(($D$49+2*($F$51)+($D$52+2*($F$50)))/2)*($D$50))-N74 -> 3.4241236 | P74: =ROUND(PI()/4*Q67*Q67*2,3) -> 0.884 | Q74: =((PI()*($D$49+2*($F$51))))*($D$51)+(PI()*(($D$49+2*($F$51)+$D$52+2*($F$50))/2)*($D$50))-P74 -> 3.0681236 | AI74: External Plastering in CM(1:4) of 12 mm thick vertical portion PIx1.36x0.30=1.28 and sloped portion Pix(1.36+1.01)/2x0.70 =2.66 Dedcut Pipe Portion 2xPI()/4x0.28x0.28=0.123 | AJ74: 1 Sqm | AK74: 2.9324997 | AL74: 166.454 | AM74: 488.13 | AN74: 0.085 | AO74: 2.9324997 | AP74: 0.132 | AQ74: 2.8854997 | AR74: 0.251 | AS74: 2.7664997 | AT74: 0.528 | AU74: 3.4241236 | AV74: 0.884 | AW74: 3.0681236 | BB74: 480.3 | BC74: 460.49
C75: =CONCATENATE("Internal Plastering in CM(1:4) of 20 mm thick uniform portion PIx0.90x0.4 and Sloped Portion Pix(0.90+0.56)/2x(.6-.25) Dedcut Pipe Portion 2xPI()/4x0.40x0.40=",E75) -> Internal Plastering in CM(1:4) of 20 mm thick uniform portion PIx0.90x0.4 and Sloped Portion Pix(0.90+0.56)/2x(.6-.25) Dedcut Pipe Portion 2xPI()/4x0.40x0.40=0.803 | D75: 1 Sqm | E75: =ROUND(M75,3) -> 0.803 | F75: =F57 -> 259.486 | G75: =+ROUND(E75*F75,2) -> 208.37 | H75: =ROUND(PI()*$D$49*I67,3) -> 0.656 | I75: =(PI()*$D$49*$D$51+(PI()*($D$49+$D$52)/2*($D$50-0.25)))-H75 -> 1.2776503 | J75: =ROUND(PI()*$D$49*K67,3) -> 0.877 | K75: =(PI()*$D$49*$D$51+(PI()*($D$49+$D$52)/2*($D$50-0.175)))-J75 -> 1.2286525 | L75: =ROUND(PI()*$D$49*M67,3) -> 1.131 | M75: =((PI()*$D$49*$D$51)+(PI()*($D$49+$D$52)/2*($D$50-0.25)))-L75 -> 0.80265028 | N75: =ROUND(PI()*$D$49*O67,3) -> 1.64 | O75: =(PI()*$D$49*$D$51+(PI()*($D$49+$D$52)/2*($D$50-0.175)))-N75 -> 0.46565248 | P75: =ROUND(PI()*$D$49*Q67,3) -> 2.121 | Q75: =IF((PI()*$D$49*$D$51+(PI()*($D$49+$D$52)/2*($D$50-0.175)))-P75>0,(PI()*$D$49*$D$51+(PI()*($D$49+$D$52)/2*($D$50-0.175)))-P75,0) -> 0 | AI75: Internal Plastering in CM(1:4) of 20 mm thick uniform portion PIx0.90x0.30=0.848 and Sloped Portion Pix(0.90+0.55)/2x0.770 =1.75 Dedcut Pipe Portion 2xPI()/4x0.25x0.25=0.09 (0.848+1.75-0.09=2.50) | AJ75: 1 Sqm | AK75: 1.2776503 | AL75: 253.714 | AM75: 324.16 | AN75: 0.656 | AO75: 1.2776503 | AP75: 0.82 | AQ75: 1.1136503 | AR75: 1.131 | AS75: 0.80265028 | AT75: 1.64 | AU75: 0.46565248 | AV75: 2.121 | AW75: 0 | BB75: 282.55 | BC75: 203.64
C76: =CONCATENATE("CC Channeling with (1:2.5:5) Prop PIx0.9x0.9x0.10/4 , Below cover= Pix (0.56+0.23)*0.1, over Manhole alround for Cover Pix(0.86+.08)x0.08*0.15= deduct Channel Pi/4x 0.90x0.40x0.40/2=",E76) -> CC Channeling with (1:2.5:5) Prop PIx0.9x0.9x0.10/4 , Below cover= Pix (0.56+0.23)*0.1, over Manhole alround for Cover Pix(0.86+.08)x0.08*0.15= deduct Channel Pi/4x 0.90x0.40x0.40/2=0.099 | D76: Cum | E76: =ROUND(M76,3) -> 0.099 | F76: =F58 -> 6018.18 | G76: =+ROUND(E76*F76,2) -> 595.8 | H76: =ROUND($D$49*((PI()/4)*I67*I67)/2,3) -> 0.019 | I76: =(((PI()*$D$49^2/4)*0.1)+(PI()*($D$49+$F$50)*$F$50*0.1)+(PI()*(0.86+0.08)*0.08*0.15))-H76 -> 0.16170441 | J76: =ROUND($D$49*(PI()/4)*K67*K67,3) -> 0.068 | K76: =(((PI()*$D$49^2/4)*K67)+(PI()*($D$49+$F$50)*$F$50*0.075)+(PI()*(0.71+0.08)*0.08*0.175))-J76 -> 0.22519699 | L76: =ROUND($D$49*((PI()/4)*M67*M67)/2,3) -> 0.057 | M76: =(((PI()*$D$49^2/4)*0.1)+(PI()*($D$52+$F$50)*$F$50*0.1)+(PI()*(0.86+0.08)*0.08*0.15))-L76 -> 0.099137155 | N76: =ROUND($D$49*(PI()/4)*O67*O67,3) -> 0.238 | O76: =(((PI()*$D$49^2/4)*O67)+(PI()*($D$49+$F$50)*$F$50*0.075)+(PI()*(0.71+0.08)*0.08*0.175))-N76 -> 0.22696357 | P76: =ROUND($D$49*(PI()/4)*Q67*Q67,3) -> 0.398 | Q76: =(((PI()*$D$49^2/4)*Q67)+(PI()*($D$49+$F$50)*$F$50*0.075)+(PI()*(0.71+0.08)*0.08*0.175))-P76 -> 0.17511289 | AI76: CC Channeling with (1:2.5:5) Prop PIx0.9x0.9x0.30/4 =0.13 over Manhole alround for Cover PIx0.81x0.15x0.10=0.038 deduct Channel 0.90x0.25x0.25=0.056 | AJ76: Cum | AK76: 0.13713715 | AL76: 5040.15 | AM76: 691.19 | AN76: 0.019 | AO76: 0.13713715 | AP76: 0.03 | AQ76: 0.12613715 | AR76: 0.057 | AS76: 0.099137155 | AT76: 0.238 | AU76: 0.22696357 | AV76: 0.398 | AW76: 0.17511289 | BB76: 635.75 | BC76: 499.67
A77: BMW-I.89 | C77: Suply and fixing of CI Steps | D77: Each | E77: 2 | F77: =F59 -> 81 | G77: =+ROUND(E77*F77,2) -> 162 | AI77: Suply and fixing of CI Steps | AJ77: Each | AK77: 2 | AL77: 81 | AM77: 162 | BB77: 162 | BC77: 162
C78: Total | D78: Each | F78: Rs | G78: =SUM(G71:G77) -> 7541.51 | AI78: Total | AJ78: Each | AL78: Rs | AM78: 8244.41 | BB78: 8035.83 | BC78: 7537.08
C79: Add Seignarage Charges
C80: For Metal | D80: Cum | E80: =ROUND(E71*0.9+E76*0.9,2) -> 0.38 | F80: 97.5 | G80: 0 | I80: =ROUND(I71*0.9+I76*0.9,2) -> 0.44 | K80: =ROUND(K71*0.9+K76*0.9,2) -> 0.49 | M80: =ROUND(M71*0.9+M76*0.9,2) -> 0.38
C81: For Sand | D81: Cum | E81: =ROUND((E72+E73)*0.2+(E74*0.015+E75*0.021)+(E71+E76)*0.45,2) -> 0.35 | F81: 40 | G81: 0 | I81: =ROUND((I72+I73)*0.2+(I74*0.015+I75*0.021)+(I71+I76)*0.45,2) -> 0.4 | K81: =ROUND((K72+K73)*0.2+(K74*0.015+K75*0.021)+(K71+K76)*0.45,2) -> 0.44 | M81: =ROUND((M72+M73)*0.2+(M74*0.015+M75*0.021)+(M71+M76)*0.45,2) -> 0.35
C82: Rate per Each Man hole | F82: Rs | G82: =SUM(G78:G81) -> 7541.51
B84: 1 | C84: Constructon of 0.90 M Circular Sewer Man hole of 0.90 mts x 0.55 m of 1.0 M depths with 2nd Class bricks in cm 1:6 prop and corbelling too including cc bed ( 1: 4 : 8 ) prop using 40 mm gauge HG Metal 0.10 mt thick and CC (1:2:4) Prop benching / chanelling,internal plastreng with 20 mm thick cm 1:4 and External Plasterng with 12mm thick CM (1:4) with fine rendering including cost and fixing of CI steps and fixing FC/ CI cover and frame but excluding the cost of cover and frame, including the cost and conveyance of all materials at site complete and curing for 21 days complete all taxes seignarage charges as per specification etc complete. | H84: For 200 mm dia | J84: For 250 mm dia | L84: For 300 mm dia | N84: For 450 mm dia | P84: For 600 mm dia
C85: Dia of MH = | D85: 0.9 | E85: Bed Th = | F85: 0.15 | H85: Pipe | I85: =0.2+(2*0.016) -> 0.232 | J85: Pipe | K85: 0.31 | L85: Pipe | M85: 0.4 | N85: Pipe | O85: 0.58 | P85: Pipe | Q85: 0.75
C86: H 1 = | D86: 0.6 | E86: T1 = | F86: 0.23
C87: H2 = | D87: 0.4 | E87: T2 = | F87: 0.23
C88: Clear Opening of Cover = | D88: 0.56
C89: =CONCATENATE("CC in CM( 1:4:8) PI/4x(0.9+0.46+0.3)x0.15=",E89) -> CC in CM( 1:4:8) PI/4x(0.9+0.46+0.3)x0.15=0.325 | D89: Cum | E89: =ROUND(O89,3) -> 0.325 | F89: =F71 -> 5383.29 | G89: =+ROUND(E89*F89,2) -> 1749.57 | I89: =(PI()/4)*(($D$49+(2*$F$51))+0.3)^2*$F$49 -> 0.32463648 | K89: =(PI()/4)*(($D$49+(2*$F$51))+0.3)^2*$F$49 -> 0.32463648 | M89: =(PI()/4)*(($D$49+(2*$F$51))+0.3)^2*$F$49 -> 0.32463648 | O89: =(PI()/4)*(($D$49+(2*$F$51))+0.3)^2*$F$49 -> 0.32463648 | Q89: =(PI()/4)*(($D$49+(2*$F$51))+0.3)^2*$F$49 -> 0.32463648
C90: =CONCATENATE("2nd Class Brick Masonory in cm (1: 6) Prop using 2nd class bricks for Uniform Section( PIx1.13x0.23x0.4)-(PI/4*0.58*0.5*8.23*2)=",E90) -> 2nd Class Brick Masonory in cm (1: 6) Prop using 2nd class bricks for Uniform Section( PIx1.13x0.23x0.4)-(PI/4*0.58*0.5*8.23*2)=0.205 | D90: Cum | E90: =ROUND(O90,3) -> 0.205 | F90: =F72 -> 8504.47 | G90: =+ROUND(E90*F90,2) -> 1743.42 | H90: =ROUND(PI()/4*I85*I85*$F$51*2,3) -> 0.019 | I90: =(PI()*($D$49+$F$51)*$F$51*$D$51)-H90 -> 0.30759997 | J90: =ROUND(PI()/4*K85*K85*$F$51*2,3) -> 0.035 | K90: =(PI()*($D$49+$F$51)*$F$51*$D$51)-J90 -> 0.29159997 | L90: =ROUND((PI()/4)*M85*M85*$F$51*2,3) -> 0.058 | M90: =(PI()*($D$49+$F$51)*$F$51*$D$51)-L90 -> 0.26859997 | N90: =ROUND(PI()/4*O85*O85*$F$51*2,3) -> 0.122 | O90: =(PI()*($D$49+$F$51)*$F$51*$D$51)-N90 -> 0.20459997 | P90: =ROUND(PI()/4*Q85*Q85*$F$51*2,3) -> 0.203 | Q90: =(PI()*($D$49+$F$51)*$F$51*$D$51)-P90 -> 0.12359997
C91: =CONCATENATE("2nd Class Brick Masonory work in cm (1: 6) )Prop using 2nd class bricks for Carbelling Portion Pix(1.13+0.78)/2x0.23x(0.6-.25)=",E91) -> 2nd Class Brick Masonory work in cm (1: 6) )Prop using 2nd class bricks for Carbelling Portion Pix(1.13+0.78)/2x0.23x(0.6-.25)=0.243 | D91: Cum | E91: =ROUND(O91,3) -> 0.243 | F91: =F73 -> 8504.47 | G91: =+ROUND(E91*F91,2) -> 2066.59 | I91: =(PI()*(($D$49+$F$50+$D$52+$F$50)/2)*$F$50)*($D$50-0.25) -> 0.24278228 | K91: =(PI()*(($D$49+$F$50+$D$52+$F$50)/2)*$F$50)*($D$50-0.25) -> 0.24278228 | M91: =(PI()*(($D$49+$F$50+($D$52+$F$50))/2)*$F$50)*($D$50-0.25) -> 0.24278228 | O91: =(PI()*(($D$49+$F$50+$D$52+$F$50)/2)*$F$50)*($D$50-0.25) -> 0.24278228 | Q91: =(PI()*(($D$49+$F$50+$D$52+$F$50)/2)*$F$50)*($D$50-0.25) -> 0.24278228
C92: =CONCATENATE("External Plastering in CM(1:4) of 12 mm thick vertical portion Pix(.9+.23*2)x0.40 and sloped portion Pix(1.36+1.01)/2x(0.6-.25) Dedcut Pipe Portion 2xPI()/4x0.23x0.23=",E92) -> External Plastering in CM(1:4) of 12 mm thick vertical portion Pix(.9+.23*2)x0.40 and sloped portion Pix(1.36+1.01)/2x(0.6-.25) Dedcut Pipe Portion 2xPI()/4x0.23x0.23=2.489 | D92: 1 Sqm | E92: =ROUND(O92,3) -> 2.489 | F92: =F74 -> 170.455 | G92: =+ROUND(E92*F92,2) -> 424.26 | H92: =ROUND(PI()/4*I85*I85*2,3) -> 0.085 | I92: =((PI()*($D$49+2*($F$51))))*($D$51)+(PI()*(($D$49+2*($F$51)+$D$52+2*($F$50))/2)*($D$50-0.25))-H92 -> 2.9324997 | J92: =ROUND(PI()/4*K85*K85*2,3) -> 0.151 | K92: =((PI()*($D$49+2*($F$51))))*($D$51)+(PI()*(($D$49+2*($F$51)+$D$52+2*($F$50))/2)*($D$50))-J92 -> 3.8011236 | L92: =ROUND((PI()/4)*M85*M85*2,3) -> 0.251 | M92: =((PI()*($D$49+2*($F$51))))*($D$51)+(PI()*(($D$49+2*($F$50)+($D$52+2*($F$50)))/2)*($D$50-0.25))-L92 -> 2.7664997 | N92: =ROUND(PI()/4*O85*O85*2,3) -> 0.528 | O92: =((PI()*($D$49+2*($F$51))))*($D$51)+(PI()*(($D$49+2*($F$51)+$D$52+2*($F$50))/2)*($D$50-0.25))-N92 -> 2.4894997 | P92: =ROUND(PI()/4*Q85*Q85*2,3) -> 0.884 | Q92: =((PI()*($D$49+2*($F$51))))*($D$51)+(PI()*(($D$49+2*($F$51)+$D$52+2*($F$50))/2)*($D$50))-P92 -> 3.0681236
C93: =CONCATENATE("Internal Plastering in CM(1:4) of 20 mm thick uniform portion PIx0.90x0.4 and Sloped Portion Pix(0.90+0.56)/2x(.6-.25) Dedcut Pipe Portion 2xPI()/4x0.25x0.25=",E93) -> Internal Plastering in CM(1:4) of 20 mm thick uniform portion PIx0.90x0.4 and Sloped Portion Pix(0.90+0.56)/2x(.6-.25) Dedcut Pipe Portion 2xPI()/4x0.25x0.25=0.294 | D93: 1 Sqm | E93: =ROUND(O93,3) -> 0.294 | F93: =F75 -> 259.486 | G93: =+ROUND(E93*F93,2) -> 76.29 | H93: =ROUND(PI()*$D$49*I85,3) -> 0.656 | I93: =(PI()*$D$49*$D$51+(PI()*($D$49+$D$52)/2*($D$50-0.25)))-H93 -> 1.2776503 | J93: =ROUND(PI()*$D$49*K85,3) -> 0.877 | K93: =(PI()*$D$49*$D$51+(PI()*($D$49+$D$52)/2*($D$50-0.175)))-J93 -> 1.2286525 | L93: =ROUND(PI()*$D$49*M85,3) -> 1.131 | M93: =((PI()*$D$49*$D$51)+(PI()*($D$49+$D$52)/2*($D$50-0.25)))-L93 -> 0.80265028 | N93: =ROUND(PI()*$D$49*O85,3) -> 1.64 | O93: =(PI()*$D$49*$D$51+(PI()*($D$49+$D$52)/2*($D$50-0.25)))-N93 -> 0.29365028 | P93: =ROUND(PI()*$D$49*Q85,3) -> 2.121 | Q93: =IF((PI()*$D$49*$D$51+(PI()*($D$49+$D$52)/2*($D$50-0.175)))-P93>0,(PI()*$D$49*$D$51+(PI()*($D$49+$D$52)/2*($D$50-0.175)))-P93,0) -> 0
C94: =CONCATENATE("CC Channeling with (1:2.5:5) Prop PIx0.9x0.9x0.30/4 = over Manhole alround for Cover PIx0.81x0.15x0.10= deduct Channel 0.90x0.25x0.25=",E94) -> CC Channeling with (1:2.5:5) Prop PIx0.9x0.9x0.30/4 = over Manhole alround for Cover PIx0.81x0.15x0.10= deduct Channel 0.90x0.25x0.25=0.062 | D94: Cum | E94: =ROUND(O94,3) -> 0.062 | F94: =F76 -> 6018.18 | G94: =+ROUND(E94*F94,2) -> 373.13 | H94: =ROUND($D$49*((PI()/4)*I85*I85)/2,3) -> 0.019 | I94: =(((PI()*$D$49^2/4)*0.1)+(PI()*($D$49+$F$50)*$F$50*0.1)+(PI()*(0.86+0.08)*0.08*0.15))-H94 -> 0.16170441 | J94: =ROUND($D$49*(PI()/4)*K85*K85,3) -> 0.068 | K94: =(((PI()*$D$49^2/4)*K85)+(PI()*($D$49+$F$50)*$F$50*0.075)+(PI()*(0.71+0.08)*0.08*0.175))-J94 -> 0.22519699 | L94: =ROUND($D$49*((PI()/4)*M85*M85)/2,3) -> 0.057 | M94: =(((PI()*$D$49^2/4)*0.1)+(PI()*($D$49+$F$50)*$F$50*0.1)+(PI()*(0.86+0.08)*0.08*0.15))-L94 -> 0.12370441 | N94: =ROUND($D$49*((PI()/4)*O85*O85)/2,3) -> 0.119 | O94: =(((PI()*$D$49^2/4)*0.1)+(PI()*($D$49+$F$50)*$F$50*0.1)+(PI()*(0.86+0.08)*0.08*0.15))-N94 -> 0.061704409 | P94: =ROUND($D$49*(PI()/4)*Q85*Q85,3) -> 0.398 | Q94: =(((PI()*$D$49^2/4)*Q85)+(PI()*($D$49+$F$50)*$F$50*0.075)+(PI()*(0.71+0.08)*0.08*0.175))-P94 -> 0.17511289
A95: BMW-I.89 | C95: Suply and fixing of CI Steps | D95: Each | E95: 2 | F95: =F77 -> 81 | G95: =+ROUND(E95*F95,2) -> 162
C96: Total | D96: Each | F96: Rs | G96: =SUM(G89:G95) -> 6595.26
C98: Add Seignarage Charges
C99: For Metal | D99: Cum | E99: =ROUND(E89*0.9+E94*0.9,2) -> 0.35 | F99: 97.5 | G99: 0 | I99: =ROUND(I89*0.9+I94*0.9,2) -> 0.44 | K99: =ROUND(K89*0.9+K94*0.9,2) -> 0.49 | M99: =ROUND(M89*0.9+M94*0.9,2) -> 0.4
C100: For Sand | D100: Cum | E100: =ROUND((E90+E91)*0.2+(E92*0.015+E93*0.021)+(E89+E94)*0.45,2) -> 0.31 | F100: 40 | G100: 0 | I100: =ROUND((I90+I91)*0.2+(I92*0.015+I93*0.021)+(I89+I94)*0.45,2) -> 0.4 | K100: =ROUND((K90+K91)*0.2+(K92*0.015+K93*0.021)+(K89+K94)*0.45,2) -> 0.44 | M100: =ROUND((M90+M91)*0.2+(M92*0.015+M93*0.021)+(M89+M94)*0.45,2) -> 0.36
C101: Rate per Each Man hole | F101: Rs | G101: =SUM(G96:G100) -> 6595.26
B103: 2 | C103: Additional manhole 0.10 M depth constructon of 0.90 circular sewer man hole of 0.90 mts depth with 2nd Class bricks in CM(1:6) Prop as per specification etc complete. benching / chanelling,internal plastreng with 20 mm thick cm 1:4 and External Plasterng with 12mm thick CM (1:4) with fine rendering including cost and fixing of CI steps and fixing FC/ CI cover and frame but excluding the cost of cover and frame, including the cost and conveyance of all materials at site complete and curing for 21 days complete all taxes seignarage charges as per specification etc complete. | AI103: 250 | AJ103: 4163
C104: Add Depth till 1.65 m
C105: =CONCATENATE("2nd ClassBrick Masonory work in cm (1: 6) )portion for Uniform Section PIx1.13x0.23x0.10 =",E105) -> 2nd ClassBrick Masonory work in cm (1: 6) )portion for Uniform Section PIx1.13x0.23x0.10 =0.531 | D105: Cum | E105: =ROUND(PI()*(D49+F50)*F50*0.65,3) -> 0.531 | F105: =F91 -> 8504.47 | G105: =+ROUND(E105*F105,2) -> 4515.87
C106: =CONCATENATE("External Plastering in CM(1:4) of 12 mm thick vertical portion PIx1.36x0..10=",E106) -> External Plastering in CM(1:4) of 12 mm thick vertical portion PIx1.36x0..10=2.777 | D106: 1 Sqm | E106: =ROUND(PI()*(D49+(2*F50))*0.65,3) -> 2.777 | F106: ='Datas P7'!G298 -> 170.455 | G106: =+ROUND(E106*F106,2) -> 473.35
C107: =CONCATENATE("Internal Plastering in CM(1:4) of 20 mm thick uniform portion PIx0.90x0.10=",E107) -> Internal Plastering in CM(1:4) of 20 mm thick uniform portion PIx0.90x0.10=1.838 | D107: 1 Sqm | E107: =ROUND(PI()*D49*0.65,3) -> 1.838 | F107: ='Datas P7'!G309 -> 259.486 | G107: =+ROUND(E107*F107,2) -> 476.94
...

Sheet  Brickwork Manhole 
A1: DETAILED DATAS FOR MAN HOLES
A2: =Lead!A1 -> Providing UGD system in Kokapet
A3: SSR 2019-20
A4: Index-code | B4: S No | C4: Description | D4: Unit | E4: Quantity | F4: Rate Rs. | G4: Amount Rs.
B5: 1 | C5: 2 | D5: 3 | E5: 4 | F5: 5 | G5: 6
B6: 1 | C6: Constructon of 0.75 M Circular Sewer Man hole of 0.75 mts x 0.55 m of 0.75 M depths with 2 nd Class bricks in cm 1:6 prop and corbelling too including cc bed ( 1: 4 : 8 ) prop using 40 mm gauge HG Metal 0.10 mt thick and CC (1:2:4) Prop benching / chanelling,internal plastreng with 20 mm thick cm 1:4 and External Plasterng with 12mm thick CM (1:4) with fine rendering including cost and fixing of CI steps and fixing FC/ CI cover and frame but excluding the cost of cover and frame, including the cost and conveyance of all materials at site complete and curing for 21 days complete all taxes seignarage charges as per specification etc complete. | E6: For 200 MM dia | H6: For 200 mm dia | J6: For 250 mm dia | L6: For 300 mm dia
C7: CC in cm( 1:4:8) PI/4x1.35x1.35x 0.10=0.143 | D7: Cum | E7: 0.143 | F7: ='Datas P7'!G226 -> 5383.29 | G7: =+ROUND(E7*F7,2) -> 769.81 | I7: 0.14 | K7: 0.14 | M7: 0.14
C8: Brick Masonory in cm (1: 6) )portion using 2nd class bricks for PIx0.98x0.23x0.30= 0.213 Dedcut Pipe Portion PI/4*0.23*0.23*0.23*2 =0.019 i.e 0.213-0.019=0.19 | D8: Cum | E8: =I8 -> 0.194 | F8: ='Datas P7'!G287 -> 8504.47 | G8: =+ROUND(E8*F8,2) -> 1649.87 | H8: =ROUND(PI()/4*0.23*0.23*0.23*2,3) -> 0.019 | I8: =0.213-H8 -> 0.194 | J8: =ROUND(PI()/4*0.28*0.28*0.23*2,3) -> 0.028 | K8: =0.213-J8 -> 0.185 | L8: =ROUND(PI()/4*0.33*0.33*0.23*2,3) -> 0.039 | M8: =0.213-L8 -> 0.174
C9: Brick Masonory in cm (1: 6) )portion using 2nd class bricks for Carbelling Portion PI*(0.98+0.78)/2*0.23*0.45=0.286 | D9: Cum | E9: =I9 -> 0.29 | F9: ='Datas P7'!G287 -> 8504.47 | G9: =+ROUND(E9*F9,2) -> 2466.3 | I9: 0.29 | K9: 0.29 | M9: 0.29
C10: External Plastering in CM(1:4) of 12 mm thick vertical portion PI*1.21*0.30 =1.139 Carbelling Portion PI(1.21+0.96)/2*.45 =1.53 Dedcut Pipe Portion 2*PI()0.23^2/4=0.08 (1.129+1.53-0.08) | D10: 10 Sqm | E10: =I10 -> 2.586 | F10: ='Datas P7'!G298 -> 170.455 | G10: =+ROUND(E10*F10/10,2) -> 44.08 | H10: =ROUND(PI()/4*0.23*0.23*2,2) -> 0.08 | I10: =1.139+1.53-0.083 -> 2.586 | J10: =ROUND(PI()/4*0.28*0.28*2,2) -> 0.12 | K10: =1.139+1.53-0.12 -> 2.549 | L10: =ROUND(PI()/4*0.33^2*2,2) -> 0.17 | M10: =1.139+1.53-0.17 -> 2.499
C11: Internal Plastering in CM(1:4) of 20 mm thick uniform portionPI()*0.75*0.3 =0.707, PI*(0.75+0.50)/2*0.52=1.02-PI/4*.20*.20*2=0.062 (0.707+1.02-0.062)=1.66 | D11: 10 Sqm | E11: =I11 -> 1.629 | F11: ='Datas P7'!G308 -> 2594.86 | G11: =+ROUND(E11*F11/10,2) -> 422.7 | H11: =ROUND(PI()/4*0.2*0.2*2,3) -> 0.063 | I11: =0.707+1.02-0.098 -> 1.629 | J11: =ROUND(PI()/4*0.25*0.25*2,3) -> 0.098 | K11: =0.707+1.02-0.098 -> 1.629 | L11: =ROUND(PI()/4*0.3^2,3) -> 0.071 | M11: =0.707+1.02-0.071 -> 1.656
C12: CC Channeling with (1:2.5:5) Prop PI/4*0.75*.75*.23 =0.101 over Manhole alround for Cover PI*0.81*0.15*0.10=0.038 deduct Channel 0.75*0.2*.23 =0.0345 (0.101+0.038-0.0345=0.10) | D12: Cum | E12: =I12 -> 0.096 | F12: ='Datas P7'!G258 -> 6018.18 | G12: =+ROUND(E12*F12,2) -> 577.75 | H12: =ROUND(0.75*0.25*0.23,3) -> 0.043 | I12: =0.101+0.038-0.043 -> 0.096 | J12: =ROUND(0.75*0.25*0.23,3) -> 0.043 | K12: =0.101+0.038-0.043 -> 0.096 | L12: =ROUND(0.75*0.3*0.23,3) -> 0.052 | M12: =0.101+0.038-0.052 -> 0.087
A13: TBSC .B.II -11 | C13: Supplying & fixing of CI Step | D13: No | E13: 0 | F13: 66 | G13: =+ROUND(E13*F13,2) -> 0 | H13: 65
C14: Total | D14: Each | G14: =SUM(G7:G13) -> 5930.51
C15: Add Seignarage Charges
C16: For Metal | D16: Cum | E16: =ROUND(E7*0.9+E12*0.9,2) -> 0.22 | F16: =Lead!T17 -> 75 | G16: =ROUND(F16*E16,2) -> 16.5 | I16: =ROUND(I7*0.9+I12*0.9,2) -> 0.21 | K16: =ROUND(K7*0.9+K12*0.9,2) -> 0.21 | M16: =ROUND(M7*0.9+M12*0.9,2) -> 0.2
C17: For Sand | D17: Cum | E17: =ROUND((E8+E9)*0.2+(E10*0.015+E11*0.021)+(E7+E12)*0.45,2) -> 0.28 | F17: =Lead!T10 -> 90 | G17: =ROUND(F17*E17,2) -> 25.2 | I17: =ROUND((I8+I9)*0.2+(I10*0.015+I11*0.021)+(I7+I12)*0.45,2) -> 0.28 | K17: =ROUND((K8+K9)*0.2+(K10*0.015+K11*0.021)+(K7+K12)*0.45,2) -> 0.27 | M17: =ROUND((M8+M9)*0.2+(M10*0.015+M11*0.021)+(M7+M12)*0.45,2) -> 0.27
C18: For Bricks | E18: =ROUND((E8+E9)*512,2) -> 247.81 | F18: =Lead!$O$15 -> 0 | G18: =ROUND(F18*E18/1000,2) -> 0 | I18: =ROUND((I8+I9)*512,2) -> 247.81 | K18: =ROUND((K8+K9)*512,2) -> 243.2 | M18: =ROUND((M8+M9)*512,2) -> 237.57
C19: Rate per Each Man hole | F19: Rs | G19: =SUM(G14:G18) -> 5972.21
B20: AA | C20: Additional manhole 0.10 mt depth constructon of 0.75 circular sewer man hole of 0.75 mts depth with 2nd Class modulor bricks in CM(1:6) Prop as per specification etc complete. benching / chanelling,internal plastreng with 20 mm thick cm 1:4 and External Plasterng with 12mm thick CM (1:4) with fine rendering including cost and fixing of CI steps and fixing FC/ CI cover and frame but excluding the cost of cover and frame, including the cost and conveyance of all materials at site complete and curing for 21 days complete all taxes seignarage charges as per specification etc complete.
C21: Brick Masonory in cm (1: 6) )portion using 2nd class for PI..98*.23*.10=0.071 | D21: Cum | E21: 0.071 | F21: ='Datas P7'!G287 -> 8504.47 | G21: =+ROUND(E21*F21,2) -> 603.82
C22: External Plastering in CM(1:4) of 12 mm thick vertical portion PI()1.21*0.10=0.38 | D22: 10 Sqm | E22: 0.38 | F22: ='Datas P7'!G298 -> 170.455 | G22: =+ROUND(E22*F22/10,2) -> 6.48
C23: Internal Plastering in CM(1:4) of 20 mm thick uniform portion PI*1.21*.10=0.236 | D23: 10 Sqm | E23: 0.236 | F23: ='Datas P7'!G308 -> 2594.86 | G23: =+ROUND(E23*F23/10,2) -> 61.24
C24: Add Seignarage Charges
C25: For Sand | E25: =(E22*0.15+E23*0.21)/10+E21*0.2 -> 0.024856 | F25: =F17 -> 90 | G25: =ROUND(F25*E25,2) -> 2.24
C26: For Bricks | E26: =ROUND(E21*0.512,3) -> 0.036 | F26: =F18 -> 0 | G26: =ROUND(F26*E26,2) -> 0
C28: Rate for 0.10meters depth | G28: =SUM(G21:G26) -> 673.78
C30: Rates of Manholes of various depths
B31: +or- depth | C31: Size of Man Hole Depth | D31: OH | E31: Basic Rate | F31: cost of 0.10M depth | G31: Total Cost/ Each
B32: =B33-0.5 -> -4 | C32: Rate for 0.75 x 0.55 x0.35 M | D32: =Lead!$Q$27 -> 0.13615 | E32: =$G$19 -> 5972.21 | F32: =$G$28 -> 673.78 | G32: =ROUND((E32+B32*F32)+(E32+B32*F32)*D32,2) -> 3723.27
B33: =B34-0.5 -> -3.5 | C33: Rate for 0.75 x 0.55 x0.40 M | D33: =Lead!$Q$27 -> 0.13615 | E33: =$G$19 -> 5972.21 | F33: =$G$28 -> 673.78 | G33: =ROUND((E33+B33*F33)+(E33+B33*F33)*D33,2) -> 4106.02
B34: =B35-0.5 -> -3 | C34: Rate for 0.75 x 0.55 x0.45 M | D34: =Lead!$Q$27 -> 0.13615 | E34: =$G$19 -> 5972.21 | F34: =$G$28 -> 673.78 | G34: =ROUND((E34+B34*F34)+(E34+B34*F34)*D34,2) -> 4488.78
B35: =B36-0.5 -> -2.5 | C35: Rate for 0.75 x 0.55 x0.50 M | D35: =Lead!$Q$27 -> 0.13615 | E35: =$G$19 -> 5972.21 | F35: =$G$28 -> 673.78 | G35: =ROUND((E35+B35*F35)+(E35+B35*F35)*D35,2) -> 4871.54
B36: =B37-0.5 -> -2 | C36: Rate for 0.75 x 0.55 x0.55 M | D36: =Lead!$Q$27 -> 0.13615 | E36: =$G$19 -> 5972.21 | F36: =$G$28 -> 673.78 | G36: =ROUND((E36+B36*F36)+(E36+B36*F36)*D36,2) -> 5254.3
B37: =B38-0.5 -> -1.5 | C37: Rate for 0.75 x 0.55 x0.60 M | D37: =Lead!$Q$27 -> 0.13615 | E37: =$G$19 -> 5972.21 | F37: =$G$28 -> 673.78 | G37: =ROUND((E37+B37*F37)+(E37+B37*F37)*D37,2) -> 5637.05
B38: =B39-0.5 -> -1 | C38: Rate for 0.75 x 0.55 x0.65 M | D38: =Lead!$Q$27 -> 0.13615 | E38: =$G$19 -> 5972.21 | F38: =$G$28 -> 673.78 | G38: =ROUND((E38+B38*F38)+(E38+B38*F38)*D38,2) -> 6019.81
B39: =B40-0.5 -> -0.5 | C39: Rate for 0.75 x 0.55 x0.70 M | D39: =Lead!$Q$27 -> 0.13615 | E39: =$G$19 -> 5972.21 | F39: =$G$28 -> 673.78 | G39: =ROUND((E39+B39*F39)+(E39+B39*F39)*D39,2) -> 6402.57
B40: 0 | C40: Rate for 0.75 x 0.55 x0.75 M | D40: =Lead!$Q$27 -> 0.13615 | E40: =$G$19 -> 5972.21 | F40: 0 | G40: =ROUND((E40+B40*F40)+(E40+B40*F40)*D40,2) -> 6785.33
B41: 0.5 | C41: Rate for 0.75 x 0.55 x0.80 M | D41: =Lead!$Q$27 -> 0.13615 | E41: =$G$19 -> 5972.21 | F41: =$G$28 -> 673.78 | G41: =ROUND((E41+B41*F41)+(E41+B41*F41)*D41,2) -> 7168.08
B42: 1 | C42: Rate for 0.75 x 0.55 x0.85 M | D42: =Lead!$Q$27 -> 0.13615 | E42: =$G$19 -> 5972.21 | F42: =$G$28 -> 673.78 | G42: =ROUND((E42+B42*F42)+(E42+B42*F42)*D42,2) -> 7550.84
B43: =B42+0.5 -> 1.5 | C43: Rate for 0.75 x 0.55 x0.90 M | D43: =Lead!$Q$27 -> 0.13615 | E43: =$G$19 -> 5972.21 | F43: =$G$28 -> 673.78 | G43: =ROUND((E43+B43*F43)+(E43+B43*F43)*D43,2) -> 7933.6
B44: =B43+0.5 -> 2 | C44: Rate for 0.75 x 0.55 x0.95 M | D44: =Lead!$Q$27 -> 0.13615 | E44: =$G$19 -> 5972.21 | F44: =$G$28 -> 673.78 | G44: =ROUND((E44+B44*F44)+(E44+B44*F44)*D44,2) -> 8316.36
B45: =B44+0.5 -> 2.5 | C45: Rate for 0.75 x 0.55 x 1.00 M | D45: =Lead!$Q$27 -> 0.13615 | E45: =$G$19 -> 5972.21 | F45: =$G$28 -> 673.78 | G45: =ROUND((E45+B45*F45)+(E45+B45*F45)*D45,2) -> 8699.11
B46: =B45+0.5 -> 3 | C46: Rate for 0.75 x 0.55 x 1.05 M | D46: =Lead!$Q$27 -> 0.13615 | E46: =$G$19 -> 5972.21 | F46: =$G$28 -> 673.78 | G46: =ROUND((E46+B46*F46)+(E46+B46*F46)*D46,2) -> 9081.87
B47: =B46+0.5 -> 3.5 | C47: Rate for 0.75 x 0.55 x 1.10 M | D47: =Lead!$Q$27 -> 0.13615 | E47: =$G$19 -> 5972.21 | F47: =$G$28 -> 673.78 | G47: =ROUND((E47+B47*F47)+(E47+B47*F47)*D47,2) -> 9464.63
B48: =B47+0.5 -> 4 | C48: Rate for 0.75 x 0.55 x 1.15 M | D48: =Lead!$Q$27 -> 0.13615 | E48: =$G$19 -> 5972.21 | F48: =$G$28 -> 673.78 | G48: =ROUND((E48+B48*F48)+(E48+B48*F48)*D48,2) -> 9847.39
B49: =B48+0.5 -> 4.5 | C49: Rate for 0.75 x 0.55 x 1.20 M | D49: =Lead!$Q$27 -> 0.13615 | E49: =$G$19 -> 5972.21 | F49: =$G$28 -> 673.78 | G49: =ROUND((E49+B49*F49)+(E49+B49*F49)*D49,2) -> 10230.14
B50: 2 | C50: Constructon of 0.90 M Circular Sewer Man hole of 0.90 mts x 0.55 m of 1.0 M depths with 2 nd Class bricks in cm 1:6 prop and corbelling too including cc bed ( 1: 4 : 8 ) prop using 40 mm gauge HG Metal 0.10 mt thick and CC (1:2:4) Prop benching / chanelling,internal plastreng with 20 mm thick cm 1:4 and External Plasterng with 12mm thick CM (1:4) with fine rendering including cost and fixing of CI steps and fixing FC/ CI cover and frame but excluding the cost of cover and frame, including the cost and conveyance of all materials at site complete and curing for 21 days complete all taxes seignarage charges as per specification etc complete. | E50: For 200 mm dia | H50: For 200 mm dia | J50: For 250 mm dia | L50: For 300 mm dia
C51: CC in cm( 1:4:8) PI/4x1.65x1.65x0.10=0.213 | D51: Cum | E51: =I51 -> 0.213 | F51: ='Datas P7'!G226 -> 5383.29 | G51: =+ROUND(E51*F51,2) -> 1146.64 | I51: 0.213 | K51: 0.213 | M51: 0.213 | O51: =9*6504.8 -> 58543.2
C52: Brick Masonory in cm (1: 6) Prop using 2nd class bricks for Uniform Section PIx1.13x0.23x0.30-PI/4*0.23*0.23*.23=(0.245-0.019) | D52: Cum | E52: =I52 -> 0.226 | F52: ='Datas P7'!G287 -> 8504.47 | G52: =+ROUND(E52*F52,2) -> 1922.01 | H52: =ROUND(PI()/4*0.23*0.23*0.23*2,3) -> 0.019 | I52: =0.245-H52 -> 0.226 | J52: =ROUND(PI()/4*0.28*0.28*0.23*2,3) -> 0.028 | K52: =0.245-J52 -> 0.217 | L52: =ROUND(PI()/4*0.33*0.33*0.23*2,3) -> 0.039 | M52: =0.245-L52 -> 0.206
C53: Brick Masonory work in cm (1: 6) )Prop using 2nd class bricks for Carbelling Portion Pix(1.13+0.78)/2x0.23x0.70=0.483 | D53: Cum | E53: =I53 -> 0.483 | F53: =F52 -> 8504.47 | G53: =+ROUND(E53*F53,2) -> 4107.66 | I53: 0.483 | K53: 0.483 | M53: 0.483
C54: External Plastering in CM(1:4) of 12 mm thick vertical portion PIx1.36x0.30=1.28 and sloped portion Pix(1.36+1.01)/2x0.70 =2.66 Dedcut Pipe Portion 2xPI()/4x0.23x0.23=0.083 | D54: 10 Sqm | E54: =I54 -> 3.857 | F54: ='Datas P7'!G298 -> 170.455 | G54: =+ROUND(E54*F54/10,2) -> 65.74 | H54: =ROUND(PI()/4*0.23*0.23*2,3) -> 0.083 | I54: =1.28+2.66-0.083 -> 3.857 | J54: =ROUND(PI()/4*0.28*0.28*2,2) -> 0.12 | K54: =1.28+2.66-J54 -> 3.82 | L54: =ROUND(PI()/4*0.33^2*2,2) -> 0.17 | M54: =1.28+2.66-0.17 -> 3.77
C55: Internal Plastering in CM(1:4) of 20 mm thick uniform portion PIx0.90x0.30=0.848 and Sloped Portion Pix(0.90+0.55)/2x0.770 =1.75 Dedcut Pipe Portion 2xPI()/4x0.20x0.20=0.063 (0.848+1.75-0.063=2.54) | D55: 10 Sqm | E55: =I55 -> 2.535 | F55: ='Datas P7'!G308 -> 2594.86 | G55: =+ROUND(E55*F55/10,2) -> 657.8 | H55: =ROUND(PI()/4*0.2*0.2*2,3) -> 0.063 | I55: =0.848+1.75-0.063 -> 2.535 | J55: =ROUND(PI()/4*0.25*0.25*2,3) -> 0.098 | K55: =0.848+1.75-J55 -> 2.5 | L55: =ROUND(PI()/4*0.3^2,3) -> 0.071 | M55: =0.848+1.75-L55 -> 2.527
C56: CC Channeling with (1:2.5:5) Prop PIx0.9x0.9x0.20/4 =0.13 over Manhole alround for Cover PIx0.81x0.15x0.10=0.038 deduct Channel 0.90x0.20x0.20=0.036 | D56: Cum | E56: 0.132 | F56: ='Datas P7'!G258 -> 6018.18 | G56: =+ROUND(E56*F56,2) -> 794.4 | H56: =ROUND(0.9*0.2*0.2,3) -> 0.036 | I56: =0.13+0.038-0.036 -> 0.132 | J56: =ROUND(0.9*0.25*0.2,3) -> 0.045 | K56: =0.13+0.038-J56 -> 0.123 | L56: =ROUND(0.9*0.3*0.2,3) -> 0.054 | M56: =0.13+0.038-L56 -> 0.114
A57: BMW-I.89 | C57: Suply and fixing of CI Steps | D57: Each | E57: 2 | F57: 66 | G57: =+ROUND(E57*F57,2) -> 132
C58: Total | D58: Each | F58: Rs | G58: =SUM(G51:G57) -> 8826.25
C59: For Metal | D59: Cum | E59: 0.31 | F59: =Lead!T19 -> 75 | G59: =ROUND(F59*E59,2) -> 23.25 | I59: =ROUND(I51*0.9+I56*0.9,2) -> 0.31 | K59: =ROUND(K51*0.9+K56*0.9,2) -> 0.3 | M59: =ROUND(M51*0.9+M56*0.9,2) -> 0.29
C60: For Sand | D60: Cum | E60: 0.41 | F60: =Lead!T10 -> 90 | G60: =ROUND(F60*E60,2) -> 36.9 | I60: =ROUND((I52+I53)*0.2+(I54*0.015+I55*0.021)+(I51+I56)*0.45,2) -> 0.41 | K60: =ROUND((K52+K53)*0.2+(K54*0.015+K55*0.021)+(K51+K56)*0.45,2) -> 0.4 | M60: =ROUND((M52+M53)*0.2+(M54*0.015+M55*0.021)+(M51+M56)*0.45,2) -> 0.39
C61: For Bricks | E61: =SUM(E52+E53)*512 -> 363.008 | F61: =Lead!$O$15 -> 0 | G61: =ROUND(F61*E61/1000,2) -> 0 | I61: =ROUND((I52+I53)*512,2) -> 363.01 | K61: =ROUND((K52+K53)*512,2) -> 358.4 | M61: =ROUND((M52+M53)*512,2) -> 352.77
C62: Rate per Each Man hole | G62: =SUM(G58:G61) -> 8886.4
C63: Additional manhole 0.10 M depth constructon of 0.90 circular sewer man hole of 0.90 mts depth with 2nd Class bricks in CM(1:6) Prop as per specification etc complete. benching / chanelling,internal plastreng with 20 mm thick cm 1:4 and External Plasterng with 12mm thick CM (1:4) with fine rendering including cost and fixing of CI steps and fixing FC/ CI cover and frame but excluding the cost of cover and frame, including the cost and conveyance of all materials at site complete and curing for 21 days complete all taxes seignarage charges as per specification etc complete.
C64: Brick Masonory work in cm (1: 6) )portion for Uniform Section PIx1.13x0.23x0.10 | D64: Cum | E64: =0.082 -> 0.082 | F64: ='Datas P7'!G287 -> 8504.47 | G64: =+ROUND(E64*F64,2) -> 697.37
C65: External Plastering in CM(1:4) of 12 mm thick vertical portion PIx1.36x0..10=0.43 | D65: 10 Sqm | E65: 0.427 | F65: ='Datas P7'!G298 -> 170.455 | G65: =+ROUND(E65*F65/10,2) -> 7.28
C66: Internal Plastering in CM(1:4) of 20 mm thick uniform portion PIx0.90x0.10=0.283 | D66: 10 Sqm | E66: 0.283 | F66: ='Datas P7'!G308 -> 2594.86 | G66: =+ROUND(E66*F66/10,2) -> 73.43
C67: Add Seignarage Charges
C68: For Sand | D68: Cum | E68: =E65*0.015+E66*0.021+E64*0.2 -> 0.028748 | F68: =F60 -> 90 | G68: =ROUND(F68*E68,2) -> 2.59 | I68: =6178.53-518.68 -> 5659.85
C69: For Bricks | E69: =E64*0.512 -> 0.041984 | F69: =F61 -> 0 | G69: =ROUND(F69*E69,2) -> 0
C70: Rate for 0.10meters depth | G70: =SUM(G64:G69) -> 780.67
C72: Rates of Manholes of various depths
B73: +or- depth | C73: Size of Man Hole Depth | D73: OH | E73: Basic Rate | F73: cost of 0.10M depth | G73: Total Cost/ Each
B74: =B75-0.5 -> -5 | C74: Rate for 0.90 x 0.55 x0.50 M | D74: =Lead!$Q$27 -> 0.13615 | E74: =$G$62 -> 8886.4 | F74: =$G$70 -> 780.67 | G74: =ROUND((E74+B74*F74)+(E74+B74*F74)*D74,2) -> 5661.49
B75: =B76-0.5 -> -4.5 | C75: Rate for 0.90 x 0.55 x0.55 M | D75: =Lead!$Q$27 -> 0.13615 | E75: =$G$62 -> 8886.4 | F75: =$G$70 -> 780.67 | G75: =ROUND((E75+B75*F75)+(E75+B75*F75)*D75,2) -> 6104.97
B76: =B77-0.5 -> -4 | C76: Rate for 0.90 x 0.55 x0.60 M | D76: =Lead!$Q$27 -> 0.13615 | E76: =$G$62 -> 8886.4 | F76: =$G$70 -> 780.67 | G76: =ROUND((E76+B76*F76)+(E76+B76*F76)*D76,2) -> 6548.45
B77: =B78-0.5 -> -3.5 | C77: Rate for 0.90 x 0.55 x0.65 M | D77: =Lead!$Q$27 -> 0.13615 | E77: =$G$62 -> 8886.4 | F77: =$G$70 -> 780.67 | G77: =ROUND((E77+B77*F77)+(E77+B77*F77)*D77,2) -> 6991.93
B78: =B79-0.5 -> -3 | C78: Rate for 0.90 x 0.55 x0.70 M | D78: =Lead!$Q$27 -> 0.13615 | E78: =$G$62 -> 8886.4 | F78: =$G$70 -> 780.67 | G78: =ROUND((E78+B78*F78)+(E78+B78*F78)*D78,2) -> 7435.41
B79: =B80-0.5 -> -2.5 | C79: Rate for 0.90 x 0.55 x0.75 M | D79: =Lead!$Q$27 -> 0.13615 | E79: =$G$62 -> 8886.4 | F79: =$G$70 -> 780.67 | G79: =ROUND((E79+B79*F79)+(E79+B79*F79)*D79,2) -> 7878.89
B80: =B81-0.5 -> -2 | C80: Rate for 0.90 x 0.55 x0.80 M | D80: =Lead!$Q$27 -> 0.13615 | E80: =$G$62 -> 8886.4 | F80: =$G$70 -> 780.67 | G80: =ROUND((E80+B80*F80)+(E80+B80*F80)*D80,2) -> 8322.37
B81: =B82-0.5 -> -1.5 | C81: Rate for 0.90 x 0.55 x0.85 M | D81: =Lead!$Q$27 -> 0.13615 | E81: =$G$62 -> 8886.4 | F81: =$G$70 -> 780.67 | G81: =ROUND((E81+B81*F81)+(E81+B81*F81)*D81,2) -> 8765.85
B82: =B83-0.5 -> -1 | C82: Rate for 0.90 x 0.55 x0.90 M | D82: =Lead!$Q$27 -> 0.13615 | E82: =$G$62 -> 8886.4 | F82: =$G$70 -> 780.67 | G82: =ROUND((E82+B82*F82)+(E82+B82*F82)*D82,2) -> 9209.33
B83: =B84-0.5 -> -0.5 | C83: Rate for 0.90 x 0.55 x0.95 M | D83: =Lead!$Q$27 -> 0.13615 | E83: =$G$62 -> 8886.4 | F83: =$G$70 -> 780.67 | G83: =ROUND((E83+B83*F83)+(E83+B83*F83)*D83,2) -> 9652.8
B84: 0 | C84: Rate for 0.90 x 0.55 x 1.00 M | D84: =Lead!$Q$27 -> 0.13615 | E84: =$G$62 -> 8886.4 | F84: =$G$70 -> 780.67 | G84: =ROUND((E84+B84*F84)+(E84+B84*F84)*D84,2) -> 10096.28
B85: =B84+0.5 -> 0.5 | C85: Rate for 0.90 x 0.55 x 1.05 M | D85: =Lead!$Q$27 -> 0.13615 | E85: =$G$62 -> 8886.4 | F85: =$G$70 -> 780.67 | G85: =ROUND((E85+B85*F85)+(E85+B85*F85)*D85,2) -> 10539.76
B86: =B85+0.5 -> 1 | C86: Rate for 0.90 x 0.55 x 1.10 M | D86: =Lead!$Q$27 -> 0.13615 | E86: =$G$62 -> 8886.4 | F86: =$G$70 -> 780.67 | G86: =ROUND((E86+B86*F86)+(E86+B86*F86)*D86,2) -> 10983.24
B87: =B86+0.5 -> 1.5 | C87: Rate for 0.90 x 0.55 x 1.15 M | D87: =Lead!$Q$27 -> 0.13615 | E87: =$G$62 -> 8886.4 | F87: =$G$70 -> 780.67 | G87: =ROUND((E87+B87*F87)+(E87+B87*F87)*D87,2) -> 11426.72
B88: =B87+0.5 -> 2 | C88: Rate for 0.90 x 0.55 x 1.20 M | D88: =Lead!$Q$27 -> 0.13615 | E88: =$G$62 -> 8886.4 | F88: =$G$70 -> 780.67 | G88: =ROUND((E88+B88*F88)+(E88+B88*F88)*D88,2) -> 11870.2
B89: =B88+0.5 -> 2.5 | C89: Rate for 0.90 x 0.55 x 1.25 M | D89: =Lead!$Q$27 -> 0.13615 | E89: =$G$62 -> 8886.4 | F89: =$G$70 -> 780.67 | G89: =ROUND((E89+B89*F89)+(E89+B89*F89)*D89,2) -> 12313.68
B90: =B89+0.5 -> 3 | C90: Rate for 0.90 x 0.55 x 1.30 M | D90: =Lead!$Q$27 -> 0.13615 | E90: =$G$62 -> 8886.4 | F90: =$G$70 -> 780.67 | G90: =ROUND((E90+B90*F90)+(E90+B90*F90)*D90,2) -> 12757.16
B91: =B90+0.5 -> 3.5 | C91: Rate for 0.90 x 0.55 x 1.35 M | D91: =Lead!$Q$27 -> 0.13615 | E91: =$G$62 -> 8886.4 | F91: =$G$70 -> 780.67 | G91: =ROUND((E91+B91*F91)+(E91+B91*F91)*D91,2) -> 13200.64
B92: 3 | C92: Constructon of 1.20 M Circular Sewer Man hole of 1.20 mts x 0.55 m of 1.0 M depths with Fly ash bricks in cm 1:6 prop and corbelling too including cc bed ( 1:4:8 ) prop using 40 mm gauge HG Metal 0.10 mt thick and CC (1:2:4) Prop benching / chanelling,internal plastreng with 20 mm thick cm 1:4 and External Plasterng with 12mm thick CM (1:4) with fine rendering including cost and fixing of CI steps and fixing FC/ CI cover and frame but excluding the cost of cover and frame, including the cost and conveyance of all materials at site complete and curing for 21 days complete all taxes seignarage charges as per specification etc complete. | E92: For 200 mm dia | H92: For 200 mm dia | J92: For 250 mm dia | L92: For 300 mm dia
C93: Cement for PCC (1:4:8) PI/4x1.95x1.95x0.10=0.298 | D93: Cum | E93: 0.298 | F93: ='Datas P7'!G226 -> 5383.29 | G93: =+ROUND(E93*F93,2) -> 1604.22 | I93: 0.298 | K93: 0.298 | M93: 0.298
C94: Brick Masonory work in cm (1: 6) )portion for Uniform Section PI()*1.43*0.23*0.30=0.31 Dedcut Pipe Portion 2*PI()/4*0.23*0.23*0.23=0.019 (0.31-0.019=0.291) | D94: Cum | E94: 0.291 | F94: ='Datas P7'!G287 -> 8504.47 | G94: =+ROUND(E94*F94,2) -> 2474.8 | H94: =ROUND(PI()/4*0.23*0.23*0.23*2,3) -> 0.019 | I94: =0.31-H94 -> 0.291 | J94: =ROUND(PI()/4*0.28*0.28*0.23*2,3) -> 0.028 | K94: =0.31-J94 -> 0.282 | L94: =ROUND(PI()/4*0.33*0.33*0.23*2,3) -> 0.039 | M94: =0.31-L94 -> 0.271
C95: Brick Masonory work in cm (1: 6) )portion for Carbelling Portion PI()*(1.43+0.73)/2*0.23*0.70 =0.54 | D95: Cum | E95: 0.54 | F95: =F94 -> 8504.47 | G95: =+ROUND(E95*F95,2) -> 4592.41 | I95: 0.54 | K95: 0.54 | M95: 0.54
C96: External Plastering in CM(1:4) of 12 mm thick vertical portion PI()*1.65*0.30= 1.56 and sloped portion PI()*(1.65+1.0)/2*0.70 =2.92 Dedcut Pipe Portion 2*PI()/4*0.23*0.23= 0.083 (1.56+2.92-0.083 =4.40) | D96: 10 Sqm | E96: 4.4 | F96: ='Datas P7'!G298 -> 170.455 | G96: =+ROUND(E96*F96/10,2) -> 75 | H96: =ROUND(PI()/4*0.23*0.23*2,3) -> 0.083 | I96: =1.56+2.92-H96 -> 4.397 | J96: =ROUND(PI()/4*0.28*0.28*2,2) -> 0.12 | K96: =1.56+2.92-J96 -> 4.36 | L96: =ROUND(PI()/4*0.33^2*2,2) -> 0.17 | M96: =1.56+2.92-L96 -> 4.31
C97: Internal Plastering in CM(1:4) of 20 mm thick uniform portion PI*1.20*0.30=1.13 and Sloped Portion PI()*(1.20+0.55)/2*0.77 =2.11 Dedcut Pipe Portion 2*PI()/4*0.20*0.20=0.063 (1.13+2.11-0.063=3.10) | D97: 10 Sqm | E97: 3.18 | F97: ='Datas P7'!G308 -> 2594.86 | G97: =+ROUND(E97*F97/10,2) -> 825.17 | H97: =ROUND(PI()/4*0.2*0.2*2,3) -> 0.063 | I97: =1.13+2.11-H97 -> 3.177 | J97: =ROUND(PI()/4*0.25*0.25*2,3) -> 0.098 | K97: =1.13+2.11-J97 -> 3.142 | L97: =ROUND(PI()/4*0.3^2,3) -> 0.071 | M97: =1.13+2.11-L97 -> 3.169
C98: CC Channeling with (1:2.5:5) Prop PI*1.2*1.20*0.25/4 =0.28 over Manhole alround for Cover PIx0.81x0.15x0.10=0.038 deduct Channel 1.20*0.30*0.30=0.108 (0.28+0.038-0.108=0.21) | D98: Cum | E98: 0.132 | F98: ='Datas P7'!G258 -> 6018.18 | G98: =+ROUND(E98*F98,2) -> 794.4 | H98: =ROUND(0.9*0.2*0.2,3) -> 0.036 | I98: =0.13+0.038-H98 -> 0.132 | J98: =ROUND(0.9*0.25*0.2,3) -> 0.045 | K98: =0.13+0.038-J98 -> 0.123 | L98: =ROUND(0.9*0.3*0.2,3) -> 0.054 | M98: =0.13+0.038-L98 -> 0.114
A99: BMW-I.89 | C99: Suply and fixing of CI Steps | D99: Each | E99: 3 | F99: 66 | G99: =+ROUND(E99*F99,2) -> 198
C100: Total | D100: Each | F100: Rs | G100: =SUM(G93:G99) -> 10564
C101: For Metal | D101: Cum | E101: =ROUND(E93*0.9+E98*0.9,2) -> 0.39 | F101: =Lead!T19 -> 75 | G101: =ROUND(F101*E101,2) -> 29.25 | I101: =ROUND(I93*0.9+I98*0.9,2) -> 0.39 | K101: =ROUND(K93*0.9+K98*0.9,2) -> 0.38 | M101: =ROUND(M93*0.9+M98*0.9,2) -> 0.37
C102: For Sand | D102: Cum | E102: =ROUND((E94+E95)*0.2+(E96*0.015+E97*0.021)+(E93+E98)*0.45,2) -> 0.49 | F102: =Lead!T10 -> 90 | G102: =ROUND(F102*E102,2) -> 44.1 | I102: =ROUND((I94+I95)*0.2+(I96*0.015+I97*0.021)+(I93+I98)*0.45,2) -> 0.49 | K102: =ROUND((K94+K95)*0.2+(K96*0.015+K97*0.021)+(K93+K98)*0.45,2) -> 0.49 | M102: =ROUND((M94+M95)*0.2+(M96*0.015+M97*0.021)+(M93+M98)*0.45,2) -> 0.48
C103: For Bricks | D103: Cum | E103: =ROUND((E94+E95)*512,2) -> 425.47 | F103: =Lead!$O$15 -> 0 | G103: =ROUND(F103*E103/1000,2) -> 0 | I103: =ROUND((I94+I95)*512,2) -> 425.47 | K103: =ROUND((K94+K95)*512,2) -> 420.86 | M103: =ROUND((M94+M95)*512,2) -> 415.23
...

Sheet Lead
A1: Providing UGD system in Kokapet
A3: Lead Chart 2019-20
A4: Sl. No. | B4: Description | C4: S.No. | D4: Unit | E4: Quarry | F4: Item no | G4: Page no | H4: Lead in KM | I4: Convey-ance Charges | L4: Initial Cost | P4: Loading charges | Q4: un loading charges | R4: Total | T4: Seign Chagres
I5: Lead charges (As per SoR) | J5: Deduct 13.615 % over head charges | K5: Net Lead charges | L5: Initial rate Excluding S/C | M5: Add Crushing Charges | N5: Add blasting Charges | O5: Add Seign Charges
A6: 1 | B6: 2 | C6: 2 | D6: 2 | E6: 3 | F6: 4 | G6: 5 | H6: 6 | I6: =H6+1 -> 7 | J6: =I6+1 -> 8 | K6: =J6+1 -> 9 | L6: =K6+1 -> 10 | M6: =L6+1 -> 11 | N6: =M6+1 -> 12 | O6: =N6+1 -> 13 | P6: =N6+1 -> 13 | Q6: =P6+1 -> 14 | R6: =Q6+1 -> 15
A8: 1 | B8: Cement | E8: Local | H8: - | I8: 0 | L8: 4300 | Q8: 0 | R8: =#REF! -> #REF!
A9: 2 | B9: Steel | E9: Local | H9: - | I9: 0 | L9: 34500 | Q9: 0 | R9: =Q9+L9 -> 34500
A10: 3 | B10: Sand for Mortar & Platering | D10: Cum | H10: 160 | I10: =LOOKUP(H10,' Conv 19_20'!$A$4:$B$303) -> 1948 | J10: =ROUND(I10*(1-1/1.13615),2) -> 233.44 | K10: =I10-J10 -> 1714.56 | L10: 760 | O10: 0 | Q10: 0 | R10: =Q10+L10+K10 -> 2474.56 | T10: 90
A11: 4 | B11: Sand for Concrete | D11: Cum | H11: 160 | I11: =LOOKUP(H11,' Conv 19_20'!$A$4:$B$303) -> 1948 | J11: =ROUND(I11*(1-1/1.13615),2) -> 233.44 | K11: =I11-J11 -> 1714.56 | L11: 570 | O11: 0 | Q11: 0 | R11: =Q11+L11+K11 -> 2284.56 | T11: 90
A12: 5 | B12: Rock Sand | D12: Cum | H12: 10 | I12: =LOOKUP(H12,' Conv 19_20'!$A$4:$B$303) -> 162 | J12: =ROUND(I12*(1-1/1.13615),2) -> 19.41 | K12: =I12-J12 -> 142.59 | L12: 570 | R12: =SUM(K12:Q12) -> 712.59
A13: 6 | B13: Sand 50: Rock Sand 50 for Plastering | R13: =AVERAGE(R10,R12) -> 1593.575
A14: 7 | B14: Sand 50: Rock Sand 50 for Concreting | R14: =AVERAGE(R11:R12) -> 1498.575
A15: 8 | B15: Flyash bricks cement solid blocks with compressive strength of 50kg/cm2 of 0.225x0.1x0.06 | D15: 1000 Nos | H15: 20 | I15: =LOOKUP(H15,' Conv 19_20'!$J$4:$K$303) -> 485.5 | J15: =ROUND(I15*(1-1/1.13615),2) -> 58.18 | K15: =I15-J15 -> 427.32 | L15: 6000 | O15: 0 | P15: 65.9 | Q15: 65.9 | R15: =Q15+P15+L15+K15 -> 6559.12 | T15: 0
A16: 9 | B16: Traditional brick 23x11x7 | D16: 1000 Nos | H16: 50 | I16: =LOOKUP(H16,Conveyance!J4:K303) -> 980.6 | J16: =ROUND(I16*(1-1/1.13615),2) -> 117.51 | K16: =I16-J16 -> 863.09 | L16: 5700 | P16: =P15 -> 65.9 | Q16: =Q15 -> 65.9 | R16: =SUM(K16:Q16) -> 6694.89
A17: 10 | B17: 40mm HBG metal SS5, machine crushed | D17: Cum | H17: 10 | I17: =LOOKUP(H17,' Conv 19_20'!$A$4:$B$303) -> 162 | J17: =ROUND(I17*(1-1/1.13615),2) -> 19.41 | K17: =I17-J17 -> 142.59 | L17: 505 | M17: 155 | N17: 70 | O17: 0 | R17: =N17+M17+L17+K17 -> 872.59 | T17: 75
A18: 11 | B18: 20mm HBG SS5 M/c chips | D18: Cum | H18: 10 | I18: =LOOKUP(H18,' Conv 19_20'!$A$4:$B$303) -> 162 | J18: =ROUND(I18*(1-1/1.13615),2) -> 19.41 | K18: =I18-J18 -> 142.59 | L18: 870 | M18: 259 | N18: 70 | O18: 0 | R18: =N18+M18+L18+K18 -> 1341.59 | T18: 75
A19: 12 | B19: 12 mm HBG SS5 M/c chips | D19: Cum | H19: =H18 -> 10 | I19: =LOOKUP(H19,' Conv 19_20'!$A$4:$B$303) -> 162 | J19: =ROUND(I19*(1-1/1.13615),2) -> 19.41 | K19: =I19-J19 -> 142.59 | L19: 781 | M19: 0 | N19: 0 | O19: 0 | R19: =N19+M19+L19+K19 -> 923.59 | T19: 75
A20: 13 | B20: Gravel | D20: Cum | H20: 10 | I20: =LOOKUP(H20,' Conv 19_20'!$D$4:$E$303) -> 162 | J20: =ROUND(I20*(1-1/1.13615),2) -> 19.41 | K20: =I20-J20 -> 142.59 | L20: 98 | M20: 0 | O20: 0 | R20: =SUM(K20,L20,M20,O20) -> 240.59 | T20: 30
A21: 14 | B21: Sand for filling | H21: 20 | I21: =LOOKUP(H21,' Conv 19_20'!$D$4:$E$303) -> 301 | J21: =ROUND(I21*(1-1/1.13615),2) -> 36.07 | K21: =I21-J21 -> 264.93 | L21: 570 | M21: 0 | N21: 0 | R21: =Q21+L21+K21 -> 834.93
A22: 15 | B22: Man mazdoor | E22: 445
A23: 16 | B23: Woman mazdoor | E23: 445
A24: 17 | B24: Mason Class I | E24: 500 | P24: Man Mazdoor | R24: 445
A25: 18 | B25: Semi Skilled Mason | E25: 470
A26: 19 | B26: Bar Bendar | E26: 590 | L26: Muncipal allowance | P26: MA | Q26: 0.4
A27: 20 | B27: Plumber | E27: 580 | L27: Allowance Over Heads | P27: OH | Q27: 0.13615
A28: 21 | B28: Chissler | E28: 525
A29: 22 | B29: Blaster | E29: 590
A30: 23 | B30: Black Smith | E30: 495
A31: 24 | B31: Driller | E31: 570
B40: 1) This to certify that the proposed leads over and above initial 1kM
B41: 2) This to certify that the proposed leads of the work is true and nearet to the best of my knowledge
B42: 3) This to certified that the stone requires blasting
B43: 4) This to certified that the proposed work is located with in the Muncipal limits of 12KM

Sheet Conveyance
A1: L E A D C H A R G E S - 2016-17
A2: Metal | D2: Gravel & Sand | G2: Shabad Stone | J2: Bricks | M2: Pipe SS NP3 600
A3: lead | B3: Rate | D3: lead | E3: Rate | G3: lead | H3: Rate | J3: lead | K3: Rate
A4: 1 | B4: 30.4 | D4: 1 | E4: 31.5 | G4: 1 | H4: 44.7 | J4: 1 | K4: 50.7 | M4: 1 | N4: 63.1
A5: =A4+1 -> 2 | B5: 42.6 | D5: =D4+1 -> 2 | E5: 44.1 | G5: =G4+1 -> 2 | H5: 62.6 | J5: =J4+1 -> 2 | K5: 70.9 | M5: 2 | N5: 63.1
A6: =A5+1 -> 3 | B6: 58.8 | D6: =D5+1 -> 3 | E6: 58.8 | G6: =G5+1 -> 3 | H6: 86.5 | J6: =J5+1 -> 3 | K6: 94.6 | M6: 3 | N6: 63.1
A7: =A6+1 -> 4 | B7: 71.4 | D7: =D6+1 -> 4 | E7: 71.4 | G7: =G6+1 -> 4 | H7: 105 | J7: =J6+1 -> 4 | K7: 114.8 | M7: 4 | N7: 63.1
A8: =A7+1 -> 5 | B8: 84 | D8: =D7+1 -> 5 | E8: 84 | G8: =G7+1 -> 5 | H8: 123.5 | J8: =J7+1 -> 5 | K8: 135.1 | M8: 5 | N8: 63.1
A9: =A8+1 -> 6 | B9: =B8+12.6 -> 96.6 | D9: =D8+1 -> 6 | E9: =E8+12.6 -> 96.6 | G9: =G8+1 -> 6 | H9: =H8+18.5 -> 142 | J9: =J8+1 -> 6 | K9: =K8+20.3 -> 155.4 | M9: 6 | N9: =N8+3 -> 66.1
A10: =A9+1 -> 7 | B10: =B9+12.6 -> 109.2 | D10: =D9+1 -> 7 | E10: =E9+12.6 -> 109.2 | G10: =G9+1 -> 7 | H10: =H9+18.5 -> 160.5 | J10: =J9+1 -> 7 | K10: =K9+20.3 -> 175.7 | M10: 7 | N10: =N9+3 -> 69.1
A11: =A10+1 -> 8 | B11: =B10+12.6 -> 121.8 | D11: =D10+1 -> 8 | E11: =E10+12.6 -> 121.8 | G11: =G10+1 -> 8 | H11: =H10+18.5 -> 179 | J11: =J10+1 -> 8 | K11: =K10+20.3 -> 196 | M11: 8 | N11: =N10+3 -> 72.1
A12: =A11+1 -> 9 | B12: =B11+12.6 -> 134.4 | D12: =D11+1 -> 9 | E12: =E11+12.6 -> 134.4 | G12: =G11+1 -> 9 | H12: =H11+18.5 -> 197.5 | J12: =J11+1 -> 9 | K12: =K11+20.3 -> 216.3 | M12: 9 | N12: =N11+3 -> 75.1
A13: =A12+1 -> 10 | B13: =B12+12.6 -> 147 | D13: =D12+1 -> 10 | E13: =E12+12.6 -> 147 | G13: =G12+1 -> 10 | H13: =H12+18.5 -> 216 | J13: =J12+1 -> 10 | K13: =K12+20.3 -> 236.6 | M13: 10 | N13: =N12+3 -> 78.1
A14: =A13+1 -> 11 | B14: =B13+12.6 -> 159.6 | D14: =D13+1 -> 11 | E14: =E13+12.6 -> 159.6 | G14: =G13+1 -> 11 | H14: =H13+18.5 -> 234.5 | J14: =J13+1 -> 11 | K14: =K13+20.3 -> 256.9 | M14: 11 | N14: =N13+3 -> 81.1
A15: =A14+1 -> 12 | B15: =B14+12.6 -> 172.2 | D15: =D14+1 -> 12 | E15: =E14+12.6 -> 172.2 | G15: =G14+1 -> 12 | H15: =H14+18.5 -> 253 | J15: =J14+1 -> 12 | K15: =K14+20.3 -> 277.2 | M15: 12 | N15: =N14+3 -> 84.1
A16: =A15+1 -> 13 | B16: =B15+12.6 -> 184.8 | D16: =D15+1 -> 13 | E16: =E15+12.6 -> 184.8 | G16: =G15+1 -> 13 | H16: =H15+18.5 -> 271.5 | J16: =J15+1 -> 13 | K16: =K15+20.3 -> 297.5 | M16: 13 | N16: =N15+3 -> 87.1
A17: =A16+1 -> 14 | B17: =B16+12.6 -> 197.4 | D17: =D16+1 -> 14 | E17: =E16+12.6 -> 197.4 | G17: =G16+1 -> 14 | H17: =H16+18.5 -> 290 | J17: =J16+1 -> 14 | K17: =K16+20.3 -> 317.8 | M17: 14 | N17: =N16+3 -> 90.1
A18: =A17+1 -> 15 | B18: =B17+12.6 -> 210 | D18: =D17+1 -> 15 | E18: =E17+12.6 -> 210 | G18: =G17+1 -> 15 | H18: =H17+18.5 -> 308.5 | J18: =J17+1 -> 15 | K18: =K17+20.3 -> 338.1 | M18: 15 | N18: =N17+3 -> 93.1
A19: =A18+1 -> 16 | B19: =B18+12.6 -> 222.6 | D19: =D18+1 -> 16 | E19: =E18+12.6 -> 222.6 | G19: =G18+1 -> 16 | H19: =H18+18.5 -> 327 | J19: =J18+1 -> 16 | K19: =K18+20.3 -> 358.4 | M19: 16 | N19: =N18+3 -> 96.1
A20: =A19+1 -> 17 | B20: =B19+12.6 -> 235.2 | D20: =D19+1 -> 17 | E20: =E19+12.6 -> 235.2 | G20: =G19+1 -> 17 | H20: =H19+18.5 -> 345.5 | J20: =J19+1 -> 17 | K20: =K19+20.3 -> 378.7 | M20: 17 | N20: =N19+3 -> 99.1
... A33: =A32+1 -> 30 | B33: =B32+12.6 -> 399 | D33: =D32+1 -> 30 | E33: =E32+12.6 -> 399 | G33: =G32+1 -> 30 | H33: =H32+18.5 -> 586 | J33: =J32+1 -> 30 | K33: =K32+20.3 -> 642.6 | M33: 30 | N33: =N32+3 -> 138.1
A34: =A33+1 -> 31 | B34: =B33+10.5 -> 409.5 | D34: =D33+1 -> 31 | E34: =E33+10.5 -> 409.5 | G34: =G33+1 -> 31 | H34: =H33+15.4 -> 601.4 | J34: =J33+1 -> 31 | K34: =K33+16.9 -> 659.5 | M34: 31 | N34: =N33+3 -> 141.1
A35: =A34+1 -> 32 | B35: =B34+10.5 -> 420 | D35: =D34+1 -> 32 | E35: =E34+10.5 -> 420 | G35: =G34+1 -> 32 | H35: =H34+15.4 -> 616.8 | J35: =J34+1 -> 32 | K35: =K34+16.9 -> 676.4 | M35: 32 | N35: =N34+3 -> 144.1
A36: =A35+1 -> 33 | B36: =B35+10.5 -> 430.5 | D36: =D35+1 -> 33 | E36: =E35+10.5 -> 430.5 | G36: =G35+1 -> 33 | H36: =H35+15.4 -> 632.2 | J36: =J35+1 -> 33 | K36: =K35+16.9 -> 693.3 | M36: 33 | N36: =N35+3 -> 147.1
A37: =A36+1 -> 34 | B37: =B36+10.5 -> 441 | D37: =D36+1 -> 34 | E37: =E36+10.5 -> 441 | G37: =G36+1 -> 34 | H37: =H36+15.4 -> 647.6 | J37: =J36+1 -> 34 | K37: =K36+16.9 -> 710.2 | M37: 34 | N37: =N36+3 -> 150.1
A38: =A37+1 -> 35 | B38: =B37+10.5 -> 451.5 | D38: =D37+1 -> 35 | E38: =E37+10.5 -> 451.5 | G38: =G37+1 -> 35 | H38: =H37+15.4 -> 663 | J38: =J37+1 -> 35 | K38: =K37+16.9 -> 727.1 | M38: 35 | N38: =N37+3 -> 153.1
A39: =A38+1 -> 36 | B39: =B38+10.5 -> 462 | D39: =D38+1 -> 36 | E39: =E38+10.5 -> 462 | G39: =G38+1 -> 36 | H39: =H38+15.4 -> 678.4 | J39: =J38+1 -> 36 | K39: =K38+16.9 -> 744 | M39: 36 | N39: =N38+3 -> 156.1
A40: =A39+1 -> 37 | B40: =B39+10.5 -> 472.5 | D40: =D39+1 -> 37 | E40: =E39+10.5 -> 472.5 | G40: =G39+1 -> 37 | H40: =H39+15.4 -> 693.8 | J40: =J39+1 -> 37 | K40: =K39+16.9 -> 760.9 | M40: 37 | N40: =N39+3 -> 159.1
A41: =A40+1 -> 38 | B41: =B40+10.5 -> 483 | D41: =D40+1 -> 38 | E41: =E40+10.5 -> 483 | G41: =G40+1 -> 38 | H41: =H40+15.4 -> 709.2 | J41: =J40+1 -> 38 | K41: =K40+16.9 -> 777.8 | M41: 38 | N41: =N40+3 -> 162.1
A42: =A41+1 -> 39 | B42: =B41+10.5 -> 493.5 | D42: =D41+1 -> 39 | E42: =E41+10.5 -> 493.5 | G42: =G41+1 -> 39 | H42: =H41+15.4 -> 724.6 | J42: =J41+1 -> 39 | K42: =K41+16.9 -> 794.7 | M42: 39 | N42: =N41+3 -> 165.1
A43: =A42+1 -> 40 | B43: =B42+10.5 -> 504 | D43: =D42+1 -> 40 | E43: =E42+10.5 -> 504 | G43: =G42+1 -> 40 | H43: =H42+15.4 -> 740 | J43: =J42+1 -> 40 | K43: =K42+16.9 -> 811.6 | M43: 40 | N43: =N42+3 -> 168.1
A44: =A43+1 -> 41 | B44: =B43+10.5 -> 514.5 | D44: =D43+1 -> 41 | E44: =E43+10.5 -> 514.5 | G44: =G43+1 -> 41 | H44: =H43+15.4 -> 755.4 | J44: =J43+1 -> 41 | K44: =K43+16.9 -> 828.5 | M44: 41 | N44: =N43+3 -> 171.1
A45: =A44+1 -> 42 | B45: =B44+10.5 -> 525 | D45: =D44+1 -> 42 | E45: =E44+10.5 -> 525 | G45: =G44+1 -> 42 | H45: =H44+15.4 -> 770.8 | J45: =J44+1 -> 42 | K45: =K44+16.9 -> 845.4 | M45: 42 | N45: =N44+3 -> 174.1
... A303: =A302+1 -> 300 | B303: =B302+10.5 -> 3234 | D303: =D302+1 -> 300 | E303: =E302+10.5 -> 3234 | G303: =G302+1 -> 300 | H303: =H302+15.4 -> 4744 | J303: =J302+1 -> 300 | K303: =K302+16.9 -> 5205.6 | M303: 200 | N303: =N302+3 -> 948.1

Sheet SPC
A1: SPECIFICATION REPORT
E3: Estt. Cost Rs. : | F3: 2.00 Lakhs
B5: The above administratively sanctioned for Rs 2.00 lakhs vide Procdg No GP Resulation of GP _________________ under GP Grant . Accordingly the detailed estimate is prepared for laying of Under ground pipe line of 600 mm dia suitable popualtion of _____ as per the census 2001 and designed for period of 20 years period
A7: 1 | B7: Earth work excavation and depositing on bank with initial lead of 10m and initial lift of 2m in Loamy and Clayey Soils like B.C. Soils, red earth & Ordinary Gravel (SS 20-B) including shoring, strutting, sheeting, planking and dewatering including cost of hire charges of T & P, labour charges etc., complete for finished item of work for Foundation of Building.(APSS No. 308)
A8: 2 | B8: MANUFACTURE, SUPPLY AND DELIVERY OF R.C.C. SOCKET AND SPIGOT PIPESOF 600 MM DIA CONFORMING TO B.I.S. 458/2003 AT EX-FACTORY (RATE PER METER OF EFFECTIVE LENGTH) EXCLUDING TRANSPORTATION, TAXES & DUTIES. Of Non Pressure pipes
A9: 3 | B9: Lowering the RCC S/S pipes carefully into the trenches laying them true to alignment and gradient, jointing with rubber rings and testing including filling with water with a water lead upto 500 meters including cost of rubber rings as per BIS No. 783/1985
A10: 4 | B10: Filling excavated trenches ,with excavated soils in layers 15 cm thick consolidatiing each depposited layer by watering and rampping including cost and conveyance of water to work site and all operational incidental ,labour charges hire charges and T & O Complete for finished item
A11: 5 | B11: Constructon of 1.0 M Circular Sewer Man hole of 1.20 mts x 0.55 m of 1.0 M depths with Fly ash cement sloid bricks in cm 1:6 prop and corbelling too including cc bed ( 1: 4 : 8 ) prop using 40 mm gauge HG Metal 0.10 mt thick and CC (1:2:4) Prop benching / chanelling,internal plastreng with 20 mm thick cm 1:4 and External Plasterng with 12mm thick CM (1:4) with fine rendering including cost and fixing of CI steps and fixing FC/ CI cover and frame but excluding the cost of cover and frame, including the cost and conveyance of all materials at site complete and curing for 21 days complete all taxes seignarage charges as per specification etc complete. 0.70 m, 0.80m ,0.90m 1.0m ,1..50 m ,1.70m ,2.0m depths
A12: =A11+1 -> 6 | B12: Manufacture as per BIS:12592 (Part 1&2) Supply & Delivery of manhole covers and frames with ISI marking anywhere in A.P., F.O.R. destination including, loading, un-loading & stacking at site but excluding central excise duty, sales tax, octroi and other Govt levies etc., as applicable. I.S.I Mark
A13: 9 | B13: Provision for VAT @4%
A14: =A13+1 -> 10 | B14: Add 0.50% Q.C
A15: 29 | B15: =[41]EST!C102 -> S&F of MS Name board of size 2'.6"x4' including painting and required lettering
B17: The estimate is prepared with SSR 2016-17 and submitted for according technical sanction.
B21: =Lead!$B$47 -> 0 | E21: =Lead!K47 -> 0
B22: =Lead!$B$48 -> 0 | E22: =Lead!$K$48 -> 0
B26: =Lead!$R$47 -> 0
B27: =Lead!$R$48 -> 0
A30: 18
A31: 19
A32: 20

Sheet EXTRA SHEET
B4: Index-code | C4: S No | D4: Description | E4: Unit | F4: Quantity | G4: Rate Rs. | H4: Amount Rs.
D7: RBR-FNDN-1- (IV) - Hard rock (blasting prohibited) -up to 3.00Mts. below GL: Excavation in Hard Rock in habitant areas where conventional blasting can not be done for Pipe line trenches as per drawings and technical specifications including setting out, construction of shoring and bracing, removal of stumps and other deleterious material , dressing of sides and bottom as per Technical Specification 305 MoRD / 304 MoRTH and as directed by the departmental officer including protecting the existing utility services wherever it is possible during the execution and taking all precautionary measures in the restricted areas for laying sewer/water pipe lines including divertion of traffic and disposal of rock upto a lead of 50 m, including all incidental and operational charges etc., complete
E8: out put | F8: 10 | G8: Cum
D9: a) Labour
D10: Mate ( Labour- R&B-S.N.71) | E10: 0 | F10: Nos | G10: 468.8 | H10: 1 | I10: Nos | J10: 0
D11: Mazdoor (Labour-Irrigation-Unskilled-Sn.3) | E11: 5.2 | F11: Nos | G11: 400 | H11: 1 | I11: Nos | J11: 2080
D12: b) Machinery
D13: Air compressor 210 cfm / 250 cfm with 2 jack hammers ( Hire charges- Irrigation-S.N.3) | E13: 6 | F13: hour | G13: 1145.1 | H13: 1 | I13: hour | J13: 6870.6
D14: sub total ; a+b | J14: 8950.6
D15: c&d) Overheads & Contractors Profit | E15: 0.13615 | J15: 1218.62
D16: Cost for 10 cum = a+b+c+d | J16: 10169.22
D17: Rate per cum = a+b+c+d+e)/10 | J17: 1016.92
D18: VAT & Labour cess. | E18: 0 | J18: 0
D19: Rate per 1 Cum excluding Dewatering | J19: 1016.92
D22: BLD-CSTN-2-8 (16): Collection ,Supply and filling of Stone dust from approved quarry to work site and stacking at work site to Dept. gauge for premeasurements including cost and convenyance of all material and all labour charges etc. complete as per standard specifications. Clause 305.3.9 MORD & 304 MORTH
D23: Stone dust Filling | E23: out put | F23: Cum
D24: a) Material
D25: Stone dust Filling (C-Mat-Lead statement-S.No.23) | E25: 1 | F25: 495.27 | G25: Cum | H25: 495.27
D26: b) Labour
D27: Mate ( Labour- R&B-S.N.71) | E27: 0 | F27: 468.8 | G27: Nos | H27: 0
D28: Mazdoor (Labour-Irrigation-Unskilled-Sn.3) | E28: 0.31 | F28: 400 | G28: Nos | H28: 124
D29: Sub Total | H29: 619.27
D30: b&c) Overheads & Contractors Profit | E30: 0.13615 | H30: 84.31
D31: Cost for 6 cum = a+b+c | H31: 703.58
D32: Rate per cum = (a+b+c)/6 | H32: 703.58
D33: VAT & Labour cess. | E33: 0 | H33: 0
D34: Rate per 1 Cum | H34: 703.58
D41: Carting of surplus excavated rock from the site to a distance suitable including loading, unloading charges, cost & conveyance, dumping, labour charges, all leads & lifts and other incidental and operational charges etc., complete.
D42: Rock/CC
D43: Page No.328 of SSR, Conveyance rates - 5.00 Km | E43: 1 | F43: 82.7 | G43: Cum | H43: 82.7
D44: VAT & Labour cess. | E44: 0 | H44: 0
D45: Rate per 1 Cum | G45: Rs | H45: 82.7
D48: BLD-CSTN-3-11-(28) Using Concrete mixture up to Plinth Level : Plain Cement concrete nominal mix m-20 (Cement : fine aggregate: coarse aggregate ) using 20mm size Hard Granite Machine Crushed Graded Metal including cost and conveyance of all materials like cement, sand, coarse aggregate water etc., to site , seigniorage charges on all materials, labour charges , for mixing , laying, concrete , ramming in 15 cm layers, finishing top surface to the required level curing etc., complete for finished item of work with nomonal reinforcement
D49: Unit : 1cum
D50: A. MATERIALS:
D51: Cement-(ENC-PH.Memo.No.146/Cement&Steel / T1 | E51: 330 | F51: 5.62 | G51: Kg | H51: 1854.6
D52: Coarse aggregate 20mm graded | E52: 0.9 | F52: 1348.27 | G52: Cum | H52: 1213.44
D53: Sand (C-Mat-Lead statement-S.No.1) | E53: 0.45 | F53: 991.9 | G53: Cum | H53: 446.36
D54: Water (including for curing) -M-189-b. irrigation SSR | E54: 1.2 | F54: 103 | G54: Kl | H54: 123.6
D55: Concrete Mixer 10 / 7 cft (0.2 / 0.8 cum) capacity | E55: 1 | F55: 338.6 | G55: hour | H55: 338.6
D56: B. LABOUR:
D57: Mason 1st class (labour-Irrigation.S.N.11) | E57: 0.1 | F57: 525 | G57: day | H57: 52.5
D58: Mazdoor (Labour-Irrigation-Unskilled-Sn.3) | E58: 1.39 | F58: 400 | G58: day | H58: 556
D59: Sub - Total | G59: Rs | H59: 4585.1
